 Dungeon Crawl Stone Soup version 0.31-a0-675-g238779eb0a (webtiles) character file.

Game seed: 14788036989450533260

11518041 scionoferis the Smokeless Flame (level 27, 225/228 HPs)
             Began as a Djinni Conjurer on Aug 29, 2023.
             Was the Champion of Makhleb.
             Escaped with the Orb
             ... and 15 runes on Sept 5, 2023!
             The game lasted 19:17:04 (144402 turns).

scionoferis the Smokeless Flame (Djinni Conjurer) Turns: 144402, Time: 19:17:05

Health: 225/228    AC: 26    Str: 10    XL:     27
Gold:   13537      EV: 29    Int: 40    God:    Makhleb [******] SH: 34 Dex: 22

rFire   + + +        a - staff "Omirghuzu" {Int+4 Conj}
rCold   + . .        A - +8 tower shield {AC+3}
rNeg    + . .        t - +6 ring mail of the Treeataur {rC+ Regen+ SInv}
rPois   ∞            O - -2 hat of the Alchemist {rElec rPois rF+ rC+ rN+ Will+ rMut rCorr}
rElec   +            w - +2 cloak {Stlth+}
rCorr   +            I - +2 pair of gloves {hurl}
SInv    +            (boots unavailable)
Will    ++++.        U - amulet "Fiq Quvu" {Regen+ Int+2}
Stlth   ++++         u - +6 ring of dexterity
HPRegen 2.18/turn    S - ring of Neur {rPois rF+ Will+ rCorr Int+6 Dex+2}
MPRegen 0.00/turn

%: resist mutation
@: flying, hasted, studying 4 skills, very quick
A: sickness immunity, fire resistance 2, cold vulnerability 1, float, innate
caster, HP casting, extra vitality 1, MP-powered wands, noise suppression
0: Orb of Zot
}: 15/15 runes: serpentine, barnacled, slimy, silver, golden, iron, obsidian,
icy, bone, abyssal, demonic, glowing, magical, fiery, dark
a: Renounce Religion, Minor Destruction, Lesser Servant of Makhleb, Major
Destruction, Greater Servant of Makhleb


You escaped.
You worshipped Makhleb.
Makhleb was exalted by your worship.
You visited 18 branches of the dungeon, and saw 87 of its levels.
You visited Pandemonium 4 times, and saw 19 of its levels.
You visited the Abyss 14 times.
You visited 1 bazaar.
You completed 1 ziggurat, and saw 27 of its levels.
You also visited: Ossuary, Gauntlet, Ice Cave, Volcano and Wizlab.

You collected 23450 gold pieces.
You spent 9913 gold pieces at shops.


Innate Abilities, Weirdness & Mutations

You are immune to sickness and miasma.
You are immune to poison.
Your flesh is very heat resistant. (rF++)
You are vulnerable to cold. (rC-)
You float through the air rather than walking.
You learn spells naturally, not from books.
Your magical power is your life essence.
You have superior vitality. (+4 MHP)
You expend health (3 HP) to strengthen your wands.
You passively dampen the noise of your surroundings.


   Skills:
 O Level 27 Fighting
 * Level 16.5 Short Blades
 - Level 10.7(12.0) Maces & Flails
 - Level 9.5(12.0) Staves
 - Level 22.0 Throwing
 + Level 25.2 Armour
 + Level 26.7 Dodging
 + Level 26.3 Stealth
 + Level 26.0 Shields
 O Level 27 Spellcasting
 O Level 27 Conjurations
 O Level 27 Hexes
 O Level 27 Summonings
 O Level 27 Necromancy
 O Level 27 Translocations
 O Level 27 Transmutations
 O Level 27 Fire Magic
 O Level 27 Ice Magic
 O Level 27 Air Magic
 O Level 27 Earth Magic
 O Level 27 Poison Magic
 + Level 23.7 Evocations
 - Level 23.0 Shapeshifting


You knew the following spells:

 Your Spells              Type           Power      Damage    Failure   Level
a - Magic Dart            Conj           100%       1d8       0%          1
b - Searing Ray           Conj           100%       2d8       0%          2
c - Dazzling Flash        Conj/Hex       100%       N/A       0%          3
d - Fulminant Prism       Conj/Hex       79%        3d31      0%          4
e - Iskenderun's Mystic   Conj/Tloc      100%       2d19      0%          4
f - Foxfire               Conj/Fire      100%       2x1d9     0%          1
g - Static Discharge      Conj/Air       100%       2-7/arc   0%          2
h - Scorch                Fire           100%       2d9       0%          2
i - Passage of Golubria   Tloc           100%       N/A       0%          4
j - Dispel Undead         Necr           100%       3d31      0%          4
k - Borgnjor's Vile Clut  Necr/Erth      66%        N/A       0%          5
l - Death Channel         Necr           66%        N/A       0%          6
m - Dispersal             Tloc           66%        N/A       0%          6
n - Summon Cactus Giant   Summ           66%        N/A       0%          6
o - Infestation           Necr           66%        N/A       1%          8
p - Discord               Hex            66%        N/A       1%          8
q - Ignition              Fire           66%        3d18      1%          8
r - Shatter               Erth           66%        3d49*     1%          9
Your spell library was empty.

Inventory:

Hand Weapons
 b - a +9 antimagic demon whip
   (You took it off a balrug on level 2 of the Depths)
 d - a +9 dagger of speed
   (You found it on level 5 of the Pits of Slime)
 m - the +13 sceptre of Asmodeus
   (You took it off Asmodeus on level 7 of Gehenna)

   Fire Summon: It may summon demons of flame and damnation when striking foes.
 B - the +8 hand axe of Arbitration {flame, +Blink rF+ Str+2}
   (You found it on level 13 of a ziggurat)

   Str+2:     It affects your strength (+2).
   rF+:       It protects you from fire.
   +Blink:    It lets you blink.
Missiles
 i - 16 javelins
 q - 39 silver javelins
 x - 11 curare-tipped darts
 K - 8 throwing nets (quivered)
 N - 93 boomerangs
Armour
 t - the +6 ring mail of the Treeataur (worn) {rC+ Regen+ SInv}
   (You took it off a deep elf high priest on level 3 of the Elven Halls)

   rC+:       It protects you from cold.
   SInv:      It lets you see invisible.
   Regen+:    It increases your rate of health regeneration.
 w - a +2 cloak of stealth (worn)
   (You bought it in a shop on level 5 of the Vaults)
 A - a +8 tower shield of protection (worn)
   (You took it off a daeva in Pandemonium)
 I - a +2 pair of gloves of hurling (worn)
   (You found it in a Gauntlet)
 O - the -2 hat of the Alchemist (worn) {rElec rPois rF+ rC+ rN+ Will+ rMut rCorr}
   (You found it on level 26 of a ziggurat)

   rF+:       It protects you from fire.
   rC+:       It protects you from cold.
   rElec:     It insulates you from electricity.
   rPois:     It protects you from poison rN+: It protects you from negative
   energy.
   Will+:     It increases your willpower.
   rCorr:     It protects you from acid and corrosion.
   rMut:      It protects you from mutation.
Magical Staves
 a - the staff "Omirghuzu" (weapon) {Int+4 Conj}
   (You found it on level 2 of the Lair of Beasts)

   [staff of conjuration]

   Base accuracy: +5 Base damage: 5 Base attack delay: 1.2 This weapon's minimum
   attack delay (0.6) is reached at skill level 12.
   Int+4:     It affects your intelligence (+4).
   Conj:      It increases the power of your Conjurations spells.
   It falls into the 'Staves' category.
   It is a one-handed weapon.
 e - a staff of earth
   (You found it on level 5 of the Pits of Slime)
Jewellery
 g - a ring of protection from fire
   (You found it on level 7 of Gehenna)
 u - a +6 ring of dexterity (left hand)
   (You found it on level 4 of the Depths)
 y - a +6 ring of strength
   (You found it on level 15 of the Dungeon)
 M - the ring "Kunia" {Int+6 Dex+2}
   (You found it in Pandemonium)

   [ring of intelligence]

   Int+6:     It affects your intelligence (+6).
   Dex+2:     It affects your dexterity (+2).
 Q - the ring of Shadows {Umbra +Inv Stlth+}
   (You found it on level 6 of a ziggurat)

   [ring of stealth]

   Umbra:     It surrounds you with an aura of shadow, increasing your stealth
   and reducing the accuracy of all others within it.
   +Inv:      It lets you turn invisible.
   Stlth+:    It makes you more stealthy.
 S - the ring of Neur (right hand) {rPois rF+ Will+ rCorr Int+6 Dex+2}
   (You found it on level 4 of a ziggurat)

   [ring of intelligence]

   Int+6:     It affects your intelligence (+6).
   Dex+2:     It affects your dexterity (+2).
   rF+:       It protects you from fire.
   rPois:     It protects you from poison Will+: It increases your willpower.
   rCorr:     It protects you from acid and corrosion.
 U - the amulet "Fiq Quvu" (around neck) {Regen+ Int+2}
   (You acquired it on level 25 of a ziggurat)

   [amulet of regeneration]

   Int+2:     It affects your intelligence (+2).
   Regen+:    It increases your rate of health regeneration.
Talismans
 k - a talisman of death
   (You found it on level 3 of the Elven Halls)
Wands
 l - a wand of roots (210)
   (You found it on level 10 of the Dungeon)
 r - a wand of mindburst (106)
   (You took it off an efreet on level 11 of the Dungeon)
 C - a wand of digging (85)
   (You found it on level 5 of the Dungeon)
 G - a wand of light (94)
   (You found it on level 4 of the Lair of Beasts)
 Z - a wand of charming (32)
   (You found it in Pandemonium)
Scrolls
 z - 9 scrolls of blinking
 E - 23 scrolls of fog
 J - a scroll of poison
 P - 53 scrolls of teleportation
 R - 8 scrolls of summoning
 X - 15 scrolls of revelation
Potions
 f - 38 potions of mutation
 h - 40 potions of curing
 j - 15 potions of haste
 o - 11 potions of enlightenment
 p - 26 potions of heal wounds
 v - 6 potions of cancellation
 D - 10 potions of resistance
 W - 3 potions of invisibility
 Y - 11 potions of brilliance
Miscellaneous
 c - a condenser vane
   (You found it on level 2 of the Vaults)
 n - a phantom mirror
   (You found it on level 4 of the Snake Pit)
 s - a box of beasts
   (You bought it in a shop on level 5 of the Dungeon)
 F - a lightning rod (4/4)
   (You found it on level 15 of the Dungeon)
 H - a phial of floods
   (You found it in a Gauntlet)
 T - the horn of Geryon
   (You took it off Geryon in the Vestibule of Hell)
 V - a +1 figurine of a ziggurat

Dungeon Overview and Level Annotations

Branches:
Dungeon (15/15)            Temple (1/1) D:6            Lair (5/5) D:10
 Shoals (4/4) Lair:3        Snake (4/4) Lair:3        Slime (5/5) Lair:5
    Orc (2/2) D:12            Elf (3/3) Orc:2        Vaults (5/5) D:13
  Crypt (3/3) Vaults:2       Tomb (3/3) Crypt:3      Depths (4/4) D:15
   Hell (visited)             Dis (7/7) Hell            Geh (7/7) Hell
    Coc (7/7) Hell            Tar (7/7) Hell            Zot (5/5) Depths:4
Ossuary (visited)           IceCv (visited)         Volcano (visited)
 WizLab (visited)         Gauntlet (visited)

Altars:
Ashenzari
Cheibriados
Dithmenos
Elyvilon
Fedhas
Gozag
Hepliaklqana
Makhleb
Nemelex Xobeh
Okawaru
Qazlal
Ru
Trog
Uskayaw
Wu Jian
Xom
Yredelemnul
Zin
The Shining One
Jiyva

Shops:
D:5 ??*[   Orc:2 [:*(   Elf:1 **   Shoals:1 *   Shoals:4 *   Snake:1 [[(
Snake:4 =   Vaults:4 ?   Vaults:5 ?[[:!*!   Depths:1 [?*   Depths:3 *(

Portals:
Hell: Depths:1 Depths:2 Depths:3 Depths:4
Abyss: Depths:3 Depths:4
Pandemonium: Depths:2
Ziggurat: Geh:7

..).......................>##.#.#
#........###......#.###.##.##.#.#
#........# #.....2#...#.##.##.#..
.........# #......###.#.##.##.###
#........# #..........#.##.##.#
#........###....&.#####.##.##.#
########..#..##.......#.##.##.#
##.......#...#...#.##.#.##.##.#
##.########.#⌠§≈@..##.#.##.##.#
..........#..≈§≈...##.#.##.##.#
..........#..≈≈≈...##.#.##.##.#
..........#.#≈≈.#..##.#.##....#
..........#.#≈..##.##.#.#######
#.........#........##.#.....#
#[........#.#⌠.....'..#####.#
............#......#..# #.#
÷...........#....#.##.# #.#


You could see Telesk and a blizzard demon.


Message History

There is a huge open gate here.
There is a huge open gate here.
There is a huge open gate here.
There is a huge open gate here.
There is a huge open gate here.
You reach down and open the huge gate.
A balrug comes into view.
It is wielding a +2 demon whip of electrocution.
Found 94 gold pieces, a ring of protection from fire and a runed helmet.
A Brimstone Fiend comes into view.
There is a huge open gate here.
Found 120 gold pieces.
There is a huge open gate here.
The balrug shouts!
The Brimstone Fiend roars!
You block the Brimstone Fiend's attack. x3; You block the balrug's attack.
You see here 3 gold pieces.
You hit the Brimstone Fiend but do no damage.
Casting: Summon Cactus Giant (safe; 0% risk of failure)
Confirm with . or Enter, or press ? or * to list all spells.
You erupt in a blast of force!
The mystic blast hits the Brimstone Fiend but does no damage.
The mystic blast hits the balrug!
The balrug is lightly wounded.
The balrug is knocked back by the mystic blast.
You block the Brimstone Fiend's attack.
The Brimstone Fiend completely misses you. x2
Unknown command.
Unknown command.
Casting: Iskenderun's Mystic Blast (safe; 0% risk of failure)
Confirm with . or Enter, or press ? or * to list all spells.
You erupt in a blast of force!
The mystic blast hits the Brimstone Fiend!
The Brimstone Fiend is lightly wounded.
The Brimstone Fiend is knocked back by the mystic blast.
The Brimstone Fiend slams into the stone wall!
The Brimstone Fiend is moderately wounded.
The mystic blast hits the balrug!!
The balrug is heavily wounded.
The balrug is knocked back by the mystic blast.
Unknown command.
Unknown command.
Casting: Iskenderun's Mystic Blast (safe; 0% risk of failure)
Confirm with . or Enter, or press ? or * to list all spells.
You erupt in a blast of force!
The mystic blast hits the balrug!!
The balrug is severely wounded.
The balrug is knocked back by the mystic blast.
The balrug slams into the stone wall!
The balrug is almost dead.
The mystic blast hits the Brimstone Fiend!
The Brimstone Fiend is moderately wounded.
The Brimstone Fiend is knocked back by the mystic blast.
The Brimstone Fiend slams into the stone wall!
The balrug gestures at you. You block the sticky flame.
You block the Brimstone Fiend's attack. x2
The Brimstone Fiend closely misses you.
You feel clever.
a - the staff "Omirghuzu" (weapon)
{Int+4 Conj} The balrug gestures at you.
The fireball explodes!
The fireball engulfs you. You resist.
The fireball engulfs the Brimstone Fiend.
The Brimstone Fiend completely resists.
You block the Brimstone Fiend's attack. The Brimstone Fiend barely misses you.
The Brimstone Fiend misses you. The balrug gestures at you.
The bolt of fire hits you. You resist.
Casting: Iskenderun's Mystic Blast (safe; 0% risk of failure)
Confirm with . or Enter, or press ? or * to list all spells.
You block the Brimstone Fiend's attack.
The Brimstone Fiend hits you but does no damage.
The Brimstone Fiend completely misses you.
The balrug gestures at you. Something smites you!
You hit the Brimstone Fiend but do no damage.
You blast the Brimstone Fiend!!
The Brimstone Fiend is severely wounded.
You block the Brimstone Fiend's attack. x3
The balrug hits you with a +2 demon whip of electrocution.
You are engulfed in flames.
You resist.
You completely miss the Brimstone Fiend.
The Brimstone Fiend is severely wounded.
You hit the Brimstone Fiend.
The Brimstone Fiend decays.
You blast the Brimstone Fiend!
The Brimstone Fiend is severely wounded.
You block the balrug's attack.
You block the Brimstone Fiend's attack. x2
The Brimstone Fiend completely misses you.
You hit the Brimstone Fiend but do no damage.
You blast the Brimstone Fiend.
The Brimstone Fiend is severely wounded.
The balrug gestures at you. Something smites you!
You hit the Brimstone Fiend but do no damage.
You blast the Brimstone Fiend!
The Brimstone Fiend is almost dead.
The balrug hits you with a +2 demon whip of electrocution!
You are engulfed in flames.
You resist.
Your cactus giant hits the Brimstone Fiend but does no damage.
You hit the Brimstone Fiend.
The Brimstone Fiend decays.
The Brimstone Fiend is almost dead.
You block the Brimstone Fiend's attack. x2; The Brimstone Fiend misses you.
You barely miss the Brimstone Fiend.
The Brimstone Fiend is almost dead.
The balrug gestures at you. You block the sticky flame.
You barely miss the Brimstone Fiend.
The Brimstone Fiend is almost dead.
The balrug gestures at you. The bolt of fire misses you.
The bolt of fire hits your cactus giant!!
The Brimstone Fiend hits you but does no damage.
You block the Brimstone Fiend's attack. The Brimstone Fiend closely misses you.
You barely miss the Brimstone Fiend.
The Brimstone Fiend is almost dead.
You block the balrug's attack.
You hit the Brimstone Fiend but do no damage.
You blast the Brimstone Fiend!!
You kill the Brimstone Fiend!
Makhleb accepts your kill.
You feel better.
You hit the balrug.
The balrug decays.
You blast the balrug!
The balrug is almost dead.
The balrug gestures at you. You block the sticky flame.
You hit the balrug but do no damage.
You blast the balrug.
The balrug is almost dead.
Your cactus giant hits the balrug with a +0 giant spiked club!
The balrug dies!
Makhleb accepts your kill.
g - a ring of protection from fire You see here a +2 demon whip of electrocution.
You see here a +1 helmet of see invisible.
You now have 12476 gold pieces (gained 30).
You now have 12485 gold pieces (gained 9).
You swap places.
You now have 12530 gold pieces (gained 45).
You now have 12566 gold pieces (gained 36).
You now have 12569 gold pieces (gained 3).
You now have 12616 gold pieces (gained 47).
You now have 12635 gold pieces (gained 19).
You now have 12660 gold pieces (gained 25).
Your cactus giant disappears in a puff of smoke!
Your hands tingle!
d - a +9 dagger of speed (weapon)
You reach down and open the huge gate.
A salamander tyrant comes into view.
There is a huge open gate here.
There is a huge open gate here.
The helpless salamander tyrant fails to defend itself.
You spit the salamander tyrant like a pig!!!!!!
You kill the salamander tyrant!
Makhleb accepts your kill.
There is a huge open gate here.
There is a huge open gate here.
There is a huge open gate here.
There is a huge open gate here.
There is a huge open gate here.
There is a huge open gate here.
There is a huge open gate here.
There is a huge open gate here.
There is a huge open gate here.
There is a huge open gate here.
There is a huge open gate here.
There is a huge open gate here.
There is a huge open gate here.
There is a huge open gate here.
There is a huge open gate here.
There is a huge open gate here.
There is a huge open gate here.
There is a huge open gate here.
You reach down and open the huge gate.
A salamander tyrant comes into view.
There is a huge open gate here.
There is a huge open gate here.
The helpless salamander tyrant fails to defend itself.
You stick the salamander tyrant like a pincushion!!!!!!
You kill the salamander tyrant!
Makhleb accepts your kill.
You reach down and open the huge gate.
A searing wretch comes into view.
There is a huge open gate here.
There is a huge open gate here.
The searing wretch barely misses you.
You block the searing wretch's attack. x2
You hit the searing wretch.
The searing wretch decays.
The searing wretch is lightly damaged.
You feel clever.
a - the staff "Omirghuzu" (weapon)
{Int+4 Conj} You hit the searing wretch.
The searing wretch decays.
You blast the searing wretch!!
The searing wretch is moderately damaged.
You closely miss the searing wretch.
The searing wretch is moderately damaged.
The searing wretch completely misses you.
The searing wretch closely misses you.
The searing wretch bites you but does no damage.
You hit the searing wretch!
The searing wretch decays.
You blast the searing wretch!!
The searing wretch is heavily damaged.
You hit the searing wretch.
The searing wretch decays.
You blast the searing wretch!!
The searing wretch is severely damaged.
You barely miss the searing wretch.
The searing wretch is severely damaged.
You block the searing wretch's attack. x2
The searing wretch bites you but does no damage.
You closely miss the searing wretch.
The searing wretch is heavily damaged.
You hit the searing wretch.
The searing wretch decays.
You blast the searing wretch!
The searing wretch is severely damaged.
You block the searing wretch's attack. x3
You barely miss the searing wretch.
The searing wretch is severely damaged.
You hit the searing wretch.
The searing wretch decays.
You blast the searing wretch!
The searing wretch is severely damaged.
You hit the searing wretch!
The searing wretch decays.
You blast the searing wretch!
The searing wretch is severely damaged.
You block the searing wretch's attack. x2
The searing wretch closely misses you.
You hit the searing wretch.
The searing wretch decays.
You blast the searing wretch!
The searing wretch is almost destroyed.
You hit the searing wretch.
The searing wretch decays.
You blast the searing wretch!
The searing wretch is almost destroyed.
You block the searing wretch's attack. x3
You hit the searing wretch but do no damage.
You blast the searing wretch!!
You destroy the searing wretch!
Makhleb accepts your kill.
Your hands tingle!
d - a +9 dagger of speed (weapon)
There is a huge open gate here.
There is a huge open gate here.
There is a huge open gate here.
There is a huge open gate here.
There is a huge open gate here.
There is a huge open gate here.
There is a huge open gate here.
There is a huge open gate here.
There is a huge open gate here.
There is a huge open gate here.
There is a huge open gate here.
There is a huge open gate here.
There is a huge open gate here.
There is a huge open gate here.
There is a huge open gate here.
There is a huge open gate here.
There is a huge open gate here.
There is a huge open gate here.
There is a huge open gate here.
There is a huge open gate here.
There is a huge open gate here.
There is a huge open gate here.
There is a huge open gate here.
You see here a salamander corpse.
You reach down and open the huge gate.
A searing wretch comes into view.
There is a huge open gate here.
There is a huge open gate here.
You block the searing wretch's attack. x2
The searing wretch closely misses you.
You feel clever.
a - the staff "Omirghuzu" (weapon)
{Int+4 Conj} You hit the searing wretch but do no damage.
You blast the searing wretch!!!
The searing wretch is moderately damaged.
The searing wretch completely misses you.
You block the searing wretch's attack. x2
You hit the searing wretch but do no damage.
You blast the searing wretch!
The searing wretch is moderately damaged.
You block the searing wretch's attack. The searing wretch misses you.
You block the searing wretch's attack.
You hit the searing wretch.
The searing wretch decays.
You blast the searing wretch!!
The searing wretch is heavily damaged.
You barely miss the searing wretch.
The searing wretch is heavily damaged.
You block the searing wretch's attack. x3
You hit the searing wretch but do no damage.
You blast the searing wretch!!!
The searing wretch is severely damaged.
You hit the searing wretch but do no damage.
You blast the searing wretch!!
The searing wretch is almost destroyed.
You hit the searing wretch but do no damage.
You blast the searing wretch!
The searing wretch is almost destroyed.
You block the searing wretch's attack. x3
You hit the searing wretch.
The searing wretch decays.
You blast the searing wretch!!
You destroy the searing wretch!
Makhleb accepts your kill.
Your hands tingle!
d - a +9 dagger of speed (weapon)
You reach down and open the huge gate.
A salamander tyrant comes into view.
There is a huge open gate here.
There is a huge open gate here.
A fire giant comes into view.
It is wielding a +0 great sword of flaming.
A salamander tyrant comes into view.
The helpless salamander tyrant fails to defend itself.
You skewer the salamander tyrant like a kebab!!!!!!
You kill the salamander tyrant!
Makhleb accepts your kill.
You see here a salamander corpse.
The helpless fire giant fails to defend itself.
You spit the fire giant like a pig!!!!!!
You kill the fire giant!
Makhleb accepts your kill.
Things that are here:
a +0 great sword of flaming; a fire giant corpse The helpless salamander tyrant fails to defend itself.
You perforate the salamander tyrant like a sieve!!!!!!
You kill the salamander tyrant!
Makhleb accepts your kill.
You see here a salamander corpse.
Things that are here:
a +0 great sword of flaming; a fire giant corpse You see here a salamander corpse.
You reach down and open the huge gate.
You reach down and open the huge gate.
A balrug and a Brimstone Fiend come into view.
The balrug is wielding a +1 vampiric demon whip.
Found 157 gold pieces, a glowing chain mail and a staff of fire.
There is a huge open gate here.
Casting: Summon Cactus Giant (safe; 0% risk of failure)
Confirm with . or Enter, or press ? or * to list all spells.
Aiming: Passage of Golubria (safe; 0% risk of failure)
Press: ? - help, Dir - move target Unknown command.
You enter the passage of Golubria.
Found 75 gold pieces.
There is a passage of Golubria here.
You see here 44 gold pieces.
The helpless Brimstone Fiend fails to defend itself.
You stick the Brimstone Fiend like a pincushion!!!!!!
You kill the Brimstone Fiend!
Makhleb accepts your kill.
The helpless balrug fails to defend itself.
You spit the balrug like a pig!!!!!!
You kill the balrug!
Makhleb accepts your kill.
You now have 12681 gold pieces (gained 21).
You now have 12706 gold pieces (gained 25).
You now have 12727 gold pieces (gained 21).
This passage doesn't lead anywhere!
You now have 12771 gold pieces (gained 44).
There is a passage of Golubria here.
You now have 12780 gold pieces (gained 9).
You now have 12822 gold pieces (gained 42).
You now have 12855 gold pieces (gained 33).
You now have 12892 gold pieces (gained 37).
You see here a staff of fire.
You see here a +2 chain mail of poison resistance.
This passage doesn't lead anywhere!
There is a passage of Golubria here.
There is a huge open gate here.
There is a huge open gate here.
You reach down and open the huge gate.
Your passage of Golubria closes with a snap!
There is a huge open gate here.
You see here a salamander corpse.
You reach down and open the huge gate.
A hellion comes into view.
Things that are here:
a +0 great sword of flaming; a fire giant corpse
Casting: Passage of Golubria (safe; 0% risk of failure)
Confirm with . or Enter, or press ? or * to list all spells.
Aiming: Passage of Golubria (safe; 0% risk of failure)
Press: ? - help, Dir - move target You enter the passage of Golubria.
There is a passage of Golubria here.
The helpless hellion fails to defend itself.
You spit the hellion like a pig!!!!!!
You kill the hellion!
Makhleb accepts your kill.
This passage doesn't lead anywhere!
There is a passage of Golubria here.
There is a huge open gate here.
There is a huge open gate here.
You start waiting.
Your passage of Golubria closes with a snap!
You see here a salamander corpse.
Things that are here:
a +0 great sword of flaming; a fire giant corpse You reach down and open the huge gate.
A hellion comes into view.
Casting: Passage of Golubria (safe; 0% risk of failure)
Confirm with . or Enter, or press ? or * to list all spells.
Aiming: Passage of Golubria (safe; 0% risk of failure)
Press: ? - help, Dir - move target You enter the passage of Golubria.
There is a passage of Golubria here.
The helpless hellion fails to defend itself.
You stick the hellion like a pincushion!!!!!!
You kill the hellion!
Makhleb accepts your kill.
This passage doesn't lead anywhere!
There is a passage of Golubria here.
This passage doesn't lead anywhere!
There is a passage of Golubria here.
You start waiting.
Your passage of Golubria closes with a snap!
You reach down and open the huge gate.
A hellion comes into view.
Found 18 gold pieces.
A balrug comes into view.
It is wielding a +2 demon whip of electrocution.
Found a staff of earth, a ring of see invisible and 19 gold pieces.
There is a huge open gate here.
There is a huge open gate here.
The helpless hellion fails to defend itself.
You stick the hellion like a pincushion!!!!!
You kill the hellion!
Makhleb accepts your kill.
You see here a staff of earth.
The helpless balrug fails to defend itself.
You spit the balrug like a pig!!!!!!
You kill the balrug!
Makhleb accepts your kill.
m - a ring of see invisible You drop a ring of see invisible.
You now have 12911 gold pieces (gained 19).
You see here a +2 demon whip of electrocution.
You now have 12929 gold pieces (gained 18).
You see here a +2 demon whip of electrocution.
You reach down and open the huge gate.
There is a huge open gate here.
There is a huge open gate here.
You reach down and open the huge gate.
A balrug and a hellion come into view.
The balrug is wielding a +1 demon whip of electrocution.
Found 72 gold pieces, a manual of Fighting and a wand of charming (5).
There is a huge open gate here.
There is a huge open gate here.
There is a huge open gate here.
The helpless balrug fails to defend itself.
You perforate the balrug like a sieve!!!!!!
You kill the balrug!
Makhleb accepts your kill.
You see here a +1 demon whip of electrocution.
The helpless hellion fails to defend itself.
You perforate the hellion like a sieve!!!!!!
You kill the hellion!
Makhleb accepts your kill.
You now have 12971 gold pieces (gained 42).
Z - a wand of charming (32) (gained 5 charges)
You see here a manual of Fighting.
You now have 13001 gold pieces (gained 30).
There is a huge open gate here.
There is a huge open gate here.
There is a huge open gate here.
You see here a +1 demon whip of electrocution.
There is a huge open gate here.
There is a huge open gate here.
There is a huge open gate here.
There is a huge open gate here.
There is a huge open gate here.
You see here a +2 demon whip of electrocution.
There is a huge open gate here.
There is a huge open gate here.
You reach down and open the huge gate.
Found 16 gold pieces and a glowing dagger.
A hellion and a balrug come into view.
The balrug is wielding a +1 vampiric demon whip.
Found a spiked plate armour and 17 gold pieces.
There is a huge open gate here.
There is a huge open gate here.
The helpless hellion fails to defend itself.
You stick the hellion like a pincushion!!!!!!
You kill the hellion!
Makhleb accepts your kill.
The helpless balrug fails to defend itself.
You stick the balrug like a pincushion!!!!!!
You kill the balrug!
Makhleb accepts your kill.
You see here a +1 vampiric demon whip.
You now have 13018 gold pieces (gained 17).
You see here the +10 plate armour of Elou {rF- Dex+6}.
You see here a +1 dagger of speed.
You now have 13034 gold pieces (gained 16).
There is a huge open gate here.
You see here a +1 dagger of speed.
You see here the +10 plate armour of Elou {rF- Dex+6}.
You reach down and open the huge gate.
There is a huge open gate here.
A hellion comes into view.
There is a huge open gate here.
The helpless hellion fails to defend itself.
You spit the hellion like a pig!!!!!!
You kill the hellion!
Makhleb accepts your kill.
There is a huge open gate here.
There is a huge open gate here.
There is a huge open gate here.
You see here a +1 vampiric demon whip.
There is a huge open gate here.
There is a huge open gate here.
There is a huge open gate here.
There is a huge open gate here.
There is a huge open gate here.
You see here a staff of earth.
You see here a ring of see invisible.
There is a huge open gate here.
There is a huge open gate here.
There is a huge open gate here.
There is a huge open gate here.
You see here a manual of Fighting.
You reach down and open the huge gate.
There is a huge open gate here.
A hellion comes into view.
There is a huge open gate here.
The helpless hellion fails to defend itself.
You stick the hellion like a pincushion!!!!!!
You kill the hellion!
Makhleb accepts your kill.
Welcome back, scionoferis the Djinni Conjurer.
Blood and souls for Makhleb!
Press ? for a list of commands and other information.
You reach down and open the huge gate.
A balrug and a Brimstone Fiend come into view.
The balrug is wielding a +0 demon whip of draining.
Press: ? - help, v - describe, . - travel Ashen ground.
This square is wreathed by an umbra.
Unknown command.
Cast which spell? (? or * to list)
Aiming: Passage of Golubria (safe; 0% risk of failure)
Press: ? - help, Dir - move target You enter the passage of Golubria.
There is a passage of Golubria here.
The helpless Brimstone Fiend fails to defend itself.
You perforate the Brimstone Fiend like a sieve!!!!!
You kill the Brimstone Fiend!
Makhleb accepts your kill.
The helpless balrug fails to defend itself.
You skewer the balrug like a kebab!!!!!!
You kill the balrug!
Makhleb accepts your kill.
You start waiting.
Your passage of Golubria closes with a snap!
You see here a +0 demon whip of draining.
You reach down and open the huge gate.
You see here a +0 demon whip of draining.
There is a huge open gate here.
You set the figurine down, and a mystic portal to a ziggurat forms.
You reach down and open the huge gate.
A Brimstone Fiend and Asmodeus come into view.
Asmodeus is wielding the +13 sceptre of Asmodeus.
Found 216 gold pieces.
There is a huge open gate here.
There is a huge open gate here.
There is a huge open gate here.
Casting: Passage of Golubria (safe; 0% risk of failure)
Confirm with . or Enter, or press ? or * to list all spells.
Aiming: Passage of Golubria (safe; 0% risk of failure)
Press: ? - help, Dir - move target You enter the passage of Golubria.
Found an obsidian rune of Zot, 287 gold pieces and a dazzling arbalest.
There is a passage of Golubria here.
The helpless Asmodeus fails to defend himself.
You spit Asmodeus like a pig!!!!!!
Asmodeus decays.
Asmodeus is severely wounded.
You are engulfed in blazing flames.
You resist.
The helpless Brimstone Fiend fails to defend itself.
You spit the Brimstone Fiend like a pig!!!!!!
You kill the Brimstone Fiend!
Makhleb accepts your kill.
You are engulfed in blazing flames.
You resist.
Aiming: Bolt of Light
Press: ? - help, Shift-Dir - straight line, f - Asmodeus
Aim: Asmodeus, wielding the +13 sceptre of Asmodeus (severely wounded, surrounded by flames, slow, weak, umbra, 88% to hit)
You feel a surge of power!
The bolt of light hits Asmodeus!!
Asmodeus is severely wounded.
Asmodeus is blinded.
You are engulfed in blazing flames.
You resist. You block Asmodeus's attack.
Throw: 8 throwing nets
Press: ? - help, Q - select action, (/) - cycle Shift-Dir - straight line, f/p - Asmodeus
Aim: Asmodeus, wielding the +13 sceptre of Asmodeus (severely wounded, surrounded by flames, blind, slow, weak, umbra, 84% to hit)
You throw a throwing net. The throwing net hits Asmodeus.
Asmodeus is caught in the net!
Asmodeus is severely wounded.
You hit Asmodeus but do no damage.
Asmodeus is severely wounded.
Asmodeus is no longer moving slowly.
Asmodeus is no longer blind.
Asmodeus is no longer weakened.
You hit Asmodeus but do no damage.
Asmodeus is severely wounded.
Asmodeus struggles against the net.
You hit Asmodeus but do no damage.
Asmodeus is severely wounded.
You are engulfed in blazing flames.
You resist.
You hit Asmodeus but do no damage.
Asmodeus is severely wounded.
You are engulfed in blazing flames.
You resist.
Asmodeus struggles against the net.
You hit Asmodeus but do no damage.
Asmodeus is severely wounded.
You are engulfed in blazing flames.
You resist.
You catch the helpless Asmodeus completely off-guard!
You spit Asmodeus like a pig!!!!
Asmodeus decays.
Asmodeus is almost dead.
You are engulfed in blazing flames.
You resist.
You catch the helpless Asmodeus completely off-guard!
You perforate Asmodeus like a sieve!!!!
You kill Asmodeus!
Makhleb accepts your kill.
You are engulfed in blazing flames.
You resist.
Unknown command.
K - 8 throwing nets (gained 1)
You see here the +13 sceptre of Asmodeus.
m - the +13 sceptre of Asmodeus
Okay, then.
You now have 13040 gold pieces (gained 6).
You now have 13055 gold pieces (gained 15).
You now have 13085 gold pieces (gained 30).
You now have 13106 gold pieces (gained 21).
You now have 13116 gold pieces (gained 10).
You now have 13128 gold pieces (gained 12).
You now have 13167 gold pieces (gained 39).
Your passage of Golubria closes with a snap!
You now have 13207 gold pieces (gained 40).
You pick up the obsidian rune and feel its power.
You have collected all the runes!
Now go and win!
Press } to see all the runes you have collected.
You see here the +5 arbalest of Jisoaz {drain, Fly rN+++ Int-4 Dex+3}.
You now have 13226 gold pieces (gained 19).
You now have 13249 gold pieces (gained 23).
You now have 13294 gold pieces (gained 45).
You see here the +5 arbalest of Jisoaz {drain, Fly rN+++ Int-4 Dex+3}.
You now have 13326 gold pieces (gained 32).
You now have 13363 gold pieces (gained 37).
You now have 13397 gold pieces (gained 34).
You now have 13414 gold pieces (gained 17).
You now have 13440 gold pieces (gained 26).
You now have 13480 gold pieces (gained 40).
You now have 13502 gold pieces (gained 22).
You now have 13519 gold pieces (gained 17).
You now have 13537 gold pieces (gained 18).
There is a huge open gate here.
There is a huge open gate here.
There is a one-way gateway to a ziggurat here.
There is a huge open gate here.
There is a huge open gate here.
There is a huge open gate here.
There is a huge open gate here.
You see here a +1 demon whip of electrocution.
There is a huge open gate here.
There is a huge open gate here.
There is a huge open gate here.
There is a huge open gate here.
There is a huge open gate here.
You see here a +0 great sword of flaming.
There is a huge open gate here.
There is a huge open gate here.
You see here a +1 vampiric demon whip.
There is a huge open gate here.
There is a huge open gate here.
There is a huge open gate here.
There is a huge open gate here.
Done exploring.
Done exploring.
There is a huge open gate here.
There is a huge open gate here.
There is a huge open gate here.
There is a huge open gate here.
There is a huge open gate here.
There is a huge open gate here.
There is a huge open gate here.
There is a huge open gate here.
There is a huge open gate here.
There is a huge open gate here.
There is a huge open gate here.
There is a huge open gate here.
There is a huge open gate here.
There is a huge open gate here.
There is a huge open gate here.
There is a huge open gate here.
There is a large open door here.
There is a huge open gate here.
There is a gateway leading out of Gehenna here.
Unknown command.
You fly up through the gate.
Welcome back to the Vestibule of Hell!
There is a gateway to the ashen valley of Gehenna here.
Items here: ?????.
z - 10 scrolls of blinking (gained 8);
E - 23 scrolls of fog
J - a scroll of poison;
X - 15 scrolls of revelation
P - 53 scrolls of teleportation You feel clever.
a - the staff "Omirghuzu" (weapon)
{Int+4 Conj} A crystal guardian comes into view.
Casting: Passage of Golubria (safe; 0% risk of failure)
Confirm with . or Enter, or press ? or * to list all spells.
The dungeon rumbles!
You destroy the crystal guardian!
Makhleb accepts your kill.
You feel better.
Ka-crash!
Your Shields skill increases to level 26!
You see here a +0 scythe of venom.
You see here a +0 scythe of venom.
Done exploring.
You're wearing all the rings you can.
Remove which one? (? for menu, Esc to cancel) < or
Q - the ring of Shadows {Umbra +Inv Stlth+} > or
u - a +6 ring of dexterity You remove your +6 ring of dexterity.
You feel clumsy.
You feel clever.
You feel agile.
S - the ring of Neur (right hand) {rPois rF+ Will+ rCorr Int+6 Dex+2} You're wearing all the rings you can.
Remove which one? (? for menu, Esc to cancel) < or
Q - the ring of Shadows {Umbra +Inv Stlth+} > or
S - the ring of Neur {rPois rF+ Will+ rCorr Int+6 Dex+2} You remove the ring of Shadows {Umbra +Inv Stlth+}.
You feel agile.
u - a +6 ring of dexterity (left hand) Unknown command.
Unknown command.
What level of the Realm of Zot? (default 1, ? - help)
There is a gateway back to the Dungeon here.
Thank you for visiting Hell.
Please come again soon.
You fly up through the gate.
Welcome back to the Depths!
There is a gateway to Hell here.
There is an open door here.
Items here: ))) [.
There is an open door here.
You see here a +0 long sword.
There is a stone staircase leading down here.
You fly downwards.
There is a stone staircase leading up here.
There is a stone staircase leading down here.
You fly downwards.
There is a stone staircase leading up here.
You see here +0 shadow dragon scales.
There is an open door here.
There is a gate to the Realm of Zot here.
You fly down through the gate.
Welcome back to the Realm of Zot!
There is a gate leading back out of this place here.
There is a stone staircase leading down here.
You fly downwards.
There is a stone staircase leading up here.
There is a stone staircase leading down here.
You fly downwards.
There is a stone staircase leading up here.
You see here a +0 trident.
You see here +0 gold dragon scales.
You see here a +0 long sword.
There is an escape hatch in the ceiling here.
There is a stone staircase leading down here.
You fly downwards.
There is a stone staircase leading up here.
There is an open door here.
There is an open door here.
There is a stone staircase leading down here.
You fly downwards.
Level annotation: 1 exclusion
There is a stone staircase leading up here.
You see here a +12 club of holy wrath.
Press: ? - help, v - describe, . - travel, g - get item Item here: the Orb of Zot.
The floor.
Removed exclusion.
Welcome back, scionoferis the Djinni Conjurer.
Blood and souls for Makhleb!
Press ? for a list of commands and other information.
Search for what [? for help]? blink You see here the Orb of Zot.
You begin untransforming.
You continue untransforming. x3
You feel your undeath return to normal.
You see here the Orb of Zot.
You feel yourself speed up.
Okay, then.
You see here the Orb of Zot.
You pick up the Orb of Zot!
The Orb lets out a hideous shriek!
The lords of Pandemonium are not amused.
Beware!
Now all you have to do is get back out of the dungeon!
You enter a permanent teleport trap!
Your surroundings suddenly seem different.
What level of the Dungeon? (default 15, ? - help)
A cacodemon and a sixfirhy come into view.
The cacodemon gestures at you. You resist with almost no effort.
You block the sixfirhy's attack. x2
An Usak and a hellion come into view.
You block the sixfirhy's attack. x2; The sixfirhy completely misses you.
There is a stone staircase leading up here.
Usak gestures at you. The entropic shot misses you.
You fly upwards.
There is a stone staircase leading down here.
You completely miss the sixfirhy. You miss the sixfirhy.
You hit the sixfirhy but do no damage.
You blast the sixfirhy.
The sixfirhy is lightly wounded.
You closely miss the sixfirhy.
The sixfirhy is lightly wounded.
You hit the sixfirhy!
You blast the sixfirhy!!
The sixfirhy is almost dead.
You block the sixfirhy's attack.
You hit the sixfirhy but do no damage.
You blast the sixfirhy!
You kill the sixfirhy!
Makhleb accepts your kill.
What level of the Dungeon? (default 1, ? - help)
There is an open door here.
There is an open door here.
Your extra speed is starting to run out.
There is an open door here.
There is a stone staircase leading up here.
You fly upwards.
There is a stone staircase leading down here.
There is an escape hatch in the ceiling here.
You feel yourself slow down. A mysterious force pulls you upwards.
The hatch slams shut behind you.
An Orb Guardian comes into view.
Cast which spell? (? or * to list)
Your cactus giant hits the Orb Guardian with a +0 giant spiked club!
Things that are here:
a +0 cloak; a +0 long sword You hit the Orb Guardian but do no damage.
You blast the Orb Guardian!!
The Orb Guardian is moderately wounded.
You block the Orb Guardian's attack.
You hit the Orb Guardian but do no damage.
The Orb Guardian is moderately wounded.
You block the Orb Guardian's attack.
You hit the Orb Guardian but do no damage.
The Orb Guardian is moderately wounded.
You hit the Orb Guardian.
The Orb Guardian is moderately wounded.
You block the Orb Guardian's attack.
You hit the Orb Guardian.
You blast the Orb Guardian!!!
The Orb Guardian is almost dead.
You block the Orb Guardian's attack.
Your cactus giant hits the Orb Guardian with a +0 giant spiked club!
The Orb Guardian dies!
Makhleb accepts your kill.
Things that are here:
+0 storm dragon scales; a +4 vampiric long sword
Things that are here:
+0 gold dragon scales; a +0 cloak; a +0 dagger
Items here: ))) [.
There is a stone staircase leading up here.
What level of the Dungeon? (default 1, ? - help)
You fly upwards.
Your summoned ally is left behind.
There is a stone staircase leading down here.
You see here 5 stones.
There is an open door here.
There is an open door here.
A Wuapn and a small abomination come into view.
You feel yourself speed up.
Things that are here:
a +0 battleaxe; a +1 cloak; a +0 long sword of distortion
There is a gate leading back out of this place here.
You fly up through the gate.
Welcome back to the Depths!
There is a gate to the Realm of Zot here.
What level of the Dungeon? (default 1, ? - help)
There is an open door here.
Your extra speed is starting to run out.
You feel yourself slow down.
You see here a +0 troll leather armour.
You see here a +0 troll leather armour.
There is a stone staircase leading up here.
You fly upwards.
There is a stone staircase leading down here.
A red devil comes into view. It is wielding a +0 demon trident.
You feel yourself speed up. You block the red devil's attack.
You block the red devil's attack. You block the red devil's attack.
The red devil attacks as it pursues you!
You block the red devil's attack.
There is a stone staircase leading up here.
You fly upwards.
There is a stone staircase leading down here.
What level of the Dungeon? (default 1, ? - help)
Things that are here:
a +0 buckler; a +0 robe; a +3 heavy flail A Brimstone Fiend comes into view.
There is a stone staircase leading up here.
You fly upwards.
Your extra speed is starting to run out.
There is a stone staircase leading down here.
What level of the Dungeon? (default 1, ? - help)
You see here a +2 great sword of flaming.
You feel yourself slow down.
A large abomination comes into view.
There is a staircase back to the Dungeon here.
You fly upwards.
Welcome back to the Dungeon!
There is a staircase to the Depths here.
You feel yourself speed up.
What level of the Dungeon? (default 1, ? - help)
There is a stone staircase leading up here.
You fly upwards.
There is a stone staircase leading down here.
There is a stone staircase leading up here.
You fly upwards.
There is a stone staircase leading down here.
There is a stone staircase leading up here.
You fly upwards.
There is a stone staircase leading down here.
Your extra speed is starting to run out.
There is a stone staircase leading up here.
You fly upwards.
There is a stone staircase leading down here.
You feel yourself slow down.
An Orb Guardian comes into view.
You block the Orb Guardian's attack.
You feel yourself speed up. The Orb Guardian barely misses you.
You block the Orb Guardian's attack.
The Orb Guardian attacks as it pursues you!
The Orb Guardian barely misses you.
The Orb Guardian attacks as it pursues you!
You block the Orb Guardian's attack.
There is a stone staircase leading up here.
Casting: Summon Cactus Giant (safe; 0% risk of failure)
Confirm with . or Enter, or press ? or * to list all spells.
You feel a surge of power!
You erupt in a blast of force!
The mystic blast hits the Orb Guardian!!
The Orb Guardian is moderately wounded.
The Orb Guardian is knocked back by the mystic blast.
Unknown command.
You fly upwards.
There is a stone staircase leading down here.
What level of the Dungeon? (default 1, ? - help)
There is an open door here.
There is a stone staircase leading up here.
You fly upwards.
There is a stone staircase leading down here.
A glowing orange brain comes into view.
The glowing orange brain turns its attention towards you.
You hit the glowing orange brain.
You blast the glowing orange brain!
The glowing orange brain is moderately wounded.
You hit the glowing orange brain but do no damage.
You blast the glowing orange brain!!!
You kill the glowing orange brain!
Makhleb accepts your kill.
There is an open door here.
Items here: )) [[.
There is an open door here.
Things that are here:
a +0 robe; a +0 morningstar
There is a stone staircase leading up here.
Your extra speed is starting to run out.
You fly upwards.
There is a stone staircase leading down here.
What level of the Dungeon? (default 1, ? - help)
You feel yourself slow down.
Things that are here:
a +0 robe; a +5 falchion
There is a stone staircase leading up here.
You fly upwards.
There is a stone staircase leading down here.
There is a stone staircase leading up here.
You fly upwards.
There is a stone staircase leading down here.
A sixfirhy comes into view.
You barely miss the sixfirhy. You hit the sixfirhy.
You blast the sixfirhy!!!
You kill the sixfirhy!
Makhleb accepts your kill.
You feel yourself speed up.
There is a stone staircase leading up here.
You fly upwards.
There is a stone staircase leading down here.
What level of the Dungeon? (default 1, ? - help)
There is a stone staircase leading up here.
You fly upwards.
There is a stone staircase leading down here.
There is an open door here.
There is a stone staircase leading up here.
You fly upwards.
There is a stone staircase leading down here.
Your extra speed is starting to run out.
You see here a +0 trident.
A Brimstone Fiend comes into view.
You feel yourself slow down.
There is a stone staircase leading up here.
You fly upwards.
There is a stone staircase leading down here.
What level of the Dungeon? (default 1, ? - help)
There is a stone staircase leading up here.
You fly upwards.
There is a stone staircase leading down here.
A Telesk and a blizzard demon come into view.
Press: ? - help, v - describe, . - travel
Here: Telesk The floor.
You feel yourself speed up.
Blink to where?
Press: ? - help, Dir - move target
As you read the scroll of blinking, it crumbles to dust.
Casting: Iskenderun's Mystic Blast (safe; 0% risk of failure)
Confirm with . or Enter, or press ? or * to list all spells.
The dungeon rumbles!
Ka-crash!
Unknown command.
Telesk gestures at you. The bolt of fire hits you. You resist.
There is a staircase leading out of the dungeon here.
You have escaped!

Skill      XL: |  1  2  3  4  5  6  7  8  9 10 11 12 13 14 15 16 17 18 19 20 21 22 23 24 25 26 27 |
---------------+----------------------------------------------------------------------------------+-----
Fighting       | 1 2 3 4 5 6 7 9 10 11 12 13 14 15 27 | 27.0
Stealth        | 2 3 4 5 7 8 10 26 | 26.3
Spellcasting   | 4 5 6 8 9 10 11 12 13 14 16 17 18 19 20 21 22 27 | 27.0
Conjurations   | 4 5 6 8 9 10 11 12 13 14 16 17 18 19 20 21 22 27 | 27.0
Hexes          | 4 5 6 8 9 10 11 12 13 14 16 17 18 19 20 21 22 27 | 27.0
Summonings     | 4 5 6 8 9 10 11 12 13 14 16 17 18 19 20 21 22 27 | 27.0
Necromancy     | 4 5 6 8 9 10 11 12 13 14 16 17 18 19 20 21 22 27 | 27.0
Translocations | 4 5 6 8 9 10 11 12 13 14 16 17 18 19 20 21 22 27 | 27.0
Transmutations | 4 5 6 8 9 10 11 12 13 14 16 17 18 19 20 21 22 27 | 27.0
Fire Magic     | 4 5 6 8 9 10 11 12 13 14 16 17 18 19 20 21 23 27 | 27.0
Ice Magic      | 4 5 6 8 9 10 11 12 13 14 16 17 18 19 20 21 22 27 | 27.0
Air Magic      | 4 5 6 8 9 10 11 12 13 14 16 17 18 19 20 21 22 27 | 27.0
Earth Magic    | 4 5 6 8 9 10 11 12 13 14 16 17 18 19 20 21 22 27 | 27.0
Poison Magic   | 4 5 6 8 9 10 11 12 13 14 16 17 18 19 20 21 22 27 | 27.0
Dodging        | 4 5 8 10 12 13 14 15 26 | 26.7
Evocations     | 3 5 6 8 9 11 12 13 14 15 23 | 23.7
Armour         | 2 5 6 7 9 10 25 | 25.2
Shields        | 1 5 6 7 9 10 12 14 15 26 | 26.0
Shapeshifting  | 4 7 10 14 23 | 23.0
Throwing       | 22 | 22.0
Maces & Flails | 10 | 10.7
Staves         | 9 |  9.5
Short Blades   | 16 | 16.5

Action                     |  1- 3 |  4- 6 |  7- 9 | 10-12 | 13-15 | 16-18 | 19-21 | 22-24 | 25-27 || total
---------------------------+-------+-------+-------+-------+-------+-------+-------+-------+-------++-------
  Melee: Short sword       |       |     1 |    11 |     1 |       |       |       |       |       ||    13
         Whip              |       |       |       |     3 |       |       |       |       |       ||     3
         Dagger            |       |       |       |     6 |     9 |       |       |       |   276 ||   291
         Staff             |       |       |       |       |    29 |    22 |    11 |    19 |  5286 ||  5367
         Punch             |       |       |       |       |     2 |       |       |       |       ||     2
         Hand axe          |       |       |       |       |       |       |       |       |    14 ||    14
         Demon whip        |       |       |       |       |       |       |       |       |   193 ||   193
  Throw: Dart              |       |       |       |     1 |     6 |       |       |     3 |     2 ||    12
         Boomerang         |       |       |       |       |       |       |       |       |    66 ||    66
         Javelin           |       |       |       |       |       |       |       |       |     4 ||     4
         Throwing net      |       |       |       |       |       |       |       |       |     3 ||     3
   Cast: Magic Dart        |    35 |    17 |     2 |     3 |       |       |       |       |       ||    57
         Searing Ray       |    12 |    64 |    15 |    18 |    10 |     1 |       |       |       ||   120
         Foxfire           |     1 |       |       |       |     2 |       |       |     2 |     1 ||     6
         Fulminant Prism   |       |       |    36 |   137 |   236 |   307 |   378 |   447 |   936 ||  2477
         Iskenderun's Myst |       |       |    18 |    57 |   138 |   169 |    90 |   183 |   503 ||  1158
         Borgnjor's Vile C |       |       |       |       |    47 |    23 |    80 |    96 |   435 ||   681
         Scorch            |       |       |       |       |       |     3 |       |     1 |     2 ||     6
         Passage of Golubr |       |       |       |       |       |       |     4 |       |    15 ||    19
         Summon Cactus Gia |       |       |       |       |       |       |       |     1 |   705 ||   706
         Death Channel     |       |       |       |       |       |       |       |       |    35 ||    35
         Ignition          |       |       |       |       |       |       |       |       |   666 ||   666
         Infestation       |       |       |       |       |       |       |       |       |     6 ||     6
         Shatter           |       |       |       |       |       |       |       |       |   969 ||   969
         Dispel Undead     |       |       |       |       |       |       |       |       |    15 ||    15
         Discord           |       |       |       |       |       |       |       |       |     6 ||     6
         Dazzling Flash    |       |       |       |       |       |       |       |       |     1 ||     1
 Invoke: Greater Servant o |       |       |       |       |       |       |       |       |     1 ||     1
Ability: Siphon Essence    |       |       |       |       |       |       |       |       |     4 ||     4
         Begin Untransform |       |       |       |       |       |       |       |       |     3 ||     3
         Evoke Blink       |       |       |       |       |       |       |       |       |     1 ||     1
  Evoke: Wand              |       |       |       |     1 |       |       |       |     1 |    10 ||    12
         Horn of Geryon    |       |       |       |       |       |       |       |       |     4 ||     4
         Box of beasts     |       |       |       |       |       |       |       |       |     3 ||     3
         Figurine of a zig |       |       |       |       |       |       |       |       |     1 ||     1
         Phantom mirror    |       |       |       |       |       |       |       |       |     1 ||     1
    Use: Scroll            |       |       |     1 |    10 |     9 |     9 |     2 |     6 |    61 ||    98
         Potion            |       |       |       |     5 |       |     2 |     1 |     2 |    29 ||    39
   Stab: Sleeping          |       |       |       |     1 |       |       |       |       |   238 ||   239
         Distracted        |       |       |       |       |       |       |       |       |    34 ||    34
         Held in net/web   |       |       |       |       |       |       |       |       |     6 ||     6
 Armour: Robe              |       |     4 |     6 |     6 |       |       |       |       |       ||    16
         Ring mail         |       |       |       |    15 |    37 |    62 |       |       |  3140 ||  3254
         Scale mail        |       |       |       |       |       |    13 |    96 |    93 |    44 ||   246
  Dodge: Dodged            |     1 |    10 |    17 |    38 |    56 |   126 |   155 |   221 |  2497 ||  3121
  Block: Buckler           |       |       |       |       |       |    26 |    33 |   123 |  1343 ||  1525
         Kite shield       |       |       |       |       |       |       |    38 |    65 |  1133 ||  1236
         Reflection        |       |       |       |       |       |       |    20 |    22 |       ||    42
         Tower shield      |       |       |       |       |       |       |       |       |  1930 ||  1930
   Form: Death             |       |       |       |       |       |       |       |       |    14 ||    14
                           |       |       |       |       |       |       |       |       |    11 ||    11

Levels and vault maps discovered:
D:1:      amcnicky_arrival_flooded_fountain, layout_basic, st_stairs_4,
          hangedman_decor_points, bh_walls_and_bars
D:2:      layout_rooms, nicolae_figureground_pulse, uniq_robin
D:3:      layout_loops_corners, amcnicky_altar_gilded, slow_altar_2,
          nicolae_sif_muna_condensation, st_stairs_12
D:4:      layout_basic, mainiacjoe_overflow_six_doors_small, enter_ossuary_5,
          grunt_decor_cap
D:5:      layout_gridville, mainiacjoe_overflow_alcove_1, serial_shops, shop,
          shop, shop, shop_scrolls, gammafunk_ghost_icy
D:6:      layout_rooms, nicolae_dithmenos_shadow_blocks,
          mainiacjoe_overflow_24_doors, minmay_temple_entry_junction,
          grunt_decor_mini_mirrors
D:7:      cheibrodos_grave_circle, layout_basic, vehumet_altar_wand_db
D:8:      layout_basic, mainiacjoe_overflow_chevrons,
          gammafunk_temple_overflow_forgotten
D:9:      layout_roguey, lemuel_round_altar, nicolae_qazlal_scattered_showers
D:10:     layout_grid_maze, mainiacjoe_overflow_alcove_2, kennysheep_mini,
          dpeg_oklobed_lair, uniq_psyche
D:11:     minmay_the_grid_octo_tiled_octocenter
          [minmay_the_grid_octo_thin_diamonds, minmay_the_grid_octo_focus,
          minmay_the_grid_octo_odd_swirl, minmay_the_grid_octo_horde,
          minmay_the_grid_octo_prize_big_c, minmay_the_grid_square_5x5_inner_z,
          minmay_the_grid_square_5x5_slash, minmay_the_grid_square_5x5_one_wall,
          minmay_the_grid_square_5x5_three_walls], layout_cave_pools,
          minmay_guarded_unrand_vampires_tooth
D:12:     regret_index_wax_grids, layout_rooms, erik_orc_4,
          gauntlet_entry_generic
D:13:     layout_gridville, hellmonk_vaults_keyhole, minmay_crystal_water,
          palyth_stone_intersect, uniq_erolcha
D:14:     layout_roguey, gammafunk_ghost_cemetery, minmay_misc_feat_ornament
D:15:     hangedman_depths_entry_civil_slaughter, layout_rooms,
          okawaru_gym_becter, gammafunk_ghost_cemetery
Temple:   nicolae_temple_bog_church
Lair:1:   layout_cellular_growth, grunt_megastairs_4
Lair:2:   nzn_winding_woodlands_large [nzn_winding_woodlands_5x5_perimeter,
          nzn_winding_woodlands_5x15_crooked, nzn_winding_woodlands_5x5_default,
          nzn_winding_woodlands_center_garden,
          nzn_winding_woodlands_15x15_thick_spiral,
          nzn_winding_woodlands_center_lodge,
          nzn_winding_woodlands_5x5_closed_star,
          nzn_winding_woodlands_5x15_pool, nzn_winding_woodlands_5x5_open_star],
          layout_chaotic_city, infiniplex_staircase_pool_2
Lair:3:   layout_regular_city, minmay_shoals_entry_lonely_mermaid,
          minmay_snake_entry_guardpost_medium, nicolae_volcano_entry_vermiform
Lair:4:   layout_misc_corridors, wad_woods_road_05
Lair:5:   hangedman_lair_tendril_chambers, layout_hall_layers,
          minmay_slime_entry_oklob_open, basic_altar,
          nicolae_quartered_pool_super
Shoals:1: layout_shoals, serial_shops, shop, nicolae_shoals_mertower
Shoals:2: layout_shoals, portal_ice_cave_entry_pillars_1, uniq_mlioglotl,
          uniq_roxanne, uniq_donald, uniq_polyphemus
Shoals:3: layout_shoals
Shoals:4: shoals_end_simple, layout_shoals, nicolae_shop_clearance
Snake:1:  cheibrodos_toxic_ritual, layout_grid_maze, minmay_shop_star
Snake:2:  layout_grid_shapes, nicolae_snake_dead_anacondas, grunt_megastairs_2,
          uniq_aizul
Snake:3:  layout_layer_cave, drop_trap, uniq_bai_suzhen, uniq_azrael
Snake:4:  grunt_snake_rune_serpentine_throne, layout_basic, serial_shops, shop
Slime:1:  layout_caves
Slime:2:  layout_caves
Slime:3:  layout_caves, nicolae_slime_ancient_tower_intersection
Slime:4:  layout_caves
Slime:5:  slime_pit_nicolae_royal_road_to_ruin
Orc:1:    layout_diamond_mine, nicolae_orc_sculptors_studio,
          nicolae_orc_rockfall, uniq_harold, uniq_snorg
Orc:2:    st_orc_town, layout_diamond_mine
Elf:1:    nicolae_elf_arrival_no_cutting_in_line, layout_loops_cross,
          minmay_elf_necromancy, nicolae_specific_store, uniq_norris,
          uniq_asterion
Elf:2:    nicolae_elf_blades_splatter_lattice
          [nicolae_blade_entry_hurt_lockers], layout_loops_cross
Elf:3:    minmay_elf_hall_x, layout_loops_corners, serial_glass,
          glass_columns_a, glass_columns_c
Vaults:1: nicolae_vaults_wine_cellar, grunt_vaults_focal,
          nicolae_vaults_off_center_swirl, vaults_room_corners, v_misc_14,
          nicolae_vaults_diamond_1, layout_vaults_omnigrid
Vaults:2: nicolae_vaults_mitosis, grunt_vaults_funnel,
          minmay_crypt_entry_vampire_xt, v_alt_pattern_1, v_misc_2,
          nicolae_vaults_asterisk, nicolae_vaults_network_s,
          nicolae_vaults_closet_pinwheel_2, nicolae_vaults_network_square,
          nicolae_vaults_little_squares_2, layout_vaults_big_room
Vaults:3: nicolae_vaults_you_can_take_it_with_you,
          nicolae_vaults_ellipses_ellipsis, ontoclasm_vaults_ring_square,
          nicolae_vaults_surprise_closet, grunt_vaults_diagonal,
          vaults_mumra_hex, v_misc_28, nicolae_vaults_layer_cake_slice,
          ontoclasm_vaults_claustrophobia, nicolae_vaults_variable_pillar_hall,
          nicolae_vaults_heist, nicolae_vaults_diagonal_hallway_6,
          ontoclasm_vaults_spin, layout_vaults_ring
Vaults:4: mu_enter_wizlab_6, hangedman_vaults_stitches,
          vaults_standard_mumra_enter_the_diamond, vaults_dpeg_spiral,
          nicolae_vaults_trapezoid_1, nicolae_vaults_offset_grid_hallway_2,
          nicolae_vaults_shrinking_rooms_1, nicolae_vaults_hallways_thing,
          nicolae_vaults_storage_closets_2, nicolae_vaults_border_crossing,
          nicolae_vaults_sightless_eye, nicolae_vaults_trapezoid_lopsided_2,
          layout_vaults_omnibox, serial_shops, shop
Vaults:5: serial_shops
Crypt:1:  layout_gridlike, uniq_zenata, uniq_vv
Crypt:2:  hangedman_hall_of_fallen_heroes, layout_rooms
Crypt:3:  grunt_crypt_end_deaths_head
Tomb:1
Tomb:2
Tomb:3
Depths:1: layout_cross, enter_ziggurat_d, hell_entry, kennysheep_pointless_box,
          grunt_ministairs_9, minmay_holes, minmay_strange_pillars,
          minmay_door_square, minivault_10, nicolae_wooded_promenade,
          hangedman_abyss_or_decor_slice, onia_ninara_cookie
Depths:2: kennysheep_six_static_rooms, layout_basic, rand_demon_pan_entry_3,
          hell_entry, minmay_misc_feat_tiny, nicolae_ru_sacrificial_ziggurat
Depths:3: minmay_open_boxes_in_corner, layout_honeycomb, serial_shops,
          freezing_bzr, nicolae_shop_temple_entry_statues_fountains,
          nicolae_shop_trees, chequers_serial_rivers_micro_d,
          abyss_entry_small_statue_room, hangedman_coc_ice_floe, st_stairs_3,
          roderic_lattice_octagonal_star, minmay_staircase_bubble
Depths:4: grunt_zot_entry_pinwheel, layout_basic, hex_medium, abyss_entry,
          hangedman_tar_grid_catacomb, drop_trap
Hell
Dis:1:    layout_regular_city
Dis:2:    layout_regular_city
Dis:3:    layout_regular_city
Dis:4:    layout_regular_city, nicolae_hells_leichenhalle
Dis:6:    layout_regular_city, nicolae_hells_fiendish_ambush
Dis:7:    dis_st
Geh:1:    layout_gehenna_pools_box
Geh:2:    layout_gehenna_lava_caves
Geh:3:    layout_gehenna_lava_caves
Geh:4:    layout_gehenna_pools_basic, nicolae_geh_sunburst
Geh:5:    layout_gehenna_pools_triple, hangedman_hellfire_club
Geh:6:    nicolae_geh_lava_swirls, layout_gehenna_lava_caves
Geh:7:    geh_grunt
Coc:1:    layout_cocytus_delve
Coc:2:    layout_cocytus_delve, nicolae_coc_melting_block
Coc:3:    layout_cocytus_water_paths
Coc:4:    nicolae_coc_caina, layout_cocytus_water_paths
Coc:5:    layout_ice_bergs
Coc:6:    layout_ice_bergs
Coc:7:    coc_dpeg
Tar:1:    layout_cathedral_of_symmetry
Tar:2:    layout_catacombs
Tar:3:    layout_honeycomb
Tar:4:    layout_honeycomb, nicolae_hells_seeping_fissure
Tar:5:    layout_cathedral_of_symmetry
Tar:6:    nicolae_hells_demon_pit, layout_cathedral_of_symmetry
Tar:7:    tar_minmay_river
Zot:1:    kennysheep_blocky_room, layout_cathedral_of_symmetry
Zot:2:    layout_basic, gammafunk_ghost_arena, basic_altar, zot_minivault_1
Zot:3:    layout_basic, st_stairs_1, uniq_parghit
Zot:4:    kennysheep_bubbly, layout_gridlike
Zot:5:    layout_gridlike

Notes
Turn   | Place    | Note
-------+----------+-------------------------------------------
     0 | D:1      | scionoferis the Djinni Conjurer began the quest for the
                  | Orb.
     0 | D:1      | scionoferis set off with the following spells memorised:
                  | Magic Dart, Searing Ray, Dazzling Flash, Fulminant Prism,
                  | Iskenderun's Mystic Blast.
     0 | D:1      | Reached XP level 1. HP: 15/15 MP: 0/0
   186 | D:1      | Reached XP level 2. HP: 17/22 MP: 0/0
   714 | D:1      | Reached XP level 3. HP: 24/26 MP: 0/0
   714 | D:1      | Learned a level 1 spell: Foxfire
   859 | D:1      | Reached skill level 1 in Fighting
   859 | D:1      | Reached skill level 2 in Stealth
  1095 | D:2      | Noticed Robin
  1129 | D:2      | Killed Robin
  1130 | D:2      | Reached XP level 4. HP: 21/32 MP: 0/0
  1337 | D:2      | Reached skill level 4 in Spellcasting
  1337 | D:2      | Reached skill level 4 in Conjurations
  1337 | D:2      | Reached skill level 4 in Hexes
  1337 | D:2      | Reached skill level 4 in Summonings
  1337 | D:2      | Reached skill level 4 in Necromancy
  1337 | D:2      | Reached skill level 4 in Translocations
  1337 | D:2      | Reached skill level 4 in Transmutations
  1337 | D:2      | Reached skill level 4 in Fire Magic
  1337 | D:2      | Reached skill level 4 in Ice Magic
  1337 | D:2      | Reached skill level 4 in Air Magic
  1337 | D:2      | Reached skill level 4 in Earth Magic
  1337 | D:2      | Reached skill level 4 in Poison Magic
  1790 | D:3      | Found a broken altar of Ashenzari.
  2242 | D:3      | Reached XP level 5. HP: 35/38 MP: 0/0
  2242 | D:3      | Learned a level 2 spell: Static Discharge
  2502 | D:3      | Reached skill level 2 in Fighting
  2650 | D:3      | Found a snail-covered altar of Cheibriados.
  2771 | D:4      | Found a sand-covered staircase.
  2776 | Ossuary  | Entered an ossuary
  2934 | Ossuary  | Reached XP level 6. HP: 41/45 MP: 0/0
  3011 | Ossuary  | Reached skill level 3 in Stealth
  3633 | D:4      | Found a burning altar of Makhleb.
  3677 | D:4      | Became a worshipper of Makhleb the Destroyer
  3750 | D:4      | Reached skill level 3 in Fighting
  3928 | D:5      | Entered Level 5 of the Dungeon
  3943 | D:5      | Reached XP level 7. HP: 23/50 MP: 0/0
  3943 | D:5      | Learned a level 2 spell: Scorch
  4083 | D:5      | Noticed a yak
  4083 | D:5      | Noticed a yak
  4084 | D:5      | Noticed a yak
  4088 | D:5      | Noticed a yak
  4097 | D:5      | Killed a yak
  4098 | D:5      | Reached skill level 5 in Spellcasting
  4098 | D:5      | Reached skill level 5 in Conjurations
  4098 | D:5      | Reached skill level 5 in Hexes
  4098 | D:5      | Reached skill level 5 in Summonings
  4098 | D:5      | Reached skill level 5 in Necromancy
  4098 | D:5      | Reached skill level 5 in Translocations
  4098 | D:5      | Reached skill level 5 in Transmutations
  4098 | D:5      | Reached skill level 5 in Fire Magic
  4098 | D:5      | Reached skill level 5 in Ice Magic
  4098 | D:5      | Reached skill level 5 in Air Magic
  4098 | D:5      | Reached skill level 5 in Earth Magic
  4098 | D:5      | Reached skill level 5 in Poison Magic
  4098 | D:5      | Noticed a yak
  4100 | D:5      | Killed a yak
  4100 | D:5      | Killed a yak
  4100 | D:5      | Killed a yak
  4101 | D:5      | Reached skill level 4 in Fighting
  4101 | D:5      | Reached skill level 4 in Stealth
  4101 | D:5      | Reached XP level 8. HP: 22/58 MP: 0/0
  4405 | D:5      | Found Zuingoy's Magic Scroll Shop.
  4409 | D:5      | Found Xeni's General Store.
  4413 | D:5      | Bought a scroll of identify for 28 gold pieces
  4413 | D:5      | Bought a scroll of teleportation for 42 gold pieces
  4413 | D:5      | Bought a scroll of blinking for 105 gold pieces
  4417 | D:5      | Bought a scroll of noise for 10 gold pieces
  4443 | D:5      | Reached skill level 6 in Spellcasting
  4443 | D:5      | Reached skill level 6 in Conjurations
  4443 | D:5      | Reached skill level 6 in Hexes
  4443 | D:5      | Reached skill level 6 in Summonings
  4443 | D:5      | Reached skill level 6 in Necromancy
  4443 | D:5      | Reached skill level 6 in Translocations
  4443 | D:5      | Reached skill level 6 in Transmutations
  4443 | D:5      | Reached skill level 6 in Fire Magic
  4443 | D:5      | Reached skill level 6 in Ice Magic
  4443 | D:5      | Reached skill level 6 in Air Magic
  4443 | D:5      | Reached skill level 6 in Earth Magic
  4443 | D:5      | Reached skill level 6 in Poison Magic
  4482 | D:5      | Found Delisuj's Antique Armour Emporium.
  4502 | D:5      | Bought a fading leather armour for 182 gold pieces
  4502 | D:5      | Identified the +1 leather armour "Awnusic" {rElec rC++
                  | Will- rCorr} (You bought it in a shop on level 5 of the
                  | Dungeon)
  4504 | D:5      | Found Ifui's Magic Scroll Shop.
  4560 | D:5      | Killed a yak
  4610 | D:5      | Found a runed translucent gate.
  4610 | D:5      | Found a runed translucent gate.
  4610 | D:5      | Found a runed translucent gate.
  4867 | D:5      | Noticed zenocrate's ghost (weakling TrDe)
  4950 | D:5      | Found a basalt altar of Yredelemnul.
  5379 | D:6      | Reached skill level 5 in Fighting
  5379 | D:6      | Reached skill level 5 in Stealth
  5379 | D:6      | Reached XP level 9. HP: 53/65 MP: 0/0
  5379 | D:6      | Learned a level 4 spell: Passage of Golubria
  5588 | D:6      | Reached * piety under Makhleb
  5607 | D:6      | Reached skill level 7 in Spellcasting
  5607 | D:6      | Reached skill level 7 in Conjurations
  5607 | D:6      | Reached skill level 7 in Hexes
  5607 | D:6      | Reached skill level 7 in Summonings
  5607 | D:6      | Reached skill level 7 in Necromancy
  5607 | D:6      | Reached skill level 7 in Translocations
  5607 | D:6      | Reached skill level 7 in Transmutations
  5607 | D:6      | Reached skill level 7 in Fire Magic
  5607 | D:6      | Reached skill level 7 in Ice Magic
  5607 | D:6      | Reached skill level 7 in Air Magic
  5607 | D:6      | Reached skill level 7 in Earth Magic
  5607 | D:6      | Reached skill level 7 in Poison Magic
  5660 | D:6      | Found a shadowy altar of Dithmenos.
  5821 | D:6      | Found a sacrificial altar of Ru.
  6100 | D:6      | Found a staircase to the Ecumenical Temple.
  6378 | D:7      | Reached skill level 6 in Fighting
  6378 | D:7      | Reached skill level 3 in Dodging
  6483 | D:7      | Noticed a hellwing
  6491 | D:7      | Killed a hellwing
  6542 | D:7      | Noticed a hellwing
  6553 | D:7      | Reached skill level 4 in Dodging
  6553 | D:7      | Reached skill level 8 in Spellcasting
  6553 | D:7      | Reached skill level 8 in Conjurations
  6553 | D:7      | Reached skill level 8 in Hexes
  6553 | D:7      | Reached skill level 8 in Summonings
  6553 | D:7      | Reached skill level 8 in Necromancy
  6553 | D:7      | Reached skill level 8 in Translocations
  6553 | D:7      | Reached skill level 8 in Transmutations
  6553 | D:7      | Reached skill level 8 in Fire Magic
  6553 | D:7      | Reached skill level 8 in Ice Magic
  6553 | D:7      | Reached skill level 8 in Air Magic
  6553 | D:7      | Reached skill level 8 in Earth Magic
  6553 | D:7      | Reached skill level 8 in Poison Magic
  6553 | D:7      | Reached XP level 10. HP: 31/73 MP: 0/0
  6784 | D:7      | Reached skill level 7 in Fighting
  6784 | D:7      | Reached skill level 5 in Dodging
  6807 | D:7      | HP: 7/75 [wolf spider zombie (2)]
  7040 | D:8      | Reached skill level 1 in Evocations
  7308 | D:8      | Reached ** piety under Makhleb
  7564 | D:8      | Reached skill level 2 in Evocations
  7601 | D:8      | Found a hazy altar of Hepliaklqana.
  7603 | D:8      | Found an iron altar of Okawaru.
  7603 | D:8      | Found a hide-covered altar of Uskayaw.
  8031 | D:7      | Reached skill level 9 in Spellcasting
  8031 | D:7      | Reached skill level 9 in Conjurations
  8031 | D:7      | Reached skill level 9 in Hexes
  8031 | D:7      | Reached skill level 9 in Summonings
  8031 | D:7      | Reached skill level 9 in Necromancy
  8031 | D:7      | Reached skill level 9 in Translocations
  8031 | D:7      | Reached skill level 9 in Transmutations
  8031 | D:7      | Reached skill level 9 in Fire Magic
  8031 | D:7      | Reached skill level 9 in Ice Magic
  8031 | D:7      | Reached skill level 9 in Air Magic
  8031 | D:7      | Reached skill level 9 in Earth Magic
  8031 | D:7      | Reached skill level 9 in Poison Magic
  8080 | D:7      | Reached skill level 3 in Evocations
  8080 | D:7      | Reached XP level 11. HP: 24/81 MP: 0/0
  8080 | D:7      | Learned a level 4 spell: Dispel Undead
  8588 | D:7      | Reached skill level 8 in Fighting
  8789 | D:8      | Found a blossoming altar of Fedhas.
  9114 | D:5      | Killed zenocrate's ghost
  9144 | D:5      | Reached skill level 4 in Evocations
  9560 | D:9      | Reached *** piety under Makhleb
  9564 | D:9      | Found a stormy altar of Qazlal.
  9630 | D:9      | Found a sparkling altar of Nemelex Xobeh.
  9873 | D:9      | Identified the +6 dagger of Uvvibiamon {protect, Dex+5
                  | SInv}
  9875 | D:9      | Identified a scarf of resistance
 10126 | D:5      | Bought a glimmering ring mail for 234 gold pieces
 10126 | D:5      | Identified the +7 ring mail of Binyph {Int+5} (You bought
                  | it in a shop on level 5 of the Dungeon)
 10229 | D:10     | Entered Level 10 of the Dungeon
 10335 | D:10     | Reached skill level 10 in Spellcasting
 10335 | D:10     | Reached skill level 10 in Conjurations
 10335 | D:10     | Reached skill level 10 in Hexes
 10335 | D:10     | Reached skill level 10 in Summonings
 10335 | D:10     | Reached skill level 10 in Necromancy
 10335 | D:10     | Reached skill level 10 in Translocations
 10335 | D:10     | Reached skill level 10 in Transmutations
 10335 | D:10     | Reached skill level 10 in Fire Magic
 10335 | D:10     | Reached skill level 10 in Ice Magic
 10335 | D:10     | Reached skill level 10 in Air Magic
 10335 | D:10     | Reached skill level 10 in Earth Magic
 10335 | D:10     | Reached skill level 10 in Poison Magic
 10554 | D:10     | Noticed Psyche
 10558 | D:10     | Killed Psyche
 10559 | D:10     | Reached skill level 1 in Armour
 10607 | D:10     | Found a glowing golden altar of the Shining One.
 10843 | D:10     | Reached skill level 5 in Evocations
 11192 | D:10     | Found a staircase to the Lair.
 11274 | D:10     | Found a bloodstained altar of Trog.
 11827 | D:11     | Reached skill level 9 in Fighting
 11827 | D:11     | Reached skill level 2 in Armour
 11881 | D:11     | Noticed a brown ugly thing
 11890 | D:11     | Killed a brown ugly thing
 11891 | D:11     | Reached XP level 12. HP: 87/89 MP: 0/0
 11924 | D:11     | Noticed a two-headed ogre
 11932 | D:11     | Killed a two-headed ogre
 11933 | D:11     | Reached skill level 3 in Armour
 11988 | D:11     | Reached **** piety under Makhleb
 12051 | D:11     | Reached skill level 6 in Evocations
 12056 | D:11     | Noticed a boulder beetle
 12173 | D:11     | Reached skill level 4 in Armour
 12180 | D:11     | HP: 6/91 [barbs]
 12468 | D:11     | Noticed a two-headed ogre
 12475 | D:11     | Killed a two-headed ogre
 12476 | D:11     | Reached skill level 11 in Spellcasting
 12476 | D:11     | Reached skill level 11 in Conjurations
 12476 | D:11     | Reached skill level 11 in Hexes
 12476 | D:11     | Reached skill level 11 in Summonings
 12476 | D:11     | Reached skill level 11 in Necromancy
 12476 | D:11     | Reached skill level 11 in Translocations
 12476 | D:11     | Reached skill level 11 in Transmutations
 12476 | D:11     | Reached skill level 11 in Fire Magic
 12476 | D:11     | Reached skill level 11 in Ice Magic
 12476 | D:11     | Reached skill level 11 in Air Magic
 12476 | D:11     | Reached skill level 11 in Earth Magic
 12476 | D:11     | Reached skill level 11 in Poison Magic
 12503 | D:11     | Identified the +1 robe of Emacwiph {Regen+}
 12503 | D:11     | Noticed an ogre mage
 12511 | D:11     | Reached skill level 10 in Fighting
 12518 | D:11     | Noticed a two-headed ogre
 12519 | D:11     | Killed an ogre mage
 12520 | D:11     | Reached skill level 5 in Armour
 12751 | D:11     | Noticed a tengu warrior
 12757 | D:11     | Killed a tengu warrior
 12834 | D:11     | Reached XP level 13. HP: 42/96 MP: 0/0
 12834 | D:11     | Learned a level 5 spell: Borgnjor's Vile Clutch
 13097 | D:11     | Reached skill level 6 in Dodging
 13434 | D:11     | Reached skill level 7 in Evocations
 13557 | D:11     | Found the +8 Vampire's Tooth {megavamp}
 13925 | D:12     | Reached skill level 12 in Spellcasting
 13925 | D:12     | Reached skill level 12 in Conjurations
 13925 | D:12     | Reached skill level 12 in Hexes
 13925 | D:12     | Reached skill level 12 in Summonings
 13925 | D:12     | Reached skill level 12 in Necromancy
 13925 | D:12     | Reached skill level 12 in Translocations
 13925 | D:12     | Reached skill level 12 in Transmutations
 13925 | D:12     | Reached skill level 12 in Fire Magic
 13925 | D:12     | Reached skill level 12 in Ice Magic
 13925 | D:12     | Reached skill level 12 in Air Magic
 13925 | D:12     | Reached skill level 12 in Earth Magic
 13925 | D:12     | Reached skill level 12 in Poison Magic
 13952 | D:12     | Found a gate leading to a gauntlet.
 13968 | Gauntlet | Entered a Gauntlet
 13968 | Gauntlet | Found a transporter.
 13968 | Gauntlet | Found a transporter.
 13968 | Gauntlet | Found a transporter.
 13980 | Gauntlet | Found a transporter.
 13983 | Gauntlet | Found a transporter.
 13989 | Gauntlet | Found a runed translucent gate.
 13989 | Gauntlet | Found a runed translucent gate.
 13989 | Gauntlet | Found a runed translucent gate.
 13991 | Gauntlet | Found a transporter.
 13994 | Gauntlet | Found a transporter.
 14006 | Gauntlet | Found a transporter.
 14019 | Gauntlet | Noticed a blizzard demon
 14022 | Gauntlet | Found a transporter.
 14042 | Gauntlet | Found a transporter.
 14043 | Gauntlet | Found a transporter.
 14054 | Gauntlet | Found a transporter.
 14187 | Gauntlet | Identified the +6 shortbow "Gram" {flame, rC- Int+3 Dex+8}
 14247 | Gauntlet | Reached skill level 7 in Dodging
 14249 | Gauntlet | Reached ***** piety under Makhleb
 14355 | Gauntlet | Identified the amulet of Vivarcheo {RegenMP rElec Regen+
                  | Int+5 Dex-4}
 14385 | Gauntlet | Found the +8 demon trident "Rift" {distort, reach+}
 14385 | Gauntlet | Noticed a minotaur
 14402 | Gauntlet | Killed a minotaur
 14836 | D:12     | Noticed a centaur warrior
 14845 | D:12     | Killed a centaur warrior
 14859 | D:12     | Reached skill level 8 in Evocations
 14942 | D:12     | Found a staircase to the Orcish Mines.
 15046 | D:12     | You are sucked into a shaft and drop 3 floors!
 15046 | D:15     | Entered Level 15 of the Dungeon
 15101 | D:15     | Noticed a centaur warrior
 15102 | D:15     | Found a runed translucent gate.
 15102 | D:15     | Found a runed translucent gate.
 15102 | D:15     | Found a runed translucent gate.
 15127 | D:14     | Reached skill level 8 in Dodging
 15127 | D:14     | Reached XP level 14. HP: 103/103 MP: 0/0
 15277 | D:14     | Found a runed translucent gate.
 15278 | D:14     | Found a runed translucent gate.
 15364 | D:13     | Reached skill level 13 in Spellcasting
 15364 | D:13     | Reached skill level 13 in Conjurations
 15364 | D:13     | Reached skill level 13 in Hexes
 15364 | D:13     | Reached skill level 13 in Summonings
 15364 | D:13     | Reached skill level 13 in Necromancy
 15364 | D:13     | Reached skill level 13 in Translocations
 15364 | D:13     | Reached skill level 13 in Transmutations
 15364 | D:13     | Reached skill level 13 in Fire Magic
 15364 | D:13     | Reached skill level 13 in Ice Magic
 15364 | D:13     | Reached skill level 13 in Air Magic
 15364 | D:13     | Reached skill level 13 in Earth Magic
 15364 | D:13     | Reached skill level 13 in Poison Magic
 15434 | D:13     | Identified the +8 whip of the Thirteen Songs {holy, +Blink
                  | rElec SInv}
 15592 | D:12     | Reached skill level 9 in Evocations
 15648 | D:12     | Reached skill level 9 in Dodging
 15753 | D:12     | Noticed a deep elf annihilator
 15758 | D:12     | Killed a deep elf annihilator
 15758 | D:12     | Reached ****** piety under Makhleb
 15865 | D:12     | Noticed a frost giant
 15881 | D:12     | Killed a frost giant
 16566 | D:5      | Bought a potion of invisibility for 80 gold pieces
 16566 | D:5      | Bought a potion of brilliance for 40 gold pieces
 16669 | Lair:1   | Entered Level 1 of the Lair of Beasts
 17515 | Lair:2   | Reached skill level 10 in Dodging
 17515 | Lair:2   | Reached XP level 15. HP: 84/107 MP: 0/0
 17515 | Lair:2   | Learned a level 6 spell: Death Channel
 17568 | Lair:2   | Reached skill level 10 in Evocations
 17589 | Lair:2   | Identified 3 potions of resistance
 17719 | Lair:2   | Reached skill level 14 in Spellcasting
 17719 | Lair:2   | Reached skill level 14 in Conjurations
 17719 | Lair:2   | Reached skill level 14 in Hexes
 17719 | Lair:2   | Reached skill level 14 in Summonings
 17719 | Lair:2   | Reached skill level 14 in Necromancy
 17719 | Lair:2   | Reached skill level 14 in Translocations
 17719 | Lair:2   | Reached skill level 14 in Transmutations
 17719 | Lair:2   | Reached skill level 14 in Fire Magic
 17719 | Lair:2   | Reached skill level 14 in Ice Magic
 17719 | Lair:2   | Reached skill level 14 in Air Magic
 17719 | Lair:2   | Reached skill level 14 in Earth Magic
 17719 | Lair:2   | Reached skill level 14 in Poison Magic
 17831 | Lair:2   | Identified the staff "Mirhoir" {rElec rC+ Air}
 17952 | Lair:2   | Identified the staff "Omirghuzu" {Int+4 Conj}
 18023 | Lair:2   | Reached skill level 6 in Stealth
 18943 | Lair:3   | Found a dark tunnel.
 18990 | Volcano  | Entered a volcano
 19211 | Volcano  | Found a bloodstained altar of Trog.
 19218 | Volcano  | Noticed a stone giant
 19224 | Volcano  | Killed a stone giant
 19225 | Volcano  | Reached skill level 11 in Evocations
 19741 | Lair:3   | Found a staircase to the Shoals.
 19864 | Lair:3   | Found a staircase to the Snake Pit.
 20685 | Lair:4   | Reached skill level 7 in Stealth
 20849 | Lair:4   | Identified the +0 falchion "Oblan" {holy, rF+ rN+ Dex+4}
 21025 | Lair:5   | Entered Level 5 of the Lair of Beasts
 21037 | Lair:5   | Found a staircase to the Slime Pits.
 21051 | Lair:5   | Reached XP level 16. HP: 113/113 MP: 0/0
 21220 | Lair:5   | Reached skill level 15 in Spellcasting
 21220 | Lair:5   | Reached skill level 15 in Conjurations
 21220 | Lair:5   | Reached skill level 15 in Hexes
 21220 | Lair:5   | Reached skill level 15 in Summonings
 21220 | Lair:5   | Reached skill level 15 in Necromancy
 21220 | Lair:5   | Reached skill level 15 in Translocations
 21220 | Lair:5   | Reached skill level 15 in Transmutations
 21220 | Lair:5   | Reached skill level 15 in Fire Magic
 21220 | Lair:5   | Reached skill level 15 in Ice Magic
 21220 | Lair:5   | Reached skill level 15 in Air Magic
 21220 | Lair:5   | Reached skill level 15 in Earth Magic
 21220 | Lair:5   | Reached skill level 15 in Poison Magic
 21617 | Lair:5   | Identified the +1 robe "Jeckoh" {Will+}
 21772 | Lair:5   | Found a broken altar of Ashenzari.
 22455 | Orc:1    | Entered Level 1 of the Orcish Mines
 22489 | Orc:1    | Noticed Snorg
 22494 | Orc:1    | Killed Snorg
 22582 | Orc:2    | Entered Level 2 of the Orcish Mines
 22726 | Orc:2    | Reached skill level 8 in Stealth
 22789 | Orc:2    | Reached skill level 12 in Evocations
 23077 | Orc:2    | Found Yrearoek's Book Emporium.
 23077 | Orc:2    | Found Rud Wio's Antique Armour Boutique.
 23328 | Orc:2    | Found Kinlur's Antique Weapon Emporium.
 23328 | Orc:2    | Found Cumpuluo's General Store.
 23343 | Orc:2    | Bought a scroll of identify for 32 gold pieces
 23428 | Orc:2    | Found a staircase to the Elven Halls.
 23482 | Orc:2    | Bought a masterwork ring mail for 225 gold pieces
 23482 | Orc:2    | Identified the +2 ring mail of the Shining Light {Dex+5}
                  | (You bought it in a shop on level 2 of the Orcish Mines)
 23639 | Orc:1    | Noticed Harold
 23646 | Orc:1    | Killed Harold
 24081 | D:5      | Bought a scroll of acquirement for 728 gold pieces
 24082 | D:5      | Acquired a +0 demon blade of electrocution
 24116 | D:5      | Bought a scroll of identify for 22 gold pieces
 24116 | D:5      | Bought a scroll of identify for 22 gold pieces
 24116 | D:5      | Bought a scroll of identify for 22 gold pieces
 24116 | D:5      | Bought a scroll of identify for 22 gold pieces
 24442 | D:13     | Identified the +2 robe "Earthly Heaven" {rElec Stlth+
                  | Archmagi}
 24481 | D:13     | Noticed Erolcha
 24486 | D:13     | Killed Erolcha
 24635 | D:13     | Reached skill level 1 in Shields
 24731 | D:13     | Found a gate to the Vaults.
 24895 | D:14     | Reached skill level 16 in Spellcasting
 24895 | D:14     | Reached skill level 16 in Conjurations
 24895 | D:14     | Reached skill level 16 in Hexes
 24895 | D:14     | Reached skill level 16 in Summonings
 24895 | D:14     | Reached skill level 16 in Necromancy
 24895 | D:14     | Reached skill level 16 in Translocations
 24895 | D:14     | Reached skill level 16 in Transmutations
 24895 | D:14     | Reached skill level 16 in Fire Magic
 24895 | D:14     | Reached skill level 16 in Ice Magic
 24895 | D:14     | Reached skill level 16 in Air Magic
 24895 | D:14     | Reached skill level 16 in Earth Magic
 24895 | D:14     | Reached skill level 16 in Poison Magic
 24895 | D:14     | Reached XP level 17. HP: 116/119 MP: 0/0
 24895 | D:14     | Learned a level 6 spell: Dispersal
 24896 | D:14     | Reached skill level 2 in Shields
 24902 | D:14     | Reached skill level 9 in Stealth
 25279 | D:14     | Found a runed translucent gate.
 25281 | D:14     | Noticed osoart's ghost (journeyman TrSh)
 25281 | D:14     | Noticed Jaliuk's ghost (journeyman DECj)
 25488 | D:15     | Reached skill level 3 in Shields
 25590 | D:15     | Found an iron altar of Okawaru.
 25848 | D:15     | Reached skill level 4 in Shields
 25901 | D:15     | Found a staircase to the Depths.
 25970 | D:15     | Noticed Goalis's ghost (journeyman GrFi)
 25971 | D:15     | Noticed Xiynir's ghost (adept VSSh)
 25971 | D:15     | Noticed Xiynir's ghost (adept VSSh)
 26455 | D:15     | Killed Xiynir's ghost
 26455 | D:15     | Killed Xiynir's ghost
 26469 | D:15     | Killed Goalis's ghost
 26548 | D:14     | Killed Jaliuk's ghost
 26551 | D:14     | Killed osoart's ghost
 26815 | Snake:1  | Entered Level 1 of the Snake Pit
 26819 | Snake:1  | Reached skill level 5 in Shields
 26862 | Snake:1  | Reached skill level 10 in Stealth
 26878 | Snake:1  | Found a runed translucent door.
 27055 | Snake:1  | Found Vaune's Weapon Shop.
 27059 | Snake:1  | Found Bine's Armour Boutique.
 27060 | Snake:1  | Found Ymetiept's Antique Armour Shop.
 27067 | Snake:1  | Bought a dazzling hat for 225 gold pieces
 27067 | Snake:1  | Identified the +4 hat of the End {rPois Str+5 Dex-3} (You
                  | bought it in a shop on level 1 of the Snake Pit)
 27346 | Snake:1  | Reached XP level 18. HP: 121/126 MP: 0/0
 27350 | Snake:1  | Reached skill level 17 in Spellcasting
 27350 | Snake:1  | Reached skill level 17 in Conjurations
 27350 | Snake:1  | Reached skill level 17 in Hexes
 27350 | Snake:1  | Reached skill level 17 in Summonings
 27350 | Snake:1  | Reached skill level 17 in Necromancy
 27350 | Snake:1  | Reached skill level 17 in Translocations
 27350 | Snake:1  | Reached skill level 17 in Transmutations
 27350 | Snake:1  | Reached skill level 17 in Fire Magic
 27350 | Snake:1  | Reached skill level 17 in Ice Magic
 27350 | Snake:1  | Reached skill level 17 in Air Magic
 27350 | Snake:1  | Reached skill level 17 in Earth Magic
 27350 | Snake:1  | Reached skill level 17 in Poison Magic
 27822 | Snake:2  | Reached skill level 11 in Dodging
 27985 | Snake:2  | Reached skill level 11 in Fighting
 28190 | Snake:2  | Noticed Aizul
 28202 | Snake:2  | Killed Aizul
 28716 | Snake:3  | Identified the +6 scale mail "Perih" {Will+ Str+5 Int+3
                  | Stlth-}
 28750 | Snake:3  | Noticed Bai Suzhen
 28768 | Snake:3  | Killed Bai Suzhen
 29064 | Snake:3  | Reached skill level 12 in Dodging
 29380 | Snake:3  | Noticed Azrael
 29384 | Snake:3  | Killed Azrael
 29386 | Snake:3  | Reached XP level 19. HP: 80/135 MP: 0/0
 29386 | Snake:3  | Learned a level 6 spell: Summon Cactus Giant
 29917 | Snake:4  | Entered Level 4 of the Snake Pit
 29999 | Snake:4  | Reached skill level 12 in Fighting
 30090 | Snake:4  | Reached skill level 18 in Spellcasting
 30090 | Snake:4  | Reached skill level 18 in Conjurations
 30090 | Snake:4  | Reached skill level 18 in Hexes
 30090 | Snake:4  | Reached skill level 18 in Summonings
 30090 | Snake:4  | Reached skill level 18 in Necromancy
 30090 | Snake:4  | Reached skill level 18 in Translocations
 30090 | Snake:4  | Reached skill level 18 in Transmutations
 30090 | Snake:4  | Reached skill level 18 in Fire Magic
 30090 | Snake:4  | Reached skill level 18 in Ice Magic
 30090 | Snake:4  | Reached skill level 18 in Air Magic
 30090 | Snake:4  | Reached skill level 18 in Earth Magic
 30090 | Snake:4  | Reached skill level 18 in Poison Magic
 30306 | Snake:4  | Found Gelaumni's Jewellery Shoppe.
 30881 | Snake:4  | Reached skill level 6 in Armour
 30881 | Snake:4  | Reached skill level 6 in Shields
 31030 | Snake:4  | Got a serpentine rune of Zot
 31248 | Snake:4  | Reached skill level 13 in Dodging
 31958 | Elf:1    | Entered Level 1 of the Elven Halls
 31974 | Elf:1    | Reached XP level 20. HP: 143/143 MP: 0/0
 32074 | Elf:1    | Paralysed by an air elemental for 1 turns
 32082 | Elf:1    | Noticed Asterion
 32095 | Elf:1    | Killed Asterion
 32096 | Elf:1    | Noticed Norris
 32129 | Elf:1    | Killed Norris
 32187 | Elf:1    | Paralysed by an air elemental for 1 turns
 32192 | Elf:1    | Paralysed by an air elemental for 1 turns
 32195 | Elf:1    | Paralysed by an air elemental for 1 turns
 32215 | Elf:1    | Found Caisch's General Store.
 32219 | Elf:1    | Found Anwo Nuss's Specific Store.
 32852 | Elf:2    | Reached skill level 7 in Armour
 32852 | Elf:2    | Reached skill level 7 in Shields
 32899 | Elf:2    | Found a runed translucent gate.
 32899 | Elf:2    | Found a runed translucent gate.
 32899 | Elf:2    | Found a runed translucent gate.
 32988 | Elf:2    | Paralysed by an air elemental for 1 turns
 33020 | Elf:2    | Reached skill level 13 in Fighting
 33192 | Elf:2    | Reached skill level 13 in Evocations
 33192 | Elf:2    | Upgraded the game from 0.31-a0-654-gbe3e110b4e to
                  | 0.31-a0-656-gb4d89c20fa
 33699 | Elf:3    | Entered Level 3 of the Elven Halls
 34567 | Elf:3    | Reached XP level 21. HP: 149/149 MP: 0/0
 34567 | Elf:3    | Learned a level 8 spell: Infestation
 34591 | Elf:3    | Identified the +6 ring mail of the Treeataur {rC+ Regen+
                  | SInv}
 34653 | Elf:3    | Noticed a Tzitzimitl
 34655 | Elf:3    | Reached skill level 8 in Armour
 34655 | Elf:3    | Reached skill level 8 in Shields
 34673 | Elf:3    | Reached skill level 14 in Dodging
 34737 | Elf:3    | Noticed a Brimstone Fiend
 34777 | Elf:3    | Identified the ring of Koasytih {MP+9 Slay+2}
 34785 | Elf:3    | Identified the +5 hand axe of Gazebrus {holy, rElec rN+++
                  | Will+ Int-2}
 34833 | Elf:3    | Identified the +1 great sword of the Rat {protect, rN+}
 34870 | Elf:3    | Identified the amulet "Larank" {Acrobat *Corrode rPois
                  | Will+ MP+9}
 34878 | Elf:3    | Identified the amulet "Holo" {Acrobat rPois Will+}
 34974 | Elf:3    | Identified the staff "Fudan Vasob" {rElec rF+ Dex+2 Air}
 35027 | Elf:3    | Identified the staff "Meddin" {rElec rPois rF- Int+2
                  | Poison}
 35913 | Elf:3    | Reached skill level 19 in Spellcasting
 35913 | Elf:3    | Reached skill level 19 in Conjurations
 35913 | Elf:3    | Reached skill level 19 in Hexes
 35913 | Elf:3    | Reached skill level 19 in Summonings
 35913 | Elf:3    | Reached skill level 19 in Necromancy
 35913 | Elf:3    | Reached skill level 19 in Translocations
 35913 | Elf:3    | Reached skill level 19 in Transmutations
 35913 | Elf:3    | Reached skill level 19 in Fire Magic
 35913 | Elf:3    | Reached skill level 19 in Ice Magic
 35913 | Elf:3    | Reached skill level 19 in Air Magic
 35913 | Elf:3    | Reached skill level 19 in Earth Magic
 35913 | Elf:3    | Reached skill level 19 in Poison Magic
 36292 | Shoals:1 | Entered Level 1 of the Shoals
 36516 | Shoals:1 | Found Icabusec's Assorted Antiques.
 36888 | Shoals:1 | Identified the +8 tower shield "Hozir" {Regen+ Int+2 Dex-2
                  | Slay+2}
 37365 | Shoals:2 | Found a frozen archway.
 37385 | IceCv    | Entered an ice cave
 37717 | Shoals:2 | Noticed Donald
 37721 | Shoals:2 | Reached skill level 9 in Armour
 37721 | Shoals:2 | Reached skill level 9 in Shields
 37725 | Shoals:2 | Noticed Mlioglotl
 37727 | Shoals:2 | Killed Donald
 37728 | Shoals:2 | Reached skill level 14 in Fighting
 37737 | Shoals:2 | Killed Mlioglotl
 37809 | Shoals:2 | Noticed Polyphemus
 37821 | Shoals:2 | Killed Polyphemus
 37842 | Shoals:2 | Reached skill level 14 in Evocations
 38149 | Shoals:2 | Noticed Roxanne
 38200 | Shoals:2 | Killed Roxanne
 38201 | Shoals:2 | Reached XP level 22. HP: 151/158 MP: 0/0
 39483 | Shoals:4 | Entered Level 4 of the Shoals
 39652 | Shoals:4 | Found Usovao's CLEARANCE SALE!.
 39689 | Shoals:4 | Reached skill level 15 in Dodging
 39879 | Shoals:4 | Got a barnacled rune of Zot
 40241 | Shoals:4 | Identified the +5 shortbow "Killer Klown's Regret"
                  | {antimagic, rN+ Int+2 SInv}
 41246 | Elf:2    | Reached skill level 10 in Armour
 41246 | Elf:2    | Reached skill level 10 in Shields
 41768 | Vaults:1 | Entered Level 1 of the Vaults
 42352 | Vaults:1 | Reached XP level 23. HP: 166/166 MP: 0/0
 42352 | Vaults:1 | Learned a level 8 spell: Discord
 43285 | Vaults:1 | Reached skill level 15 in Fighting
 43433 | Vaults:1 | Reached skill level 15 in Evocations
 44024 | Vaults:2 | Reached skill level 20 in Spellcasting
 44024 | Vaults:2 | Reached skill level 20 in Conjurations
 44024 | Vaults:2 | Reached skill level 20 in Hexes
 44024 | Vaults:2 | Reached skill level 20 in Summonings
 44024 | Vaults:2 | Reached skill level 20 in Necromancy
 44024 | Vaults:2 | Reached skill level 20 in Translocations
 44024 | Vaults:2 | Reached skill level 20 in Transmutations
 44024 | Vaults:2 | Reached skill level 20 in Fire Magic
 44024 | Vaults:2 | Reached skill level 20 in Ice Magic
 44024 | Vaults:2 | Reached skill level 20 in Air Magic
 44024 | Vaults:2 | Reached skill level 20 in Earth Magic
 44024 | Vaults:2 | Reached skill level 20 in Poison Magic
 44171 | Vaults:2 | Reached skill level 11 in Shields
 44264 | Vaults:2 | Reached skill level 1 in Shapeshifting
 44776 | Vaults:2 | Found a staircase to the Crypt.
 45134 | D:10     | Acquired the ring of Syodij {rElec Will+ Dex+3}
 45139 | D:10     | Acquired the +5 buckler of Jisalaju {rC+}
 45408 | Vaults:3 | Reached skill level 2 in Shapeshifting
 45686 | Vaults:3 | Noticed a dread lich
 45691 | Vaults:3 | Reached skill level 3 in Shapeshifting
 45869 | Vaults:3 | Reached skill level 12 in Shields
 45996 | Vaults:3 | Reached skill level 4 in Shapeshifting
 46135 | Vaults:3 | Killed a dread lich
 46187 | Vaults:3 | Reached XP level 24. HP: 173/173 MP: 0/0
 46319 | Vaults:3 | Identified the +2 rapier of Sagetesk {flame, rPois Str+2}
 46387 | Vaults:3 | Reached skill level 5 in Shapeshifting
 47015 | Vaults:3 | Identified the ring "Daofroy" {rElec rF+ rN+ Dex+3 Stlth+}
 47204 | Vaults:4 | Found Waffix's Magic Scroll Boutique.
 47229 | Vaults:4 | Found a magical portal.
 47243 | WizLab   | Entered The Hall of the Hellbinder
 47312 | WizLab   | Reached skill level 13 in Shields
 47537 | WizLab   | Reached skill level 6 in Shapeshifting
 47592 | WizLab   | Found a burning altar of Makhleb.
 47619 | WizLab   | Identified a +1 robe of resistance
 47808 | Vaults:4 | Bought a scroll of acquirement for 936 gold pieces
 47810 | Vaults:4 | Acquired 1161 gold pieces
 48018 | Vaults:4 | Reached skill level 21 in Fire Magic
 48414 | Vaults:4 | Noticed a dread lich
 48438 | Vaults:4 | Killed a dread lich
 48637 | Vaults:4 | Reached skill level 7 in Shapeshifting
 49106 | Crypt:1  | Entered Level 1 of the Crypt
 49108 | Crypt:1  | Noticed a curse skull
 49114 | Crypt:1  | Reached skill level 21 in Spellcasting
 49114 | Crypt:1  | Reached skill level 21 in Conjurations
 49114 | Crypt:1  | Reached skill level 21 in Hexes
 49114 | Crypt:1  | Reached skill level 21 in Summonings
 49114 | Crypt:1  | Reached skill level 21 in Necromancy
 49114 | Crypt:1  | Reached skill level 21 in Translocations
 49114 | Crypt:1  | Reached skill level 21 in Transmutations
 49114 | Crypt:1  | Reached skill level 21 in Ice Magic
 49114 | Crypt:1  | Reached skill level 21 in Air Magic
 49114 | Crypt:1  | Reached skill level 21 in Earth Magic
 49114 | Crypt:1  | Reached skill level 21 in Poison Magic
 49279 | Vaults:2 | Killed a curse skull
 49524 | Crypt:1  | Noticed Zenata
 49538 | Crypt:1  | Reached skill level 14 in Shields
 49608 | Vaults:2 | Reached XP level 25. HP: 96/178 MP: 0/0
 49608 | Vaults:2 | Learned a level 8 spell: Ignition
 49719 | Crypt:1  | Killed Zenata
 49727 | Crypt:1  | Noticed Vv
 49748 | Crypt:1  | Killed Vv
 50315 | Crypt:1  | Reached skill level 8 in Shapeshifting
 50383 | Crypt:2  | Noticed a curse skull
 50502 | Crypt:2  | Killed a curse skull
 50838 | Crypt:2  | Reached skill level 22 in Fire Magic
 51270 | Crypt:2  | Identified the +9 dagger of the Wolf {heavy, rN++ rCorr
                  | Dex-5}
 51434 | Crypt:3  | Entered Level 3 of the Crypt
 52161 | Crypt:3  | Upgraded the game from 0.31-a0-656-gb4d89c20fa to
                  | 0.31-a0-662-g684573625c
 52169 | Crypt:3  | Reached skill level 15 in Shields
 52199 | Crypt:3  | Reached skill level 9 in Shapeshifting
 52400 | Crypt:3  | Identified the staff of Capital Punishment {Fragile Fly rC+
                  | Int+3 Ice}
 52651 | Crypt:3  | Identified the +0 rapier of the Real Monster {holy, Dex+3}
 52776 | Crypt:3  | Identified the ring "Noph" {rElec rCorr MP+9 Str+4}
 52837 | Crypt:3  | Noticed an ancient lich
 52843 | Crypt:3  | Killed an ancient lich
 52851 | Crypt:3  | Reached skill level 10 in Shapeshifting
 52880 | Crypt:3  | Found a staircase to the Tomb.
 52907 | Crypt:3  | Identified the amulet of Amece {RegenMP rC+ Int+4}
 52932 | Crypt:3  | Identified the ring of Bodily Harmony {rN+ rCorr}
 52932 | Crypt:3  | Identified the ring of Ephemeral Luck {rN+ Int+3}
 52932 | Crypt:3  | Identified the ring "Ciur" {rElec rC+ rN+ Str+2 SInv}
 53553 | D:5      | Bought a scroll of revelation for 105 gold pieces
 53559 | D:5      | Bought a box of beasts for 400 gold pieces
 53770 | Depths:1 | Entered Level 1 of the Depths
 53780 | Depths:1 | Reached skill level 23 in Fire Magic
 53780 | Depths:1 | Reached XP level 26. HP: 184/184 MP: 0/0
 53831 | Depths:1 | Found Gaetz's Assorted Antiques.
 53834 | Depths:1 | Found a gateway to Hell.
 53834 | Depths:1 | Found Nerorefy's Magic Scroll Boutique.
 53836 | Depths:1 | Found Ediolidd's Armour Shop.
 53873 | Depths:1 | Bought an ancient granite ring for 130 gold pieces
 53873 | Depths:1 | Identified the ring "Nacax" {rPois MP+9 Str+3} (You bought
                  | it in a shop on level 1 of the Depths)
 54130 | Depths:1 | Reached skill level 22 in Spellcasting
 54130 | Depths:1 | Reached skill level 22 in Conjurations
 54130 | Depths:1 | Reached skill level 22 in Hexes
 54130 | Depths:1 | Reached skill level 22 in Summonings
 54130 | Depths:1 | Reached skill level 22 in Necromancy
 54130 | Depths:1 | Reached skill level 22 in Translocations
 54130 | Depths:1 | Reached skill level 22 in Transmutations
 54130 | Depths:1 | Reached skill level 22 in Ice Magic
 54130 | Depths:1 | Reached skill level 22 in Air Magic
 54130 | Depths:1 | Reached skill level 22 in Earth Magic
 54130 | Depths:1 | Reached skill level 22 in Poison Magic
 54223 | Depths:1 | Reached skill level 11 in Shapeshifting
 54717 | Depths:1 | Found a one-way gateway to a ziggurat.
 55043 | Depths:2 | Reached skill level 12 in Shapeshifting
 55371 | Depths:2 | Found a one-way gate leading to the halls of Pandemonium.
 55423 | Depths:2 | Found a sacrificial altar of Ru.
 56111 | Depths:2 | Reached skill level 13 in Shapeshifting
 56549 | Depths:3 | Found Xelur's General Store.
 56587 | Depths:3 | Found a one-way gate to the infinite horrors of the Abyss.
 56612 | Depths:3 | Found a flickering gateway to a bazaar.
 56636 | Bazaar   | Entered a bazaar
 56734 | Bazaar   | Found Naurph's Assorted Antiques.
 56747 | Bazaar   | Found Fovatt's Jewellery Boutique.
 56774 | Bazaar   | Found Ogouqox's General Store.
 56774 | Bazaar   | Found Jeiniodosenn's Distillery.
 56780 | Bazaar   | Bought a scroll of brand weapon for 104 gold pieces
 56780 | Bazaar   | Bought a scroll of fog for 44 gold pieces
 56789 | Bazaar   | Bought a potion of haste for 120 gold pieces
 56789 | Bazaar   | Bought a potion of resistance for 120 gold pieces
 56789 | Bazaar   | Bought a potion of curing for 36 gold pieces
 56789 | Bazaar   | Bought a potion of haste for 120 gold pieces
 56789 | Bazaar   | Bought a potion of cancellation for 96 gold pieces
 56789 | Bazaar   | Bought a potion of curing for 36 gold pieces
 56789 | Bazaar   | Bought a potion of curing for 36 gold pieces
 57017 | Depths:3 | Found Larcher's Antique Weapon Shoppe.
 57501 | Depths:3 | Reached skill level 14 in Shapeshifting
 57526 | Depths:3 | Noticed a caustic shrike
 57534 | Depths:3 | Killed a caustic shrike
 57668 | Depths:3 | Identified the +1 buckler of Liberty {Will+}
 57714 | Depths:3 | Noticed a juggernaut
 57730 | Depths:3 | Killed a juggernaut
 57731 | Depths:3 | Reached XP level 27. HP: 163/190 MP: 0/0
 57731 | Depths:3 | Learned a level 9 spell: Shatter
 57923 | Depths:4 | Entered Level 4 of the Depths
 58579 | Depths:4 | Reached skill level 15 in Shapeshifting
 59173 | Depths:4 | Found a gate to the Realm of Zot.
 59578 | Depths:4 | Reached skill level 16 in Shapeshifting
 60126 | Vaults:5 | Entered Level 5 of the Vaults
 60154 | Vaults:5 | Reached skill level 17 in Shapeshifting
 60183 | Vaults:5 | Found Caym's Magic Scroll Shop.
 60194 | Vaults:5 | Found Saseoske's Antique Armour Shop.
 60200 | Vaults:5 | Found Zeoskor's Antique Armour Shoppe.
 60205 | Vaults:5 | Noticed an ancient lich
 60209 | Vaults:5 | Killed an ancient lich
 60219 | Vaults:5 | Found Xomn's Book Boutique.
 60245 | Vaults:5 | Reached skill level 18 in Shapeshifting
 60547 | Vaults:5 | Found Jiteosei's Distillery.
 60604 | Vaults:5 | Noticed an ancient lich
 60620 | Vaults:5 | Killed an ancient lich
 60976 | Vaults:5 | Reached skill level 19 in Shapeshifting
 60980 | Vaults:5 | Found Govat's General Store.
 61089 | Vaults:5 | Got a silver rune of Zot
 61556 | Vaults:5 | Found Nirenwol's Distillery.
 61663 | Vaults:5 | Bought a potion of cancellation for 120 gold pieces
 61757 | Vaults:5 | Identified the +8 short sword "Xakhlax" {freeze, rF+ Dex+2}
 61917 | Vaults:5 | Bought a scroll of revelation for 142 gold pieces
 61917 | Vaults:5 | Bought a scroll of summoning for 180 gold pieces
 61917 | Vaults:5 | Bought a scroll of revelation for 142 gold pieces
 61921 | Vaults:5 | Bought a runed cloak for 345 gold pieces
 61921 | Vaults:5 | Bought a heavily runed troll leather armour for 920 gold
                  | pieces
 61921 | Vaults:5 | Identified the +2 troll leather armour of Deh Viuc {rC+
                  | Regen+ Dex+2} (You bought it in a shop on level 5 of the
                  | Vaults)
 61921 | Vaults:5 | Bought a slimy ring mail for 414 gold pieces
 61921 | Vaults:5 | Identified the +0 ring mail of Gehenna {+Blink Will+ Str-5
                  | SInv} (You bought it in a shop on level 5 of the Vaults)
 61933 | Vaults:5 | Bought an ichor-stained scale mail for 360 gold pieces
 61933 | Vaults:5 | Identified the +0 scale mail "Mecyxon" {Str+8} (You bought
                  | it in a shop on level 5 of the Vaults)
 62271 | Zot:1    | Entered Level 1 of the Realm of Zot
 62271 | Zot:1    | Noticed an electric golem
 62280 | Zot:1    | Killed an electric golem
 62317 | Zot:1    | Noticed a curse toe
 62325 | Zot:1    | Killed a curse toe
 62726 | Zot:1    | Noticed an electric golem
 62739 | Zot:1    | Killed an electric golem
 62943 | Zot:1    | Reached skill level 20 in Shapeshifting
 63403 | Zot:1    | Identified the ring "Ryquideo" {Str+2 Int+6}
 64070 | Zot:2    | Found a transporter.
 64070 | Zot:2    | Noticed Xapeig's ghost (legendary GrAr)
 64070 | Zot:2    | Noticed an orb of fire
 64074 | Zot:2    | Found a transporter.
 64144 | Zot:2    | Found a glowing silver altar of Zin.
 64148 | Zot:2    | You are sucked into a shaft and drop 2 floors!
 65104 | Zot:3    | Reached skill level 21 in Shapeshifting
 65334 | Zot:3    | Noticed Parghit
 65356 | Zot:3    | Killed Parghit
 66954 | Vaults:5 | Bought a manual of Fighting for 1440 gold pieces
 67359 | Lair:5   | Gained mutation: You do not regenerate when monsters are
                  | visible. [potion of mutation]
 67359 | Lair:5   | Gained mutation: You are covered in fur. (AC +1) [potion of
                  | mutation]
 67359 | Lair:5   | Gained mutation: A frigid envelope surrounds you and
                  | freezes all who hurt you. [potion of mutation]
 67360 | Lair:5   | Lost mutation: A frigid envelope surrounds you and freezes
                  | all who hurt you. [potion of mutation]
 67360 | Lair:5   | Lost mutation: You are covered in fur. (AC +1) [potion of
                  | mutation]
 67360 | Lair:5   | Gained mutation: You are dopey. (Int -2) [potion of
                  | mutation]
 67361 | Lair:5   | Lost mutation: You do not regenerate when monsters are
                  | visible. [potion of mutation]
 67361 | Lair:5   | Lost mutation: You are dopey. (Int -2) [potion of mutation]
 67361 | Lair:5   | Gained mutation: You expend health (3 HP) to strengthen
                  | your wands. [potion of mutation]
 67361 | Lair:5   | Gained mutation: You passively dampen the noise of your
                  | surroundings. [potion of mutation]
 68201 | Slime:1  | Entered Level 1 of the Pits of Slime
 69511 | Slime:3  | Reached skill level 16 in Fighting
 70226 | Slime:5  | Entered Level 5 of the Pits of Slime
 70506 | Slime:5  | Reached skill level 24 in Fire Magic
 70816 | Slime:4  | Reached skill level 17 in Fighting
 70818 | Slime:4  | Reached skill level 22 in Shapeshifting
 71118 | Slime:5  | Found a viscous altar of Jiyva.
 71133 | Slime:5  | Found the +10 dark maul {heavy}
 71228 | Slime:5  | Noticed the Royal Jelly
 71235 | Slime:5  | Killed the Royal Jelly
 71346 | Slime:5  | Identified the ring "Mennur" {rC+ rN+ rCorr Str+6}
 71364 | Slime:5  | Identified the +5 short sword of Ascent {venom, rElec rF-
                  | rC+ Str+3}
 71380 | Slime:5  | Got a slimy rune of Zot
 71383 | Slime:5  | Identified a +1 crystal plate armour
 71385 | Slime:5  | Identified the +0 steam dragon scales of the Dolphin {Harm
                  | *Corrode Str+3 Dex+5}
 71386 | Slime:5  | Identified the ring of Tuthril {Fly rElec Str+4}
 71388 | Slime:5  | Identified the ring "Caale" {Fire rN+ Slay+3}
 71426 | Slime:5  | Identified the staff of the Smoking Scavenger {rF+ rN+ Fire
                  | Air}
 71430 | Slime:5  | Identified the staff of the Grinning Gods {rPois rC+ Will-
                  | Str-2 Int+2 Dex+4 Poison}
 72359 | Depths:3 | Voluntarily entered the Abyss.
 72648 | Abyss:1  | Found a basalt altar of Yredelemnul.
 72651 | Abyss:1  | Found a corrupted altar of Lugonu.
 73176 | Depths:3 | You pass through the gate.
 73176 | Depths:3 | Escaped the Abyss
 73186 | Depths:3 | Voluntarily entered the Abyss.
 73186 | Abyss:1  | Noticed a dread lich
 73192 | Abyss:1  | Killed a dread lich
 73202 | Abyss:1  | Reached skill level 18 in Fighting
 73660 | Depths:3 | You pass through the gate.
 73660 | Depths:3 | Escaped the Abyss
 74017 | Snake:1  | Bought 3 boomerangs for 90 gold pieces
 74302 | Orc:2    | Bought 2 javelins for 96 gold pieces
 74546 | Vaults:5 | Bought 3 silver javelins for 324 gold pieces
 74814 | Depths:3 | Voluntarily entered the Abyss.
 75185 | Abyss:1  | Found a corrupted altar of Lugonu.
 75210 | Depths:3 | You pass through the gate.
 75210 | Depths:3 | Escaped the Abyss
 75722 | Depths:3 | Voluntarily entered the Abyss.
 75801 | Abyss:1  | Found a corrupted altar of Lugonu.
 76015 | Abyss:1  | Found a corrupted altar of Lugonu.
 76075 | Abyss:1  | Found a corrupted altar of Lugonu.
 76160 | Abyss:1  | Reached skill level 25 in Fire Magic
 76168 | Abyss:1  | Found a transporter.
 76182 | Abyss:1  | Identified the ring of the Sharp God {Fire rCorr Str+5
                  | Slay+3 Stlth-}
 76204 | Abyss:1  | Found a transporter.
 76262 | Depths:3 | You pass through the gate.
 76262 | Depths:3 | Escaped the Abyss
 76270 | Depths:3 | Voluntarily entered the Abyss.
 76343 | Abyss:1  | Reached skill level 19 in Fighting
 76523 | Abyss:1  | Reached skill level 23 in Spellcasting
 76523 | Abyss:1  | Reached skill level 23 in Conjurations
 76523 | Abyss:1  | Reached skill level 23 in Hexes
 76523 | Abyss:1  | Reached skill level 23 in Summonings
 76523 | Abyss:1  | Reached skill level 23 in Necromancy
 76523 | Abyss:1  | Reached skill level 23 in Translocations
 76523 | Abyss:1  | Reached skill level 23 in Transmutations
 76523 | Abyss:1  | Reached skill level 23 in Ice Magic
 76523 | Abyss:1  | Reached skill level 23 in Air Magic
 76523 | Abyss:1  | Reached skill level 23 in Earth Magic
 76523 | Abyss:1  | Reached skill level 23 in Poison Magic
 76556 | Abyss:1  | You are cast deeper into the Abyss!
 76556 | Abyss:2  | Found a corrupted altar of Lugonu.
 76602 | Depths:3 | You pass through the gate.
 76602 | Depths:3 | Escaped the Abyss
 76710 | Hell     | Entered the Vestibule of Hell
 76711 | Hell     | Noticed Geryon
 76717 | Hell     | Noticed a curse skull
 76718 | Hell     | Killed a curse skull
 76735 | Hell     | Killed Geryon
 76808 | Hell     | Found a gateway to the freezing wastes of Cocytus.
 76878 | Hell     | Found a gateway to the decaying netherworld of Tartarus.
 76999 | Hell     | Found a gateway to the ashen valley of Gehenna.
 77067 | Hell     | Found a gateway to the Iron City of Dis.
 77303 | Depths:3 | Voluntarily entered the Abyss.
 77326 | Abyss:2  | Found a corrupted altar of Lugonu.
 77423 | Abyss:2  | Reached skill level 1 in Throwing
 77433 | Depths:3 | You pass through the gate.
 77433 | Depths:3 | Escaped the Abyss
 77451 | Depths:3 | Voluntarily entered the Abyss.
 77456 | Abyss:2  | Found a corrupted altar of Lugonu.
 77788 | Abyss:2  | Reached skill level 2 in Throwing
 77952 | Abyss:2  | Found a corrupted altar of Lugonu.
 78181 | Abyss:2  | Found a corrupted altar of Lugonu.
 78207 | Abyss:2  | Found a corrupted altar of Lugonu.
 78240 | Abyss:2  | Reached skill level 23 in Shapeshifting
 78311 | Abyss:2  | Reached skill level 3 in Throwing
 78511 | Abyss:2  | Reached skill level 1 in Maces & Flails
 78776 | Abyss:2  | Reached skill level 26 in Fire Magic
 78777 | Abyss:2  | Reached skill level 2 in Maces & Flails
 78791 | Abyss:2  | Reached skill level 4 in Throwing
 78858 | Abyss:2  | Reached skill level 20 in Fighting
 78943 | Depths:3 | You pass through the gate.
 78943 | Depths:3 | Escaped the Abyss
 79054 | Depths:3 | Voluntarily entered the Abyss.
 79348 | Abyss:2  | Reached skill level 3 in Maces & Flails
 79675 | Abyss:2  | Reached skill level 5 in Throwing
 79865 | Abyss:2  | Found a corrupted altar of Lugonu.
 79977 | Abyss:2  | Reached skill level 4 in Maces & Flails
 79978 | Depths:3 | You pass through the gate.
 79978 | Depths:3 | Escaped the Abyss
 80013 | Depths:3 | Voluntarily entered the Abyss.
 80233 | Abyss:2  | Found a corrupted altar of Lugonu.
 80446 | Abyss:2  | Noticed an ancient lich
 80455 | Abyss:2  | Killed an ancient lich
 80465 | Depths:3 | You pass through the gate.
 80465 | Depths:3 | Escaped the Abyss
 80480 | Depths:3 | Voluntarily entered the Abyss.
 80482 | Abyss:2  | Found a corrupted altar of Lugonu.
 80483 | Abyss:2  | Found a corrupted altar of Lugonu.
 80494 | Abyss:2  | Noticed a dread lich
 80505 | Abyss:2  | Killed a dread lich
 80506 | Abyss:2  | Reached skill level 6 in Throwing
 80621 | Abyss:2  | Found a corrupted altar of Lugonu.
 80635 | Abyss:2  | Reached skill level 1 in Staves
 80643 | Abyss:2  | Found a corrupted altar of Lugonu.
 80714 | Abyss:2  | Reached skill level 5 in Maces & Flails
 80942 | Abyss:2  | Reached skill level 2 in Staves
 81306 | Abyss:2  | Reached skill level 3 in Staves
 81607 | Abyss:2  | Reached skill level 6 in Maces & Flails
 81610 | Abyss:2  | Reached skill level 7 in Throwing
 81613 | Abyss:2  | Found a corrupted altar of Lugonu.
 81621 | Abyss:2  | Found a corrupted altar of Lugonu.
 81621 | Abyss:2  | Found a corrupted altar of Lugonu.
 81660 | Abyss:2  | Reached skill level 24 in Spellcasting
 81660 | Abyss:2  | Reached skill level 24 in Conjurations
 81660 | Abyss:2  | Reached skill level 24 in Hexes
 81660 | Abyss:2  | Reached skill level 24 in Summonings
 81660 | Abyss:2  | Reached skill level 24 in Necromancy
 81660 | Abyss:2  | Reached skill level 24 in Translocations
 81660 | Abyss:2  | Reached skill level 24 in Transmutations
 81660 | Abyss:2  | Reached skill level 24 in Ice Magic
 81660 | Abyss:2  | Reached skill level 24 in Air Magic
 81660 | Abyss:2  | Reached skill level 24 in Earth Magic
 81660 | Abyss:2  | Reached skill level 24 in Poison Magic
 81661 | Abyss:2  | Found a corrupted altar of Lugonu.
 81686 | Abyss:2  | Found a corrupted altar of Lugonu.
 81686 | Abyss:2  | Found a corrupted altar of Lugonu.
 81748 | Abyss:2  | Reached skill level 4 in Staves
 81750 | Abyss:2  | Found a corrupted altar of Lugonu.
 81763 | Abyss:2  | Found a corrupted altar of Lugonu.
 81763 | Abyss:2  | Found a corrupted altar of Lugonu.
 82101 | Abyss:2  | Found a corrupted altar of Lugonu.
 82147 | Abyss:2  | Found a corrupted altar of Lugonu.
 82239 | Abyss:2  | Reached skill level 21 in Fighting
 82351 | Abyss:2  | Found a broken altar of Ashenzari.
 82408 | Abyss:2  | Reached skill level 5 in Staves
 82475 | Abyss:2  | Reached skill level 8 in Throwing
 82475 | Abyss:2  | Found a broken altar of Ashenzari.
 82536 | Abyss:2  | Found a corrupted altar of Lugonu.
 82573 | Abyss:2  | Found a corrupted altar of Lugonu.
 82669 | Abyss:2  | Found a corrupted altar of Lugonu.
 82874 | Abyss:2  | Reached skill level 7 in Maces & Flails
 83240 | Abyss:2  | Reached skill level 9 in Throwing
 83272 | Abyss:2  | Reached skill level 6 in Staves
 83372 | Abyss:2  | Found a corrupted altar of Lugonu.
 83408 | Abyss:2  | Found a corrupted altar of Lugonu.
 83576 | Depths:3 | You pass through the gate.
 83576 | Depths:3 | Escaped the Abyss
 83909 | D:5      | Bought a scroll of enchant weapon for 105 gold pieces
 84188 | Depths:3 | Voluntarily entered the Abyss.
 84253 | Abyss:2  | Noticed an ancient lich
 84266 | Abyss:2  | Killed an ancient lich
 84301 | Abyss:2  | Found a corrupted altar of Lugonu.
 84347 | Abyss:2  | Noticed a dread lich
 84357 | Abyss:2  | Killed a dread lich
 84526 | Abyss:2  | Found a corrupted altar of Lugonu.
 84699 | Abyss:2  | Reached skill level 10 in Throwing
 84738 | Abyss:2  | Paralysed by accursed screaming for 1 turns
 84827 | Abyss:2  | Found a corrupted altar of Lugonu.
 84837 | Abyss:2  | Reached skill level 8 in Maces & Flails
 84837 | Abyss:2  | Reached skill level 7 in Staves
 84896 | Depths:3 | You pass through the gate.
 84896 | Depths:3 | Escaped the Abyss
 85717 | Depths:3 | Voluntarily entered the Abyss.
 85938 | Abyss:2  | Found a corrupted altar of Lugonu.
 85965 | Abyss:2  | Found a corrupted altar of Lugonu.
 85968 | Depths:3 | You pass through the gate.
 85968 | Depths:3 | Escaped the Abyss
 85972 | Depths:3 | Voluntarily entered the Abyss.
 86008 | Abyss:2  | Found a corrupted altar of Lugonu.
 86028 | Abyss:2  | Found a corrupted altar of Lugonu.
 86031 | Abyss:2  | Found a corrupted altar of Lugonu.
 86035 | Abyss:2  | Found a corrupted altar of Lugonu.
 86035 | Abyss:2  | Found a corrupted altar of Lugonu.
 86348 | Abyss:3  | Identified the ring "Rish" {rElec rPois Will- Dex+3}
 86630 | Abyss:3  | Reached skill level 11 in Throwing
 86635 | Abyss:3  | Got an abyssal rune of Zot
 86643 | Depths:3 | You pass through the gate.
 86643 | Depths:3 | Escaped the Abyss
 86832 | Zot:2    | Killed an orb of fire
 86833 | Zot:2    | Reached skill level 9 in Maces & Flails
 86833 | Zot:2    | Reached skill level 8 in Staves
 86907 | Zot:2    | Killed Xapeig's ghost
 86916 | Zot:2    | Identified the ring "Lalo" {rPois rF- rCorr Dex+2}
 86919 | Zot:2    | Identified the +9 chain mail of Vlad {rPois Int-4 Slay+5}
 87336 | Zot:4    | Reached skill level 22 in Fighting
 88281 | Temple   | Entered the Ecumenical Temple
 88727 | Tomb:1   | Entered Level 1 of the Tomb of the Ancients
 89273 | Tomb:1   | Noticed a royal mummy
 89281 | Tomb:1   | Reached skill level 10 in Maces & Flails
 89281 | Tomb:1   | Reached skill level 12 in Throwing
 89285 | Tomb:1   | Killed a royal mummy
 89292 | Tomb:1   | Noticed a royal mummy
 89298 | Tomb:1   | Killed a royal mummy
 89476 | Tomb:1   | Noticed a royal mummy
 89476 | Tomb:1   | Noticed a royal mummy
 89476 | Tomb:1   | Noticed a royal mummy
 89480 | Tomb:1   | Killed a royal mummy
 89481 | Tomb:1   | Reached skill level 9 in Staves
 89482 | Tomb:1   | Killed a royal mummy
 89483 | Tomb:1   | Killed a royal mummy
 89716 | Tomb:1   | Noticed a royal mummy
 89729 | Tomb:1   | Killed a royal mummy
 89781 | Tomb:1   | Noticed a royal mummy
 89782 | Tomb:1   | Noticed a royal mummy
 89796 | Tomb:1   | Killed a royal mummy
 89805 | Tomb:1   | Killed a royal mummy
 89826 | Tomb:1   | Noticed a royal mummy
 89838 | Tomb:1   | Killed a royal mummy
 89848 | Tomb:1   | Noticed a royal mummy
 89849 | Tomb:1   | Noticed a royal mummy
 89856 | Tomb:1   | Killed a royal mummy
 89857 | Tomb:1   | Killed a royal mummy
 89934 | Tomb:1   | Noticed a royal mummy
 89940 | Tomb:1   | Killed a royal mummy
 89942 | Tomb:1   | Noticed a royal mummy
 89950 | Tomb:1   | Killed a royal mummy
 89958 | Tomb:1   | Noticed a royal mummy
 89965 | Tomb:1   | Killed a royal mummy
 89970 | Tomb:1   | Noticed a royal mummy
 89980 | Tomb:1   | Killed a royal mummy
 90059 | Tomb:1   | Noticed a royal mummy
 90073 | Tomb:1   | Killed a royal mummy
 90078 | Tomb:1   | Reached skill level 13 in Throwing
 90224 | Tomb:1   | Noticed a royal mummy
 90234 | Tomb:1   | Killed a royal mummy
 90241 | Tomb:1   | Noticed a royal mummy
 90249 | Tomb:1   | Killed a royal mummy
 90386 | Tomb:1   | Noticed a royal mummy
 90398 | Tomb:1   | Noticed a royal mummy
 90400 | Tomb:1   | Killed a royal mummy
 90404 | Tomb:1   | Killed a royal mummy
 90717 | Tomb:2   | Noticed a royal mummy
 90720 | Tomb:2   | Noticed a royal mummy
 90722 | Tomb:2   | Noticed a royal mummy
 90723 | Tomb:2   | Noticed a royal mummy
 90725 | Tomb:2   | Killed a royal mummy
 90726 | Tomb:2   | Killed a royal mummy
 90727 | Tomb:2   | Killed a royal mummy
 90730 | Tomb:2   | Killed a royal mummy
 90854 | Tomb:2   | Reached skill level 14 in Throwing
 91027 | Tomb:2   | Identified the +1 sling of Callousness {flame, +Blink rPois
                  | Will- Stlth+}
 92080 | Zot:5    | Entered Level 5 of the Realm of Zot
 92527 | Zot:5    | Reached skill level 23 in Fighting
 92529 | Zot:5    | Reached skill level 11 in Stealth
 92601 | Zot:5    | Noticed an ancient lich
 92608 | Zot:5    | Killed an ancient lich
 92643 | Zot:5    | Noticed a Killer Klown
 92659 | Zot:5    | Noticed an orb of fire
 92661 | Zot:5    | Killed a Killer Klown
 92728 | Zot:5    | Noticed an ancient lich
 92734 | Zot:5    | Noticed an orb of fire
 92851 | Zot:5    | Killed an ancient lich
 93024 | Zot:5    | Noticed an electric golem
 93032 | Zot:5    | Killed an electric golem
 93033 | Zot:5    | Reached skill level 15 in Throwing
 93127 | Zot:5    | Killed an orb of fire
 93409 | Zot:5    | Noticed a Killer Klown
 93488 | Zot:5    | Killed a Killer Klown
 93626 | Zot:5    | Noticed a dread lich
 93627 | Zot:5    | Noticed a Killer Klown
 93630 | Zot:5    | Noticed a Killer Klown
 93634 | Zot:5    | Killed a dread lich
 93646 | Zot:5    | Killed a Killer Klown
 93646 | Zot:5    | Noticed an ancient lich
 93646 | Zot:5    | Noticed an electric golem
 93651 | Zot:5    | Noticed an orb of fire
 93652 | Zot:5    | Killed an ancient lich
 93654 | Zot:5    | Noticed a dread lich
 93656 | Zot:5    | Reached skill level 12 in Stealth
 93659 | Zot:5    | Killed an orb of fire
 93661 | Zot:5    | Killed a dread lich
 93732 | Zot:5    | Identified the +0 scale mail "Repur" {Stlth+}
 93790 | Zot:5    | Noticed a dread lich
 93794 | Zot:5    | Reached skill level 16 in Throwing
 93798 | Zot:5    | Killed a dread lich
 94033 | Zot:5    | Killed an orb of fire
 94136 | Zot:5    | Killed a Killer Klown
 94574 | Depths:4 | Voluntarily entered the Abyss.
 94596 | Abyss:3  | Found a corrupted altar of Lugonu.
 94741 | Abyss:3  | Found a corrupted altar of Lugonu.
 94766 | Abyss:3  | Found a corrupted altar of Lugonu.
 95179 | Depths:4 | You pass through the gate.
 95179 | Depths:4 | Escaped the Abyss
 95334 | Zig:1    | Entered Level 1 of a ziggurat
 95350 | Zig:2    | Entered Level 2 of a ziggurat
 95360 | Zig:2    | Identified the ring "Mal Ryus" {Ice Str+3}
 95372 | Zig:3    | Entered Level 3 of a ziggurat
 95411 | Zig:4    | Entered Level 4 of a ziggurat
 95412 | Zig:4    | Noticed Nikem the pandemonium lord
 95415 | Zig:4    | Killed Nikem the pandemonium lord
 95416 | Zig:4    | Reached skill level 11 in Armour
 95444 | Zig:4    | Identified the ring of Neur {rPois rF+ Will+ rCorr Int+6
                  | Dex+2}
 95558 | Zig:4    | Identified a +2 robe of resistance
 95563 | Zig:5    | Entered Level 5 of a ziggurat
 95606 | Zig:6    | Entered Level 6 of a ziggurat
 95609 | Zig:6    | Noticed a caustic shrike
 95609 | Zig:6    | Found the ring of Shadows {Umbra +Inv Stlth+}
 95612 | Zig:6    | Reached skill level 24 in Fighting
 95612 | Zig:6    | Reached skill level 13 in Stealth
 95615 | Zig:6    | Killed a caustic shrike
 95632 | Zig:6    | Identified the +12 war axe of the Red Skies {freeze, Str+4
                  | Int+5 Stlth+}
 95636 | Zig:6    | Identified the ring of Unucs {rF+ rN+ rCorr Str+4}
 95653 | Zig:7    | Entered Level 7 of a ziggurat
 95658 | Zig:7    | Found the +8 trident of the Octopus King {venom, rElec
                  | rPois}
 95708 | Zig:8    | Entered Level 8 of a ziggurat
 95714 | Zig:8    | Found the +11 Singing Sword {sonic wave}
 95717 | Zig:8    | Reached skill level 16 in Evocations
 95760 | Zig:9    | Entered Level 9 of a ziggurat
 95764 | Zig:9    | Noticed a dread lich
 95764 | Zig:9    | Noticed a curse skull
 95766 | Zig:9    | Killed a curse skull
 95767 | Zig:9    | Killed a dread lich
 95804 | Zig:9    | Found the +2 ratskin cloak {*Rats rPois rN+ Str-1 Int-1
                  | Dex+1}
 95859 | Zig:10   | Entered Level 10 of a ziggurat
 95872 | Zig:10   | Reached skill level 12 in Armour
 95938 | Zig:10   | Identified the ring of the Circus Animal {Fly rPois EV+5
                  | Int-2 Dex+3}
 95946 | Zig:10   | Identified the ring "Kitrofoj" {Ice rElec Will+ Dex+2 SInv}
 96003 | Zig:11   | Entered Level 11 of a ziggurat
 96105 | Zig:12   | Entered Level 12 of a ziggurat
 96125 | Zig:12   | Noticed a curse skull
 96125 | Zig:12   | Noticed an ancient lich
 96126 | Zig:12   | Noticed a curse skull
 96126 | Zig:12   | Noticed a curse skull
 96127 | Zig:12   | Killed a curse skull
 96127 | Zig:12   | Killed a curse skull
 96127 | Zig:12   | Killed a curse skull
 96129 | Zig:12   | Killed an ancient lich
 96130 | Zig:12   | Reached skill level 14 in Stealth
 96147 | Zig:12   | Identified the +0 robe of Nofidapp {Dex+3}
 96156 | Zig:12   | Identified the +5 arbalest of Wrongful Imprisonment {elec,
                  | rN+ Stlth+}
 96158 | Zig:12   | Identified the +4 morningstar "Kaqunn" {flame, rF- Int+5
                  | Dex+4}
 96161 | Zig:12   | Identified the +11 quarterstaff of the Vine {venom,
                  | *Corrode Str+3 Stlth+}
 96196 | Zig:13   | Entered Level 13 of a ziggurat
 96218 | Zig:13   | Identified a potion of experience
 96218 | Zig:13   | Found the +16 obsidian axe {drain, demonic, Mesm Drain Fly
                  | SInv}
 96222 | Zig:13   | Reached skill level 16 in Dodging
 96246 | Zig:13   | Identified the amulet "Sedyule" {Acrobat Str+4 SInv}
 96265 | Zig:13   | Identified the +8 hand axe of Arbitration {flame, +Blink
                  | rF+ Str+2}
 96315 | Zig:13   | Reached skill level 13 in Armour
 96315 | Zig:13   | Reached skill level 17 in Evocations
 96327 | Zig:14   | Entered Level 14 of a ziggurat
 96382 | Zig:14   | Identified the +11 hand axe of Change {elec, rElec rCorr
                  | Int+3}
 96390 | Zig:14   | Identified the staff "Isais" {rPois rN+ Str+3 Necro}
 96393 | Zig:14   | Identified the ring "Laudoq" {rCorr Str+3 Slay+3}
 96447 | Zig:15   | Entered Level 15 of a ziggurat
 96470 | Zig:15   | Noticed Ussulutyn's ghost (legendary DsFi)
 96471 | Zig:15   | Noticed Ussulutyn's ghost (legendary DsFi)
 96471 | Zig:15   | Noticed a curse skull
 96472 | Zig:15   | Killed a curse skull
 96473 | Zig:15   | Noticed Ussulutyn's ghost (legendary DsFi)
 96475 | Zig:15   | Noticed a curse skull
 96476 | Zig:15   | Killed a curse skull
 96494 | Zig:15   | Killed Ussulutyn's ghost
 96497 | Zig:15   | Killed Ussulutyn's ghost
 96506 | Zig:15   | Killed Ussulutyn's ghost
 96598 | Zig:15   | Identified the ring of Xom's Full Attention {Wiz Int+2}
 96630 | Zig:15   | Identified the +7 quarterstaff of the Traitor {elec, rF+
                  | Str+3}
 96648 | Zig:15   | Reached skill level 17 in Dodging
 96648 | Zig:15   | Reached skill level 15 in Stealth
 96655 | Zig:15   | Identified the +8 falchion of Righteous Anger {venom, rElec
                  | Int+2 Stlth-}
 96702 | Zig:16   | Entered Level 16 of a ziggurat
 96726 | Zig:16   | Reached skill level 14 in Armour
 96763 | Zig:16   | Identified the ring of Etoxu {Fire Int+3 Dex+3}
 96771 | Zig:16   | Identified the amulet "Jixor" {RegenMP Int+5 Slay+2}
 96783 | Zig:16   | Identified the +5 lajatang "Arcanum" {freeze, Fly rElec
                  | rN+}
 96794 | Zig:16   | Identified the amulet of Dishonour {Acrobat -Cast rF+ rC+}
 96850 | Zig:16   | Reached skill level 18 in Evocations
 96873 | Zig:17   | Entered Level 17 of a ziggurat
 96924 | Zig:17   | Identified the +6 chain mail "Demib" {rC+}
 96925 | Zig:17   | Identified the +6 shortbow of Defence {freeze, +Blink rC+
                  | MP+9 Int+3}
 96931 | Zig:17   | Identified the ring of Rifoq {Fly Will- Str+6 Int+5 SInv}
 96943 | Zig:17   | Identified the amulet "Cuahunaa" {Faith rCorr Dex+2}
 96947 | Zig:17   | Identified the +2 short sword of the Vine {protect, rElec
                  | rC- Dex+2 SInv}
 97010 | Zig:18   | Entered Level 18 of a ziggurat
 97037 | Zig:18   | Reached skill level 18 in Dodging
 97039 | Zig:18   | Reached skill level 15 in Armour
 97048 | Zig:18   | Reached skill level 16 in Stealth
 97124 | Zig:18   | Identified the +4 scimitar of the Singing Gods {flame,
                  | Fragile rElec Str+2}
 97126 | Zig:18   | Identified the ring "Nudai" {rC+ rN+}
 97130 | Zig:18   | Identified the +4 morningstar of Circular Logic {flame,
                  | *Noise rF++ Dex+3}
 97148 | Zig:19   | Entered Level 19 of a ziggurat
 97162 | Zig:19   | Noticed a dread lich
 97165 | Zig:19   | Noticed a royal mummy
 97166 | Zig:19   | Killed a dread lich
 97167 | Zig:19   | Killed a royal mummy
 97169 | Zig:19   | Noticed a royal mummy
 97170 | Zig:19   | Noticed a royal mummy
 97171 | Zig:19   | Killed a royal mummy
 97171 | Zig:19   | Noticed a royal mummy
 97173 | Zig:19   | Noticed a royal mummy
 97174 | Zig:19   | Killed a royal mummy
 97174 | Zig:19   | Killed a royal mummy
 97176 | Zig:19   | Noticed a royal mummy
 97178 | Zig:19   | Killed a royal mummy
 97179 | Zig:19   | Reached skill level 16 in Shields
 97182 | Zig:19   | Killed a royal mummy
 97183 | Zig:19   | Noticed a royal mummy
 97186 | Zig:19   | Killed a royal mummy
 97209 | Zig:19   | Identified the +6 scale mail of the Undertaker {Int+6
                  | Dex-4}
 97239 | Zig:19   | Identified the amulet of the Last Xalams {Faith Harm Fly
                  | MP+9}
 97249 | Zig:19   | Identified the +0 falchion "Zagunom" {heavy, rC+ rCorr
                  | Str-3 Int+9}
 97306 | Zig:20   | Entered Level 20 of a ziggurat
 97332 | Zig:20   | Noticed a shard shrike
 97334 | Zig:20   | Killed a shard shrike
 97345 | Zig:20   | Reached skill level 16 in Armour
 97385 | Zig:20   | Identified the +3 scimitar of Crystal {vamp, Contam Fly rF-
                  | rCorr}
 97393 | Zig:20   | Identified the ring of Greed {rPois Will+ SInv}
 97403 | Zig:20   | Identified the amulet of Xofoulebaa {Spirit Str-5 Dex+2
                  | SInv}
 97468 | Zig:21   | Entered Level 21 of a ziggurat
 97509 | Zig:21   | Reached skill level 17 in Stealth
 97531 | Zig:21   | Identified the +4 dagger of Analysis {vamp, Int+2}
 97535 | Zig:21   | Identified the +6 longbow "Ytu Itwo" {freeze, rF+}
 97536 | Zig:21   | Identified the +2 spear of the Endless Ghosts {flame, rN+
                  | MP-9 Str+6}
 97555 | Zig:21   | Reached skill level 17 in Shields
 97639 | Zig:22   | Entered Level 22 of a ziggurat
 97668 | Zig:22   | Reached skill level 17 in Throwing
 97668 | Zig:22   | Noticed a dread lich
 97670 | Zig:22   | Killed a dread lich
 97671 | Zig:22   | Noticed a curse skull
 97672 | Zig:22   | Killed a curse skull
 97673 | Zig:22   | Noticed a curse skull
 97674 | Zig:22   | Killed a curse skull
 97677 | Zig:22   | Noticed a dread lich
 97678 | Zig:22   | Reached skill level 17 in Armour
 97678 | Zig:22   | Noticed a dread lich
 97679 | Zig:22   | Killed a dread lich
 97680 | Zig:22   | Killed a dread lich
 97711 | Zig:22   | Identified the +10 quarterstaff of the Manifold Lies
                  | {heavy, rN+ rCorr Str+2 Dex+3}
 97713 | Zig:22   | Identified the +0 chain mail of Disguise {rElec rPois
                  | Dex+3}
 97714 | Zig:22   | Identified the +12 halberd of the Spider {heavy, Str-3
                  | Int+5 Dex+3}
 97737 | Zig:22   | Identified the +7 ring mail of Rotation {MP+9}
 97742 | Zig:22   | Identified the ring of Zigusy {Fly Str+2 Dex+3}
 97853 | Zig:23   | Entered Level 23 of a ziggurat
 97891 | Zig:23   | Paralysed by an air elemental for 1 turns
 97899 | Zig:23   | Reached skill level 18 in Shields
 97905 | Zig:23   | Reached skill level 18 in Stealth
 97942 | Zig:23   | Identified the +1 dagger of Intuition {heavy, *Rage rF+
                  | Will+++}
 97952 | Zig:23   | Identified the +8 shortbow "Kuifuwk" {drain, rC++}
 97954 | Zig:23   | Identified the staff "Juecac" {rElec rC+ Ice}
 97983 | Zig:23   | Identified the +2 dagger "Cicom" {freeze, rCorr Str+3}
 98066 | Zig:24   | Entered Level 24 of a ziggurat
 98089 | Zig:24   | Noticed a juggernaut
 98091 | Zig:24   | Killed a juggernaut
 98091 | Zig:24   | Noticed a juggernaut
 98092 | Zig:24   | Reached skill level 27 in Fire Magic
 98092 | Zig:24   | Noticed a juggernaut
 98094 | Zig:24   | Killed a juggernaut
 98094 | Zig:24   | Killed a juggernaut
 98094 | Zig:24   | Noticed a juggernaut
 98095 | Zig:24   | Noticed a juggernaut
 98096 | Zig:24   | Killed a juggernaut
 98096 | Zig:24   | Noticed a juggernaut
 98097 | Zig:24   | Reached skill level 18 in Armour
 98097 | Zig:24   | Noticed a juggernaut
 98098 | Zig:24   | Killed a juggernaut
 98098 | Zig:24   | Killed a juggernaut
 98098 | Zig:24   | Noticed a juggernaut
 98099 | Zig:24   | Killed a juggernaut
 98100 | Zig:24   | Reached skill level 18 in Throwing
 98100 | Zig:24   | Killed a juggernaut
 98100 | Zig:24   | Noticed a juggernaut
 98102 | Zig:24   | Killed a juggernaut
 98105 | Zig:24   | Noticed a juggernaut
 98107 | Zig:24   | Killed a juggernaut
 98223 | Zig:24   | Identified the +8 dire flail "Erchycw" {protect, rF+}
 98241 | Zig:24   | Acquired 547 gold pieces
 98243 | Zig:24   | Acquired a manual of Maces & Flails
 98284 | Zig:24   | Identified the staff "Epuaz" {Dex+3 Conj}
 98285 | Zig:24   | Identified the amulet "Uvuv Bank" {Reflect rF++ Will+ SH+5}
 98287 | Zig:24   | Identified the staff "Newkag" {rElec rF+ Will+ Fire}
 98288 | Zig:24   | Identified the ring "Erghyng" {Fly rC+}
 98321 | Zig:25   | Entered Level 25 of a ziggurat
 98462 | Zig:25   | Reached skill level 19 in Dodging
 98531 | Zig:25   | Identified the +10 plate armour "Lyelued" {Drain rCorr
                  | Int+3}
 98534 | Zig:25   | Identified the ring "Wool" {*Slow rC+ Str+3 Dex+6}
 98562 | Zig:25   | Acquired the amulet "Fiq Quvu" {Regen+ Int+2}
 98563 | Zig:25   | Acquired a manual of Staves
 98564 | Zig:25   | Acquired a manual of Shields
 98577 | Zig:25   | Identified the +4 spear "Dorumm" {distort, Fragile rElec
                  | Will++}
 98663 | Zig:26   | Entered Level 26 of a ziggurat
 98700 | Zig:26   | Reached skill level 25 in Fighting
 98732 | Zig:26   | Reached skill level 19 in Throwing
 98808 | Zig:26   | Found the -2 hat of the Alchemist {rElec rPois rF+ rC+ rN+
                  | Will+ rMut rCorr}
 98855 | Zig:26   | Identified the scarf "Poez Vye" {harm, rN+}
 98856 | Zig:26   | Identified the +10 dire flail "Muote" {elec, rPois Will-
                  | Str-2 Int+3 SInv}
 98910 | Zig:27   | Entered Level 27 of a ziggurat
 98961 | Zig:27   | Reached skill level 20 in Dodging
 99024 | Zig:27   | Identified the +8 trident "Wuomn" {holy, rF+ Will+ Dex+3}
 99046 | Zig:27   | Identified the +4 rapier "Eblon" {elec, rPois rF+++ Will+
                  | Str-5}
 99051 | Zig:27   | Identified the staff of the Everdark {Fly rPois Str-4 Int+5
                  | Conj}
 99080 | Zig:27   | Identified the +4 short sword of Xumor {flame, rN+ Dex+3
                  | Stlth+}
 99081 | Zig:27   | Identified the staff "Levuag" {Conj Tloc}
100943 | Tomb:3   | Entered Level 3 of the Tomb of the Ancients
100954 | Tomb:3   | Reached skill level 25 in Spellcasting
100954 | Tomb:3   | Reached skill level 25 in Conjurations
100954 | Tomb:3   | Reached skill level 25 in Hexes
100954 | Tomb:3   | Reached skill level 25 in Summonings
100954 | Tomb:3   | Reached skill level 25 in Necromancy
100954 | Tomb:3   | Reached skill level 25 in Translocations
100954 | Tomb:3   | Reached skill level 25 in Transmutations
100954 | Tomb:3   | Reached skill level 25 in Ice Magic
100954 | Tomb:3   | Reached skill level 25 in Air Magic
100954 | Tomb:3   | Reached skill level 25 in Earth Magic
100954 | Tomb:3   | Reached skill level 25 in Poison Magic
100965 | Tomb:3   | Reached skill level 19 in Shields
100965 | Tomb:3   | Noticed a royal mummy
100965 | Tomb:3   | Noticed a royal mummy
100967 | Tomb:3   | Noticed a royal mummy
100968 | Tomb:3   | Killed a royal mummy
100968 | Tomb:3   | Noticed a royal mummy
100968 | Tomb:3   | Noticed Khufu
100969 | Tomb:3   | Killed a royal mummy
100969 | Tomb:3   | Killed a royal mummy
100970 | Tomb:3   | Noticed a royal mummy
100970 | Tomb:3   | Noticed a royal mummy
100971 | Tomb:3   | Killed a royal mummy
100972 | Tomb:3   | Killed Khufu
100972 | Tomb:3   | Killed a royal mummy
100972 | Tomb:3   | Killed a royal mummy
100972 | Tomb:3   | Noticed a royal mummy
100975 | Tomb:3   | Killed a royal mummy
100981 | Tomb:3   | Noticed a royal mummy
100984 | Tomb:3   | Killed a royal mummy
100985 | Tomb:3   | Reached skill level 20 in Throwing
101012 | Tomb:3   | Identified the +0 robe "Isujat" {rN+ Stlth+}
101021 | Tomb:3   | Identified the +0 dagger of Mayhem {freeze, rPois}
101098 | Tomb:3   | Identified the +5 spear of the Poles {protect, rF+ Int+4}
101154 | Tomb:3   | Got a golden rune of Zot
101329 | Tomb:3   | Identified the +3 short sword of the Goat {holy, rElec
                  | Will- Str+3 Dex+5}
102663 | Depths:3 | Bought a scroll of blinking for 105 gold pieces
102717 | Depths:1 | Bought 3 scrolls of fog for 192 gold pieces
102717 | Depths:1 | Bought a scroll of blinking for 120 gold pieces
102755 | Pan      | Entered Pandemonium
102838 | Pan      | Found an exit through the horrors of the Abyss.
103023 | Pan      | Identified the +2 chain mail "Piaridiss" {rC+ rCorr Slay-6}
103055 | Pan      | Noticed Dauliajo the pandemonium lord
103060 | Pan      | Killed Dauliajo the pandemonium lord
103503 | Pan      | Noticed Hiuj the pandemonium lord
103509 | Pan      | Killed Hiuj the pandemonium lord
103522 | Pan      | Got a demonic rune of Zot
103716 | Pan      | Reached skill level 20 in Shields
104296 | Depths:2 | You pass through the gate.
104296 | Depths:2 | Escaped Pandemonium
104302 | Pan      | Entered Pandemonium
104360 | Pan      | Found an exit through the horrors of the Abyss.
104538 | Pan      | Reached skill level 21 in Dodging
104596 | Pan      | Reached skill level 26 in Fighting
104702 | Pan      | Identified the ring of Xom's Passing Interest {rC+++ rCorr
                  | Str-3 Int+2 Dex+6}
104702 | Pan      | Noticed Mennas
104711 | Pan      | Killed Mennas
104897 | Pan      | Noticed Pyly the pandemonium lord
104908 | Pan      | Killed Pyly the pandemonium lord
105872 | Pan      | Found an exit through the horrors of the Abyss.
106000 | Pan      | Reached skill level 21 in Throwing
106069 | Pan      | Noticed Curihe the pandemonium lord
106084 | Pan      | Reached skill level 21 in Shields
106086 | Pan      | Killed Curihe the pandemonium lord
107049 | Pan      | Noticed Effiolifub the pandemonium lord
107071 | Pan      | Killed Effiolifub the pandemonium lord
107622 | Pan      | Upgraded the game from 0.31-a0-662-g684573625c to
                  | 0.31-a0-664-g902f515a81
108152 | Pan      | Noticed Yraew the pandemonium lord
108346 | Pan      | Killed Yraew the pandemonium lord
108500 | Pan      | Found an exit through the horrors of the Abyss.
108835 | Pan      | Reached skill level 22 in Dodging
108845 | Pan      | Identified the +0 pair of boots "Vinwikit" {rC+ Str+3}
108857 | Pan      | Identified the +2 orcbow "Rego" {flame, Will+}
109017 | Depths:2 | You pass through the gate.
109017 | Depths:2 | Escaped Pandemonium
109804 | Elf:1    | Bought a scroll of enchant weapon for 112 gold pieces
110106 | Vaults:5 | Bought a scroll of enchant weapon for 142 gold pieces
110106 | Vaults:5 | Bought a scroll of enchant weapon for 142 gold pieces
110334 | Depths:1 | Bought a scroll of enchant weapon for 120 gold pieces
110371 | Pan      | Entered Pandemonium
110379 | Pan      | Reached skill level 1 in Short Blades
110387 | Pan      | Reached skill level 2 in Short Blades
110388 | Pan      | Reached skill level 3 in Short Blades
110425 | Pan      | Found an exit through the horrors of the Abyss.
110572 | Pan      | Reached skill level 4 in Short Blades
110604 | Pan      | Reached skill level 5 in Short Blades
110818 | Pan      | Reached skill level 6 in Short Blades
110882 | Pan      | Reached skill level 7 in Short Blades
110970 | Pan      | Noticed Ohemeas the pandemonium lord
110983 | Pan      | Killed Ohemeas the pandemonium lord
110984 | Pan      | Reached skill level 8 in Short Blades
111024 | Pan      | Reached skill level 9 in Short Blades
111160 | Pan      | Identified the +11 short sword "Itic" {vamp, Str-5 Int+3
                  | Dex+4}
111268 | Pan      | Reached skill level 10 in Short Blades
112026 | Pan      | Identified the +11 falchion "Gaam" {flame, Str+3}
112832 | Pan      | Reached skill level 22 in Shields
112964 | Pan      | Reached skill level 11 in Short Blades
113228 | Pan      | Found a runed translucent door.
113318 | Pan      | Reached skill level 26 in Spellcasting
113318 | Pan      | Reached skill level 26 in Conjurations
113318 | Pan      | Reached skill level 26 in Hexes
113318 | Pan      | Reached skill level 26 in Summonings
113318 | Pan      | Reached skill level 26 in Necromancy
113318 | Pan      | Reached skill level 26 in Translocations
113318 | Pan      | Reached skill level 26 in Transmutations
113318 | Pan      | Reached skill level 26 in Ice Magic
113318 | Pan      | Reached skill level 26 in Air Magic
113318 | Pan      | Reached skill level 26 in Earth Magic
113318 | Pan      | Reached skill level 26 in Poison Magic
113610 | Pan      | Found a runed translucent door.
113614 | Pan      | Noticed Tuegiph the pandemonium lord
113616 | Pan      | Found a runed translucent door.
113627 | Pan      | Found a runed translucent door.
113766 | Pan      | Reached skill level 19 in Armour
114133 | Pan      | Killed Tuegiph the pandemonium lord
114134 | Pan      | Reached skill level 27 in Fighting
114134 | Pan      | Reached skill level 12 in Short Blades
114167 | Pan      | Identified the +5 sling of Youthful Indiscretion {flame,
                  | rC++ Dex+4}
114270 | Pan      | Found an exit through the horrors of the Abyss.
114647 | Pan      | Found a runed translucent door.
115156 | Pan      | Noticed Voskoeni the pandemonium lord
115166 | Pan      | Killed Voskoeni the pandemonium lord
115226 | Pan      | Reached skill level 20 in Armour
115270 | Pan      | Identified the +6 tower shield "Pojaup" {rF- Str-3 Int+8
                  | SInv}
115270 | Pan      | Found a glowing silver altar of Zin.
115344 | Pan      | Reached skill level 13 in Short Blades
115553 | Pan      | Reached skill level 19 in Stealth
115896 | Pan      | Identified the scarf "Kicu" {shadows, Fly Dex+3 SInv}
116167 | Pan      | Found a white marble altar of Elyvilon.
116231 | Pan      | Identified +0 pearl dragon scales
116622 | Pan      | Identified the +1 buckler of the Cuttlefish {rElec rCorr
                  | Str+3 Dex-3}
117002 | Pan      | Reached skill level 19 in Evocations
117546 | Pan      | Found a glowing golden altar of the Shining One.
117546 | Pan      | Noticed a seraph
117766 | Pan      | Killed a seraph
117907 | Pan      | Identified a +2 robe of resistance
117920 | Pan      | Identified the +2 buckler of Resonance {Int+2 SInv}
117922 | Pan      | Identified the amulet "Caco" {RegenMP rPois rF- rN+++ Will+
                  | Dex+3}
118766 | Pan      | Identified a +0 robe of resistance
118938 | Pan      | Reached skill level 20 in Stealth
121723 | Depths:2 | You pass through the gate.
121723 | Depths:2 | Escaped Pandemonium
122129 | Pan      | Entered the realm of Gloorx Vloq.
122129 | Pan      | Entered Pandemonium
122133 | Pan      | Found an exit through the horrors of the Abyss.
122353 | Pan      | Noticed a curse skull
122360 | Pan      | Killed a curse skull
122384 | Pan      | Reached skill level 14 in Short Blades
122384 | Pan      | Reached skill level 20 in Evocations
122410 | Pan      | Noticed a curse skull
122411 | Pan      | Killed a curse skull
122807 | Pan      | Noticed Gloorx Vloq
122960 | Pan      | Killed Gloorx Vloq
122985 | Pan      | Got a dark rune of Zot
122986 | Pan      | Upgraded the game from 0.31-a0-664-g902f515a81 to
                  | 0.31-a0-667-g39726597b9
123333 | Pan      | Entered the realm of Mnoleg.
123710 | Pan      | Found an exit through the horrors of the Abyss.
123944 | Pan      | Reached skill level 27 in Spellcasting
123944 | Pan      | Reached skill level 27 in Conjurations
123944 | Pan      | Reached skill level 27 in Hexes
123944 | Pan      | Reached skill level 27 in Summonings
123944 | Pan      | Reached skill level 27 in Necromancy
123944 | Pan      | Reached skill level 27 in Translocations
123944 | Pan      | Reached skill level 27 in Transmutations
123944 | Pan      | Reached skill level 27 in Ice Magic
123944 | Pan      | Reached skill level 27 in Air Magic
123944 | Pan      | Reached skill level 27 in Earth Magic
123944 | Pan      | Reached skill level 27 in Poison Magic
124082 | Pan      | Noticed Mnoleg
124089 | Pan      | Killed Mnoleg
124090 | Pan      | Reached skill level 21 in Stealth
124161 | Pan      | Reached skill level 22 in Throwing
124188 | Pan      | Identified the ring "Luda" {rElec rF+ rC+ SInv}
124239 | Pan      | Got a glowing rune of Zot
124334 | Pan      | Entered the realm of Lom Lobon.
125170 | Pan      | Reached skill level 15 in Short Blades
125217 | Pan      | Noticed Lom Lobon
125253 | Pan      | Killed Lom Lobon
125293 | Pan      | Got a magical rune of Zot
125417 | Pan      | Entered the realm of Cerebov.
125599 | Pan      | Found an exit through the horrors of the Abyss.
125860 | Pan      | Identified the ring "Pyukusamaov" {*Corrode Fly rF+ Dex+4}
125909 | Pan      | Found the +6 sword of Cerebov {flame}
125909 | Pan      | Noticed Cerebov
126083 | Pan      | Killed Cerebov
126084 | Pan      | Reached skill level 21 in Evocations
126230 | Pan      | Reached skill level 21 in Armour
126257 | Pan      | Identified the +0 leather armour of the Beginning {rElec
                  | Stlth+}
126259 | Pan      | Identified the staff "Ximmumon" {rPois rN++ Poison}
126300 | Pan      | Identified the +10 sling of Fortitude {speed, rF- Str+6}
126309 | Pan      | Identified the ring "Kunia" {Int+6 Dex+2}
126364 | Pan      | Identified the +5 rapier of Clean Integrity {venom, rElec
                  | Str+2 Int+2}
126396 | Pan      | Identified the +1 plate armour of Usiuvvof {Regen+}
126465 | Pan      | Got a fiery rune of Zot
126642 | Pan      | Reached skill level 22 in Stealth
127021 | Pan      | Found an exit through the horrors of the Abyss.
127282 | Pan      | Noticed Ixulo the pandemonium lord
127518 | Pan      | Killed Ixulo the pandemonium lord
128457 | Pan      | Identified the +7 dagger of Vonol {freeze, rCorr Dex+8}
128879 | Depths:2 | You pass through the gate.
128879 | Depths:2 | Escaped Pandemonium
128994 | Tar:1    | Entered Level 1 of Tartarus
129941 | Tar:3    | Reached skill level 23 in Stealth
130184 | Tar:4    | Reached skill level 23 in Dodging
130359 | Tar:5    | You are sucked into a shaft and drop 1 floor!
130419 | Tar:6    | Reached skill level 22 in Armour
130692 | Tar:7    | Entered Level 7 of Tartarus
130738 | Tar:7    | Reached skill level 23 in Shields
132407 | Tar:7    | Reached skill level 24 in Stealth
133108 | Tar:7    | Identified the +0 scale mail "Atin" {-Cast rF++}
133109 | Tar:7    | Identified the +6 glaive "Roul" {heavy, *Slow rPois Will+++
                  | SInv}
133180 | Tar:7    | Noticed Ereshkigal
133200 | Tar:7    | Killed Ereshkigal
133294 | Tar:7    | Identified the +1 rapier of the Real Monster {flame, *Rage
                  | Str+6}
133303 | Tar:7    | Got a bone rune of Zot
133308 | Tar:7    | Identified the ring "Liffan" {*Slow rF+ rCorr Dex+3}
133613 | Coc:1    | Entered Level 1 of Cocytus
133713 | Coc:1    | Reached skill level 24 in Dodging
134236 | Coc:4    | Noticed a curse skull
134238 | Coc:4    | Killed a curse skull
134238 | Coc:4    | Noticed a curse skull
134239 | Coc:4    | Killed a curse skull
134291 | Coc:4    | Noticed a curse skull
134297 | Coc:4    | Killed a curse skull
134299 | Coc:4    | Noticed a curse skull
134300 | Coc:4    | Killed a curse skull
134438 | Coc:4    | Reached skill level 23 in Armour
134602 | Coc:5    | Noticed a shard shrike
134603 | Coc:5    | Noticed a shard shrike
134603 | Coc:5    | Noticed a shard shrike
134605 | Coc:5    | Noticed a shard shrike
134608 | Coc:5    | Killed a shard shrike
134608 | Coc:5    | Killed a shard shrike
134608 | Coc:5    | Killed a shard shrike
134611 | Coc:5    | Killed a shard shrike
134674 | Coc:5    | Noticed a shard shrike
134679 | Coc:5    | Killed a shard shrike
134680 | Coc:5    | Noticed a shard shrike
134684 | Coc:5    | Noticed a shard shrike
134684 | Coc:5    | Paralysed by a wendigo for 1 turns
134685 | Coc:5    | Killed a shard shrike
134685 | Coc:5    | Killed a shard shrike
134686 | Coc:5    | Reached skill level 24 in Shields
134801 | Coc:5    | Paralysed by a wendigo for 1 turns
134909 | Coc:6    | Noticed a shard shrike
134909 | Coc:6    | Noticed a shard shrike
134909 | Coc:6    | Noticed a shard shrike
134909 | Coc:6    | Noticed a shard shrike
134913 | Coc:6    | Killed a shard shrike
134913 | Coc:6    | Killed a shard shrike
134914 | Coc:6    | Killed a shard shrike
134914 | Coc:6    | Killed a shard shrike
134949 | Coc:6    | Noticed a shard shrike
134952 | Coc:6    | Noticed a shard shrike
134955 | Coc:6    | Killed a shard shrike
134955 | Coc:6    | Killed a shard shrike
135111 | Coc:7    | Entered Level 7 of Cocytus
135204 | Coc:7    | Reached skill level 25 in Stealth
135268 | Coc:7    | Noticed a shard shrike
135274 | Coc:7    | Killed a shard shrike
135355 | Coc:7    | Noticed a shard shrike
135356 | Coc:7    | Noticed a shard shrike
135356 | Coc:7    | Noticed a shard shrike
135361 | Coc:7    | Killed a shard shrike
135361 | Coc:7    | Killed a shard shrike
135361 | Coc:7    | Killed a shard shrike
135402 | Coc:7    | Noticed a shard shrike
135407 | Coc:7    | Killed a shard shrike
135571 | Coc:7    | Reached skill level 25 in Dodging
135571 | Coc:7    | Reached skill level 22 in Evocations
135662 | Coc:7    | Noticed Antaeus
135666 | Coc:7    | Noticed a shard shrike
135666 | Coc:7    | Noticed a shard shrike
135668 | Coc:7    | Killed a shard shrike
135671 | Coc:7    | Killed a shard shrike
135680 | Coc:7    | Killed Antaeus
135703 | Coc:7    | Got an icy rune of Zot
135783 | Coc:7    | Noticed a shard shrike
135783 | Coc:7    | Noticed a shard shrike
135788 | Coc:7    | Killed a shard shrike
135791 | Coc:7    | Killed a shard shrike
135958 | Hell     | Upgraded the game from 0.31-a0-667-g39726597b9 to
                  | 0.31-a0-672-g7da72447bb
135992 | Dis:1    | Entered Level 1 of the Iron City of Dis
135998 | Dis:1    | Noticed a dread lich
135999 | Dis:1    | Killed a dread lich
136095 | Dis:2    | Noticed a dread lich
136098 | Dis:2    | Killed a dread lich
136099 | Dis:2    | Reached skill level 24 in Armour
136400 | Dis:4    | You are sucked into a shaft and drop 2 floors!
136554 | Dis:6    | Noticed a caustic shrike
136554 | Dis:6    | Noticed a caustic shrike
136554 | Dis:6    | Noticed a caustic shrike
136565 | Dis:6    | Killed a caustic shrike
136566 | Dis:6    | Killed a caustic shrike
136570 | Dis:6    | Killed a caustic shrike
136605 | Dis:7    | Entered Level 7 of the Iron City of Dis
136636 | Dis:7    | Reached skill level 25 in Shields
136653 | Dis:7    | Noticed a caustic shrike
136660 | Dis:7    | Killed a caustic shrike
137087 | Dis:7    | Noticed a caustic shrike
137097 | Dis:7    | Noticed a juggernaut
137098 | Dis:7    | Killed a caustic shrike
137100 | Dis:7    | Killed a juggernaut
137813 | Dis:7    | Noticed a caustic shrike
137813 | Dis:7    | Noticed a caustic shrike
137819 | Dis:7    | Killed a caustic shrike
137820 | Dis:7    | Killed a caustic shrike
138265 | Dis:7    | Noticed a caustic shrike
138267 | Dis:7    | Killed a caustic shrike
138381 | Dis:7    | Reached skill level 26 in Dodging
138401 | Dis:7    | Reached skill level 23 in Evocations
138634 | Dis:7    | Noticed a caustic shrike
138641 | Dis:7    | Killed a caustic shrike
138856 | Dis:7    | Noticed the Serpent of Hell
138862 | Dis:7    | Noticed a juggernaut
139007 | Dis:7    | Killed the Serpent of Hell
139159 | Dis:7    | Killed a juggernaut
139160 | Dis:7    | Reached skill level 26 in Stealth
139223 | Dis:7    | Noticed Dispater
139230 | Dis:7    | Killed Dispater
139303 | Dis:7    | Identified the +4 dagger of Tyelidaj {speed, *Rage rF+ rN+}
139305 | Dis:7    | Got an iron rune of Zot
139340 | Dis:7    | Identified the +7 shortbow of Fury {speed, Contam rC+++
                  | rN++}
139527 | Geh:1    | Entered Level 1 of Gehenna
141488 | Geh:6    | Reached skill level 25 in Armour
141763 | Geh:7    | Entered Level 7 of Gehenna
141764 | Geh:7    | Upgraded the game from 0.31-a0-672-g7da72447bb to
                  | 0.31-a0-675-g238779eb0a
141953 | Geh:7    | Reached skill level 16 in Short Blades
142037 | Geh:7    | Noticed an ancient lich
142067 | Geh:7    | Killed an ancient lich
143295 | Geh:7    | Identified the +10 plate armour of Elou {rF- Dex+6}
143405 | Geh:7    | Found the +13 sceptre of Asmodeus
143405 | Geh:7    | Noticed Asmodeus
143427 | Geh:7    | Killed Asmodeus
143448 | Geh:7    | Got an obsidian rune of Zot
143449 | Geh:7    | Identified the +5 arbalest of Jisoaz {drain, Fly rN+++
                  | Int-4 Dex+3}
143597 | Hell     | Reached skill level 26 in Shields
143892 | Zot:5    | Got the Orb of Zot
143904 | Zot:5    | Noticed Usak the pandemonium lord
144003 | Zot:1    | Noticed Wuapn the pandemonium lord
144392 | D:1      | Noticed Telesk the pandemonium lord
144402 | D:$      | Escaped with the Orb!

Vanquished Creatures
  Cerebov (Pan)
  Antaeus (Coc:7)
  Asmodeus (Geh:7)
  the Royal Jelly (Slime:5)
  the Serpent of Hell (Dis:7)
  Ereshkigal (Tar:7)
  Gloorx Vloq (Pan)
  A seraph (Pan)
  Lom Lobon (Pan)
  Khufu (Tomb:3)
  Mnoleg (Pan)
  15 dread liches (Vaults:3 Vaults:4 Abyss:1 Abyss:2 Zot:5)
  Dispater (Dis:7)
  3 orbs of fire (Zot:5)
  8 ancient liches (Crypt:3 Abyss:2 Zot:5 Zig:12 Geh:7)
  The ghost of Ussulutyn the Demonic Barricade, a legendary DsFi of Qazlal (Zig:15)
  The ghost of Ussulutyn the Demonic Barricade, a legendary DsFi of Qazlal (Zig:15)
  13 juggernauts (Depths:3 Zig:24 Dis:7)
  10 pandemonium lords (Zig:4 Pan)
  39 royal mummies (Tomb:1 Tomb:2 Zig:19 Tomb:3)
  The ghost of Xapeig the Slayer, a legendary GrAr of Okawaru (Zot:2)
  Vv (Crypt:1)
  Parghit (Zot:3)
  22 shard shrikes (Zig:20 Coc:5 Coc:6 Coc:7)
  4 Killer Klowns (Zot:5)
  Bai Suzhen (Snake:3)
  11 caustic shrikes (Depths:3 Zig:6 Dis:6 Dis:7)
  Geryon (Hell)
  23 profane servitors (Crypt:3 Abyss:2 Zig:25 Tar:3 Tar:5)
  11 golden dragons (Depths:4 Vaults:5 Zot:2 Zot:3 Zot:4)
  22 bone dragons (Crypt:3 Depths:4 Abyss:1 Abyss:2 Abyss:3)
  Norris (Elf:1)
  13 iron giants (Dis:2 Dis:6 Dis:7)
  2 pearl dragons (Pan)
  A spectral shard shrike (Tar:1)
  15 doom hounds (Tar:1 Tar:2 Tar:3 Tar:4 Tar:6)
  27 Brimstone Fiends (Zig:10 Pan Dis:6 Geh:2 Geh:4)
  A Hellbinder (WizLab)
  3 electric golems (Zot:1 Zot:5)
  14 hellephants (Abyss:1 Zig:10 Pan Geh:4 Geh:6)
  Zenata (Crypt:1)
  14 Tzitzimimeh (Pan Tar:2 Tar:6 Tar:7 Dis:6)
  21 Orb Guardians (Zot:5)
  12 tentacled monstrosities (Zot:1 Zot:3 Abyss:1 Zot:4 Zig:14)
  23 tainted leviathans (Tar:1 Tar:4 Tar:6 Tar:7)
  Mlioglotl (Shoals:2)
  6 quicksilver dragons (Zot:1 Zot:2 Zot:4)
  37 Ice Fiends (Zig:20 Pan Coc:3 Coc:4 Coc:5)
  43 Hell Sentinels (Abyss:1 Abyss:2 Zig:4 Zig:6 Pan)
  Asterion (Elf:1)
  11 liches (Crypt:3 Depths:4 Abyss:1 Abyss:2 Zig:12)
  11 titans (Pan Coc:3 Coc:4 Coc:6 Coc:7)
  9 deep elf blademasters (Elf:3 Elf:2 Zig:16 Zig:23)
  Polyphemus (Shoals:2)
  9 sphinxes (Vaults:3 Depths:1 Vaults:5 Tomb:1)
  26 searing wretches (Hell Zig:10 Geh:1 Geh:2 Geh:3)
  6 death cobs (Zot:1 Zot:2 Zot:4 Zot:5)
  20 Executioners (Abyss:2 Pan)
  11 deep elf master archers (Elf:3 Zig:8 Zig:23)
  49 tentacled starspawn (Abyss:1 Abyss:2 Abyss:3 Zig:25)
  35 acid blobs (Slime:1 Slime:3 Slime:5 Zig:17 Zig:27)
  24 ancient champions (Crypt:2 Crypt:3 Tomb:1 Tomb:2 Zig:2)
  4 krakens (Shoals:1 Shoals:4 Abyss:2)
  A thorn hunter (Zig:14)
  15 storm dragons (Depths:3 Vaults:5 Zot:1 Zot:3 Zot:4)
  Aizul (Snake:2)
  Donald (Shoals:2)
  11 rockslimes (Slime:4 Slime:5 Zig:17 Zig:27)
  14 shadow dragons (Depths:4 Vaults:5 Zot:1 Zot:3 Zot:4)
  Roxanne (Shoals:2)
  3 tengu reavers (Depths:3 Depths:4 Vaults:5)
  6 draconian monks (Depths:4 Zig:5 Zig:7 Zig:9)
  16 demonspawn warmongers (Pan)
  28 nagarajas (Snake:3 Snake:4 Zig:13 Zig:21)
  21 revenants (Crypt:1 Crypt:3 Abyss:2 Tomb:1 Tomb:2)
  3 draconian knights (Zot:1 Zot:3 Zig:9)
  25 azure jellies (Slime:2 Slime:5 Zig:17 Zig:20 Zig:27)
  6 deep elf sorcerers (Elf:3)
  30 daevas (Abyss:2 Pan)
  4 iron dragons (Depths:3 Dis:1 Dis:3 Dis:7)
  23 narguns (Zig:20 Coc:2 Coc:3 Coc:4 Coc:5)
  The ghost of Xiynir the Warrior, an adept VSSh of Uskayaw (D:15)
  The ghost of Xiynir the Warrior, an adept VSSh of Uskayaw (D:15)
  14 fire giants (Depths:1 Depths:3 Depths:4 Vaults:5 Geh:1)
  12 frost giants (D:12 Vaults:2 Depths:1 Depths:3 Depths:4)
  13 emperor scorpions (Zig:18 Zig:26)
  18 ghost moths (Zot:5 Zig:18 Zig:26)
  8 deep elf elementalists (Elf:3 Abyss:1 Abyss:2)
  9 quicksilver elementals (Zig:6 Dis:3 Dis:7)
  15 vault wardens (Vaults:1 Vaults:2 Vaults:3 Vaults:4 Vaults:5)
  A spectral caustic shrike (Tar:6)
  63 balrugs (WizLab Abyss:2 Zig:25 Pan Geh:1)
  2 spectral juggernauts (Tar:3 Tar:6)
  7 orc warlords (Orc:2 Zig:24)
  17 curse skulls (Vaults:2 Crypt:2 Hell Zig:9 Zig:12)
  44 angels (Pan)
  11 shard shrike simulacra (Coc:3 Coc:4 Coc:6 Coc:7)
  12 ironbound preservers (Vaults:1 Vaults:3 Vaults:4)
  6 draconian scorchers (Depths:4 Zot:3 Zig:9 Geh:5)
  9 ghouls (Vaults:2 Crypt:2 Crypt:3 Abyss:2)
  The ghost of Jaliuk the Eclecticist, a journeyman DECj of Vehumet (D:14)
  11 draconian shifters (Zot:3 Zot:4 Zot:5 Zig:3 Zig:7)
  A caustic shrike zombie (Tomb:2)
  31 reapers (Crypt:2 Hell Abyss:2 Zig:22 Pan)
  11 demonspawn corrupters (Zig:25 Pan)
  2 juggernaut skeletons (Depths:3 Abyss:2)
  7 draconian stormcallers (Zot:1 Zot:2 Zot:3 Zig:5 Zig:7)
  The ghost of osoart the Mimic, a journeyman TrSh of Qazlal (D:14)
  29 ophanim (Abyss:2 Abyss:3 Zig:25 Pan)
  8 formless jellyfish (Slime:1 Zig:17 Zig:27)
  19 quicksilver oozes (Slime:2 Slime:3 Slime:5 Zig:17 Zig:27)
  25 cacodemons (WizLab Zig:25 Pan)
  2 broodmothers (Zig:18)
  A spriggan defender (Depths:2)
  22 war gargoyles (Vaults:4 Dis:1 Dis:2 Dis:3 Dis:7)
  6 green draconians (Zot:1 Zot:2 Zot:3 Zot:5)
  23 very ugly things (IceCv Depths:1 Depths:2 Depths:3 Vaults:5)
  17 vampire knights (Vaults:2 Crypt:1 Crypt:2 Depths:2 Depths:3)
  14 draconian annihilators (Zot:1 Zot:2 Zot:3 Abyss:1 Abyss:2)
  3 starflowers (Abyss:1 Abyss:2)
  21 demonspawn blood saints (WizLab Pan)
  22 elemental wellsprings (Coc:2 Coc:3 Coc:4 Coc:5 Coc:6)
  19 stone giants (Volcano Depths:1 Depths:2 Depths:3 Depths:4)
  11 black draconians (Zot:1 Zot:2 Zot:3 Abyss:2 Zot:4)
  9 ironbound thunderhulks (D:13 Vaults:2 Vaults:3 Vaults:4)
  16 deep elf demonologists (Elf:3 Vaults:5 Abyss:2 Zig:23)
  11 demonspawn black suns (Zig:15 Pan)
  The ghost of Goalis the Bludgeoner, a journeyman GrFi of Gozag (D:15)
  Azrael (Snake:3)
  20 bennus (Tomb:1 Zig:19 Tomb:3)
  A spectral titan (Tar:3)
  11 purple draconians (Zot:1 Zot:3 Abyss:2 Zot:4 Zot:5)
  13 red draconians (Depths:4 Zot:1 Zot:2 Zot:4 Zot:5)
  55 apis (Pan)
  A bunyip (Abyss:2)
  8 dire elephants (Vaults:1 Vaults:2 Vaults:3)
  3 spark wasps (Depths:3 Zig:18)
  A minotaur (Gauntlet)
  36 lorocyprocas (Abyss:1 Abyss:2 Pan Tar:6)
  27 putrid mouths (Tar:1 Tar:2 Tar:4 Tar:6 Tar:7)
  8 yellow draconians (Depths:4 Zot:1 Zot:4 Zot:5 Zig:5)
  26 wendigos (Zig:20 Coc:3 Coc:4 Coc:5 Coc:6)
  15 white draconians (Depths:4 Zot:1 Zot:2 Zot:3 Zot:4)
  14 iron golems (Hell Zig:2 Dis:1 Dis:2 Dis:3)
  16 deep elf annihilators (D:12 Elf:3 Vaults:5 Zig:16 Zig:23)
  Snorg (Orc:1)
  13 green deaths (Snake:1 WizLab Pan)
  12 ettins (D:15 Depths:1 Depths:2 Depths:4 Vaults:5)
  10 merfolk impalers (Shoals:1 Shoals:4 Zig:11)
  A crystal guardian (Hell)
  11 eidola (Vaults:3 Crypt:2 Zig:15 Zig:22 Zig:25)
  12 merfolk javelineers (Shoals:1 Shoals:3 Shoals:4 Depths:1 Zig:8)
  A quicksilver dragon zombie (Abyss:2)
  14 deep elf death magi (Elf:1 Elf:2 Elf:3 Crypt:1 Crypt:3)
  A spectral iron giant (Tar:1)
  7 fire dragons (Depths:1 Depths:2 Depths:3)
  19 blizzard demons (Zig:20 Zig:25 Pan)
  12 deep elf high priests (Elf:1 Elf:2 Elf:3 Zig:16 Zig:23)
  5 spectral spriggans (Tar:1 Tar:2 Tar:3 Tar:4 Tar:5)
  10 jiangshi (Crypt:1 Vaults:2 Crypt:3 Zig:22)
  26 mummy priests (Tomb:1 Tomb:2 Zig:19 Tomb:3)
  15 entropy weavers (Vaults:1 Vaults:3 Zig:18 Zig:26)
  25 great orbs of eyes (Vaults:1 Vaults:2 Vaults:3 Vaults:4 Slime:2)
  14 yaktaur captains (Vaults:1 Vaults:3 Vaults:4 Vaults:5)
  2 spectral krakens (Tar:7)
  5 ice dragons (Depths:2 Depths:4 Hell)
  9 hydras (D:12 Lair:2 Lair:3 Lair:4 D:13)
  35 vault guards (D:13 Vaults:1 Vaults:3 Vaults:4 Vaults:5)
  2 hell beasts (Pan Tar:6)
  12 rakshasas (Depths:2 Abyss:1 Abyss:2 Pan)
  33 salamander tyrants (Snake:4 Zig:13 Zig:21 Geh:1 Geh:2)
  23 caustic shrike simulacra (IceCv Zig:20 Coc:1 Coc:2 Coc:3)
  2 spriggan skeletons (Tomb:2 Zig:19)
  Erolcha (D:13)
  3 ghost crabs (Zig:15)
  9 merfolk aquamancers (Shoals:3 Shoals:4 Zig:11 Zig:14)
  A catoblepas (Shoals:2)
  3 peacekeepers (Vaults:2 Vaults:4)
  3 radroaches (Zig:26)
  11 juggernaut simulacra (Tomb:2 Zig:20 Coc:3 Coc:4 Coc:5)
  Harold (Orc:1)
  17 anacondas (Snake:1 Snake:2 Snake:4 Zig:21)
  17 centaur warriors (D:12 D:13 D:14 D:15 Vaults:3)
  5 merfolk avatars (Shoals:1 Shoals:2 Shoals:4)
  6 alligator snapping turtles (Shoals:3 Shoals:4 Zig:14)
  2 ogre magi (D:11 D:15)
  7 death knights (D:12 D:15 Crypt:2 Crypt:3)
  2 death yaks (Shoals:2)
  4 jorogumos (Zig:26)
  12 ironbound frosthearts (Vaults:1 Vaults:2 Vaults:3 Vaults:4)
  A satyr (Shoals:3)
  39 dancing weapons (Elf:1 Elf:2 Elf:3 Zig:16 Zig:23)
  9 deep troll shamans (Depths:1 Depths:2 Depths:4)
  8 stokers (Hell Geh:1 Geh:2 Geh:6 Geh:7)
  9 tengu warriors (D:11 D:13 D:15 Depths:4)
  9 two-headed ogres (D:11 D:12 D:15 Zig:24)
  41 death scarabs (Tomb:1 Tomb:2 Zig:19)
  A spectral stone giant (Tar:4)
  11 shock serpents (Snake:2 Snake:3 Snake:4 Zig:13 Zig:21)
  45 hell hogs (Hell Abyss:2 Zig:25 Geh:1 Geh:2)
  9 orc high priests (Elf:1 Zig:16 Zig:24)
  16 vampire magi (Crypt:1 Crypt:2 Depths:1 Depths:3 Abyss:2)
  30 demonic crawlers (Abyss:1 Hell Abyss:2 Abyss:3 Zig:18)
  2 spectral dire elephants (Tar:3 Tar:6)
  2 titan zombies (Hell Tomb:3)
  10 boulder beetles (D:11 D:12 Lair:2 Lair:5 D:15)
  71 sun demons (Hell Abyss:2 Abyss:3 Pan)
  27 naga warriors (Snake:1 Snake:2 Snake:3 Snake:4 Zig:14)
  28 naga sharpshooters (Snake:2 Snake:3 Snake:4 Zig:8 Zig:13)
  33 thrashing horrors (Abyss:1 Abyss:2 Abyss:3 Zig:25)
  8 deep troll earth magi (Depths:1 Depths:2 Depths:4)
  28 deep elf knights (Elf:1 Elf:2 Elf:3 Zig:16 Zig:23)
  5 spriggan berserkers (Depths:2 Depths:4)
  12 iron trolls (Depths:1 Depths:2 Depths:4 Zig:24)
  9 skysharks (Lair:2 Lair:5 Elf:1 Shoals:1 Shoals:2)
  63 soul eaters (Crypt:2 Depths:2 Hell Abyss:2 Zig:15)
  A skyshark (shapeshifter) (Abyss:1)
  7 hell knights (D:15 Depths:1 Depths:3)
  37 sixfirhies (Abyss:2 Abyss:3 Zig:25 Pan Zot:4)
  4 salamander mystics (Snake:3 Snake:4)
  A titan skeleton (Pan)
  2 golden dragon zombies (Hell)
  62 wretched stars (Abyss:1 Abyss:2 Abyss:3 Zig:25)
  13 crystal echidnas (Zig:6 Dis:2 Dis:3 Dis:7)
  39 skeletal warriors (D:15 Vaults:2 Crypt:1 Crypt:2 Crypt:3)
  9 shadow wraiths (Vaults:3 Crypt:2 Crypt:3 Zig:22 Zig:25)
  2 sun moths (Zig:18 Zig:26)
  44 deep trolls (Vaults:1 Vaults:3 Vaults:4 Depths:1 Depths:2)
  7 pharaoh ants (Zig:18 Zig:26)
  14 shadow demons (WizLab Abyss:2 Pan Tar:6)
  3 anaconda zombies (Snake:2 Abyss:1)
  3 spectral anacondas (Snake:2)
  2 death drakes (Abyss:2)
  A spectral bunyip (Tar:1)
  A spriggan druid (Zig:14)
  112 large abominations (Elf:1 Abyss:1 Abyss:2 Abyss:3 Zig:25)
  25 cherubim (Pan)
  A storm dragon skeleton (Crypt:1)
  9 flayed ghosts (Vaults:3 Crypt:3 Abyss:2 Zig:22)
  A bog body (Crypt:1)
  6 spatial maelstroms (Abyss:2 Abyss:3 Zig:25)
  A glowing orange brain (shapeshifter) (Abyss:2)
  10 quicksilver dragon simulacra (Tomb:3 Coc:4 Coc:5 Coc:6 Coc:7)
  9 sea snakes (Shoals:1 Shoals:2 Shoals:4 Zig:11)
  12 naga ritualists (Snake:1 Snake:2 Snake:3 Snake:4 Zig:13)
  2 bunyip skeletons (Abyss:2)
  5 orange crystal statues (IceCv Hell)
  29 phantasmal warriors (Vaults:3 Crypt:1 Vaults:2 Crypt:2 Crypt:3)
  An orb spider (shapeshifter) (Depths:4)
  15 glowing orange brains (Vaults:2 Vaults:3 Depths:1 Depths:3 Slime:5)
  8 steelbarb worms (Zig:14 Zig:18 Zig:26)
  2 swamp dragons (Zig:14)
  8 orb spiders (Zig:18 Zig:26)
  22 ironbound convokers (Vaults:1 Vaults:2 Vaults:3 Vaults:4 Vaults:5)
  A fenstrider witch simulacrum (Coc:2)
  3 anaconda skeletons (Snake:2)
  3 lindwurms (Lair:3 Vaults:1)
  5 spriggan simulacra (Coc:2 Coc:3 Coc:4 Coc:5)
  4 shadow dragon zombies (Hell Zig:19)
  An obsidian statue (Zot:5)
  43 deep elf pyromancers (D:11 D:12 D:13 D:15 Elf:1)
  17 wizards (D:14 Vaults:1 Vaults:2 Vaults:3 Vaults:4)
  25 deep elf archers (Elf:1 Elf:2 Elf:3 Zig:16 Zig:23)
  13 harpies (Shoals:3 Shoals:4 Vaults:1 Zig:14)
  13 orc knights (D:11 Orc:2 Vaults:5 Zig:24)
  41 deep elf zephyrmancers (Elf:1 Elf:2 Elf:3 Zig:16 Zig:23)
  9 mana vipers (Snake:1 Snake:3 Snake:4 Zig:14 Zig:21)
  13 necromancers (D:15 Elf:1 Vaults:3 Vaults:4 Crypt:1)
  13 orc sorcerers (Orc:2 Elf:1 Elf:3 Abyss:2 Zig:24)
  An iron dragon zombie (Hell)
  A frost giant zombie (Hell)
  15 wolf spiders (Lair:5 Zig:14 Zig:18 Zig:26)
  11 shining eyes (Slime:2 Slime:4 Abyss:2 Abyss:3 Zig:27)
  2 wolf spider zombies (D:7)
  2 shadow dragon skeletons (Zig:19 Pan)
  2 oklob plants (Lair:4 Lair:5)
  19 fauns (Shoals:1 Shoals:3 Zig:8)
  3 will-o-the-wisps (Abyss:2 Zig:14 Zig:25)
  45 ugly things (D:11 D:14 D:15 Vaults:1 Vaults:3)
  2 stone giant zombies (Hell Tomb:2)
  22 manticores (D:11 D:12 Shoals:1 Shoals:2 Shoals:4)
  An iron dragon skeleton (Zig:19)
  5 worldbinders (Abyss:1 Abyss:2 Zig:25)
  42 moths of wrath (Zot:1 Zot:2 Zot:4 Zot:3 Zot:5)
  16 cyclopes (D:11 D:12 D:14 D:13 D:15)
  9 merfolk sirens (Lair:3 Shoals:1 Shoals:2 Shoals:3 Shoals:4)
  24 salamanders (Snake:1 Snake:2 Snake:3 Snake:4 Zig:21)
  5 centaur zombies (D:7 Tomb:2)
  7 eyes of devastation (Abyss:3 Zig:17 Zig:27 Pan)
  A dire elephant zombie (Crypt:2)
  10 titan simulacra (Abyss:2 Coc:1 Coc:4 Coc:5 Coc:6)
  2 elephants (Lair:2)
  A toenail golem (Pan)
  11 rust devils (WizLab Depths:2 Hell Abyss:2 Pan)
  An elephant (shapeshifter) (Depths:3)
  11 apocalypse crabs (Abyss:1 Abyss:2 Zig:25)
  10 vault sentinels (Vaults:1 Vaults:2 Vaults:3 Vaults:4)
  10 molten gargoyles (Volcano Geh:7)
  A storm dragon simulacrum (Coc:1)
  5 torpor snails (Zig:14 Zig:18 Zig:26)
  32 naga magi (Snake:1 Snake:2 Snake:3 Snake:4 Zig:13)
  64 black mambas (Lair:5 Snake:1 Snake:2 Snake:3 Snake:4)
  12 water nymphs (Shoals:1 Shoals:2 Shoals:3 Shoals:4 Zig:11)
  13 guardian serpents (Lair:5 Snake:1 Snake:2 Snake:3 Snake:4)
  87 smoke demons (WizLab Abyss:1 Abyss:2 Abyss:3 Zig:4)
  5 gargoyles (D:11 D:12 Volcano)
  55 hellions (WizLab Abyss:2 Zig:10 Pan Tar:3)
  A dire elephant skeleton (Crypt:1)
  2 naga skeletons (Crypt:1 Pan)
  11 spectral swamp worms (Tar:7)
  Psyche (D:10)
  6 centaur skeletons (D:7 Crypt:1 Abyss:2 Pan)
  A minotaur zombie (Gauntlet)
  34 orange demons (WizLab Abyss:2 Abyss:3 Pan)
  3 rime drakes (Lair:2 Lair:3 Lair:5)
  26 freezing wraiths (D:12 D:14 D:15 IceCv Vaults:3)
  2 kobold demonologists (D:12 Abyss:3)
  26 cane toads (Lair:1 Lair:2 Lair:3 Lair:4 Lair:5)
  An unseen horror (D:11)
  2 alligator snapping turtle skeletons (Abyss:2 Tomb:2)
  46 yaktaurs (D:15 Vaults:1 Vaults:2 Vaults:3 Vaults:4)
  2 tengu conjurers (D:15 Depths:1)
  12 anaconda simulacra (Snake:2 IceCv Coc:1 Coc:2 Coc:4)
  A bunyip simulacrum (Coc:1)
  8 komodo dragons (Lair:2 Lair:3 Lair:5)
  16 efreet (D:11 Gauntlet Volcano D:15 Abyss:2)
  11 ice devils (WizLab Depths:2 Hell Abyss:2 Pan)
  2 silent spectres (Tar:6)
  4 harpy zombies (Abyss:1 Abyss:2)
  3 iron giant simulacra (Coc:4 Coc:7)
  51 guardian mummies (Tomb:1 Tomb:2 Zig:19 Tomb:3)
  A queen bee (D:12)
  30 tormentors (Abyss:1 Abyss:2 Zig:4 Zig:20 Pan)
  23 ancient zymes (Abyss:2 Abyss:3 Zig:25)
  7 red devils (WizLab Abyss:1 Pan)
  A spectral harpy (Tar:5)
  34 hellwings (D:7 WizLab Abyss:2 Pan)
  A merfolk (shapeshifter) (Abyss:1)
  A queen bee (shapeshifter) (D:14)
  10 trolls (D:10 D:11 D:12 Orc:1 D:13)
  43 merfolk (Shoals:1 Shoals:2 Shoals:3 Shoals:4 Zig:11)
  11 wind drakes (Shoals:1 Shoals:3 Shoals:4 Zig:11)
  6 golden dragon simulacra (IceCv Coc:4 Coc:6)
  7 hornets (D:8 D:10 D:11 Lair:5 Depths:2)
  A shadow dragon simulacrum (Zig:20)
  A tyrant leech (D:11)
  2 meliai (shapeshifter) (Abyss:2)
  4 meliai (D:12 Zig:18)
  A hornet (shapeshifter) (Abyss:3)
  A death drake skeleton (Crypt:2)
  2 alligator simulacra (IceCv)
  An iron dragon simulacrum (Coc:6)
  40 raiju (Abyss:1 Abyss:2 Abyss:3 Zig:25)
  6 tarantellas (Zig:18 Zig:26)
  4 snapping turtles (Shoals:4 Zig:11)
  14 dream sheep (Lair:2 Shoals:1 Shoals:2 Shoals:3)
  25 blink frogs (Lair:2 Lair:4 Lair:5 Abyss:1 Abyss:2)
  5 harpy skeletons (Crypt:1 Abyss:1 Abyss:2 Tomb:1 Pan)
  2 spriggan zombies (Hell)
  A meliai zombie (D:7)
  121 slime creatures (D:12 D:14 D:13 Vaults:1 Vaults:3)
  A snapping turtle (shapeshifter) (Zig:23)
  5 stone giant simulacra (Coc:1 Coc:4 Coc:6 Coc:7)
  5 jumping spiders (Vaults:3 Zig:14 Zig:26)
  2 culicivoras (shapeshifter) (D:15 Zig:16)
  An ettin zombie (Hell)
  81 flying skulls (Gauntlet Crypt:1 Crypt:3 Abyss:1 Abyss:2)
  5 shadows (D:11 D:12 Crypt:3)
  A black mamba zombie (Tomb:2)
  9 air elementals (Elf:1 Elf:2 Abyss:2 Zig:16 Zig:23)
  A spriggan (shapeshifter) (Abyss:3)
  3 ettin skeletons (Crypt:2 Crypt:3 Pan)
  4 culicivoras (Zig:18 Zig:26)
  65 small abominations (Crypt:3 Abyss:1 Abyss:2 Abyss:3)
  11 vampires (D:10 D:11 D:12 Vaults:2 Abyss:2)
  75 ynoxinuls (WizLab Abyss:1 Abyss:2 Zig:25 Pan)
  17 water elementals (Elf:1 Elf:2 Shoals:1 Shoals:2 Shoals:3)
  12 wyverns (D:11 Lair:2 Lair:3 Lair:5)
  A spriggan (Depths:2)
  33 ushabtiu (Tomb:1 Tomb:2 Zig:19 Tomb:3)
  2 humans (D:12 D:13)
  11 wraiths (D:11 D:12 D:15 Crypt:3 Abyss:2)
  A hog (shapeshifter) (Abyss:1)
  145 starcursed masses (Abyss:1 Abyss:2 Abyss:3 Zig:25)
  6 dire elephant simulacra (IceCv Hell Coc:3 Coc:5 Coc:6)
  11 fire bats (Volcano Abyss:2 Pan)
  An alligator snapping turtle simulacrum (Coc:2)
  52 yaks (D:5 D:9 D:11 D:12 Lair:1)
  A golden eye (shapeshifter) (Vaults:5)
  8 basilisks (D:11 D:14 Lair:1 Lair:2 D:13)
  11 fire elementals (Gauntlet Volcano Snake:3 Elf:1 Elf:2)
  15 golden eyes (Slime:2 Slime:5 Abyss:3 Zig:17 Zig:27)
  A steam dragon (shapeshifter) (Abyss:1)
  8 redbacks (Vaults:3 Zig:14 Zig:26)
  9 vampire mosquitoes (D:11)
  16 harpy simulacra (IceCv Coc:1 Coc:2 Coc:3 Coc:4)
  50 neqoxecs (WizLab Depths:2 Abyss:1 Abyss:2 Abyss:3)
  5 spatial vortices (Abyss:2 Abyss:3)
  69 chaos spawn (WizLab Abyss:1 Abyss:2 Abyss:3 Pan)
  2 steam dragons (D:6 D:10)
  9 wargs (Orc:2 Vaults:5 Zig:24)
  3 acid dragons (D:10 D:11 D:14)
  A glowing shapeshifter zombie (Zig:19)
  3 hydra simulacra (IceCv Coc:7)
  A swamp worm (shapeshifter) (D:15)
  57 nagas (Lair:3 Snake:1 Snake:2 Snake:3 Snake:4)
  A two-headed ogre skeleton (Abyss:2)
  A human zombie (Depths:3)
  29 water moccasins (D:6 D:8 D:9 Lair:1 Lair:2)
  A glowing shapeshifter skeleton (Zig:19)
  8 hell hounds (Gauntlet Snake:3 Abyss:2 Abyss:3)
  5 floating eyes (Depths:1 Abyss:3 Pan)
  3 black bears (D:6 Lair:2)
  52 orc warriors (D:8 D:9 D:11 D:12 Orc:1)
  3 ice beasts (D:7 D:5)
  6 sky beasts (D:7 D:8 Abyss:2)
  10 ettin simulacra (IceCv Abyss:2 Coc:3 Coc:4 Coc:5)
  A boggart (Vaults:4)
  A black mamba simulacrum (Crypt:2)
  11 ogres (D:6 Orc:2 D:15 Zig:24)
  17 wolves (Lair:2 Lair:3 Lair:5)
  A centaur (shapeshifter) (Elf:3)
  18 centaurs (D:5 D:8 D:9 D:11 D:12)
  2 lindwurm skeletons (Crypt:1 Crypt:2)
  2 phantoms (D:5 D:6)
  3 elf zombies (Elf:1)
  2 kobold brigands (D:9 D:11)
  6 necrophages (Crypt:1 Crypt:3)
  An elf skeleton (Crypt:1)
  A human simulacrum (Depths:3)
  4 gnoll sergeants (D:7 D:8 D:10 Zig:24)
  10 bullfrogs (D:8 D:9 Lair:1 Lair:2 Lair:3)
  A yaktaur skeleton (Crypt:2)
  4 earth elementals (Elf:1 Zig:16 Zig:23)
  A water moccasin zombie (Crypt:2)
  2 scorpions (D:7 Lair:1)
  2 naga simulacra (Coc:4 Coc:6)
  27 wights (D:8 D:9 Crypt:2 Abyss:2)
  The ghost of zenocrate the Sneak, a weakling TrDe (D:5)
  2 warg skeletons (Crypt:1)
  2 lindwurm simulacra (IceCv)
  29 killer bees (D:12)
  5 howler monkeys (D:9 D:12)
  An electric eel (Lair:5)
  11 lava snakes (Volcano Snake:4)
  A black bear zombie (Crypt:2)
  2 crimson imps (Abyss:1 Abyss:2)
  11 quasits (Abyss:1 Abyss:2)
  3 hounds (D:3 D:5 D:6)
  2 jellies (D:4 D:6)
  15 orc priests (D:6 D:7 D:9 D:12 Orc:1)
  2 water moccasin simulacra (D:5)
  2 gnoll boudas (D:8 D:7)
  6 iron imps (D:3 Abyss:1 Abyss:2)
  A human skeleton (Crypt:2)
  4 iguanas (D:5 D:6 D:7)
  21 orc wizards (D:4 D:8 D:9 D:10 D:11)
  A boggart zombie (D:7)
  4 lightning spires (Zig:16)
  2 bullfrog simulacra (D:5)
  2 centaur simulacra (D:5 Crypt:2)
  66 mummies (Ossuary Tomb:1 Tomb:2 Zig:19 Tomb:3)
  Robin (D:2)
  17 gnolls (D:7 D:8 D:10)
  5 adders (D:2 D:4 D:5 D:6)
  7 shadow imps (D:7 Abyss:1 Abyss:2)
  10 white imps (D:6 D:8 D:5 Abyss:1 Abyss:2)
  8 ufetubi (D:3 D:7 Abyss:1 Abyss:2 Abyss:3)
  An iguana zombie (Crypt:2)
  3 worms (D:2 D:5)
  A dart slug (D:3)
  An adder simulacrum (D:5)
  98 orcs (D:3 D:4 D:5 D:6 D:7)
  4 bats (D:1 D:2 D:3)
  4 endoplasms (D:1 D:3)
  2 giant cockroaches (D:1 D:3)
  A gnoll zombie (Ossuary)
  12 goblins (D:1 D:2 D:4)
  9 hobgoblins (D:1 D:2 D:4 D:7)
  4 jackals (D:3)
  13 kobolds (D:1 D:2 D:3 D:4 D:9)
  4 quokkas (D:1 D:2 D:4)
  7 ball pythons (D:1 D:3 D:4)
  7 frilled lizards (D:1 D:2 D:3)
  A hobgoblin zombie (Ossuary)
  2 kobold zombies (Ossuary)
  4 orc zombies (Ossuary)
  A quokka skeleton (Crypt:1)
  8 rats (D:1 D:3)
  12 creeping infernos (Geh:1 Geh:2 Geh:5 Geh:6 Geh:7)
  3 fire vortices (Geh:6)
  3 fulminant prisms (Shoals:1 Vaults:2 Zot:5)
  4 lurking horrors (Abyss:1 Abyss:2 Abyss:3)
  56 starspawn tentacles (Abyss:1 Abyss:2 Abyss:3)
  13 tentacles (Shoals:1 Shoals:4 Abyss:2 Tar:7)
6251 creatures vanquished.

Vanquished Creatures (collateral kills)
  A pandemonium lord (Pan)
  2 ancient liches (Vaults:5)
  An orb of fire (Zot:2)
  The ghost of Ussulutyn the Demonic Barricade, a legendary DsFi of Qazlal (Zig:15)
  Mennas (Pan)
  A shard shrike (Coc:7)
  A curse toe (Zot:1)
  2 golden dragons (Vaults:5 Zot:2)
  2 profane servitors (Tar:7)
  7 bone dragons (Abyss:1 Abyss:2 Tar:6)
  6 Tzitzimimeh (Pan Tar:7)
  2 spectral shard shrikes (Tar:1 Tar:4)
  8 tentacled monstrosities (Vaults:5 Zot:1 Abyss:1 Zot:2 Zot:4)
  5 Orb Guardians (Zot:5 Zot:2)
  4 liches (Depths:4 Abyss:2)
  An Ice Fiend (Coc:6)
  3 quicksilver dragons (Vaults:5 Zot:3 Zot:5)
  A titan (Vaults:5)
  13 acid blobs (Slime:1 Slime:4 Slime:5)
  2 sphinxes (Vaults:5)
  13 Executioners (Abyss:1 Abyss:2 Pan)
  9 tentacled starspawn (Abyss:2 Abyss:3)
  4 shadow dragons (Vaults:5)
  2 tengu reavers (Vaults:5)
  2 azure jellies (Slime:2)
  5 storm dragons (Depths:2 Vaults:5 Zot:2 Zot:5)
  A revenant (Abyss:2)
  A daeva (Pan)
  2 frost giants (Depths:1 Depths:2)
  A draconian knight (Zot:2)
  3 fire giants (Depths:1 Vaults:5)
  6 rockslimes (Slime:1 Slime:2 Slime:3 Slime:4 Slime:5)
  An iron dragon (Vaults:5)
  5 balrugs (Depths:2 Abyss:2 Pan Geh:7)
  3 vault wardens (Vaults:5)
  3 angels (Pan)
  2 deep elf elementalists (Abyss:2)
  A ghost moth (Zot:2)
  A spectral caustic shrike (Tar:2)
  A quicksilver elemental (Dis:7)
  4 cacodemons (Pan)
  3 ironbound preservers (Vaults:5)
  An ophan (Pan)
  A spriggan defender (Depths:2)
  A caustic shrike zombie (Abyss:2)
  A war gargoyle (Vaults:5)
  10 very ugly things (Depths:3 Vaults:5 Abyss:2)
  8 stone giants (Depths:1 Depths:2 Vaults:5)
  7 quicksilver oozes (Slime:1 Slime:2 Slime:5)
  2 formless jellyfish (Slime:5)
  4 reapers (Abyss:2 Pan)
  A green draconian (Zot:2)
  A spectral titan (Tar:1)
  2 vampire knights (Depths:2 Depths:4)
  A putrid mouth (Tar:7)
  2 white draconians (Depths:4 Abyss:2)
  2 lorocyprocas (Pan)
  6 apis (Pan)
  A deep elf annihilator (Vaults:5)
  A yellow draconian (Depths:4)
  A bunyip (Abyss:2)
  2 red draconians (Zot:3 Zot:4)
  An eidolon (Tar:3)
  A deep elf death mage (Vaults:5)
  8 green deaths (Abyss:2 Pan)
  3 blizzard demons (Abyss:2 Pan)
  A mummy priest (Tomb:1)
  2 ettins (Depths:2 Vaults:5)
  5 jiangshi (Crypt:3)
  7 great orbs of eyes (Slime:2 Slime:3 Slime:5 Abyss:2 Abyss:3)
  A fire dragon (Depths:1)
  A deep elf high priest (Vaults:5)
  3 yaktaur captains (Vaults:5)
  3 ice dragons (Depths:1 Depths:2)
  3 rakshasas (Depths:2 Abyss:2)
  A spectral spriggan (Tar:1)
  A hell beast (Pan)
  A spriggan zombie (Abyss:1)
  3 spriggan air magi (Depths:2 Depths:4)
  2 vault guards (Vaults:5)
  A peacekeeper (Vaults:1)
  A death knight (Abyss:2)
  A spriggan skeleton (Crypt:3)
  An alligator (shapeshifter) (Vaults:5)
  3 deep troll shamans (Depths:2 Depths:4)
  A death scarab (Tomb:1)
  3 deep troll earth magi (Depths:2 Depths:4)
  3 demonic crawlers (Pan)
  11 thrashing horrors (Abyss:1 Abyss:2 Abyss:3)
  2 hell knights (Depths:3 Vaults:5)
  A storm dragon zombie (Abyss:1)
  13 soul eaters (Depths:4 Pan)
  A spectral naga (Tar:1)
  A crystal echidna (Dis:7)
  A skyshark (shapeshifter) (Depths:2)
  A spriggan berserker (Depths:1)
  4 shadow wraiths (Crypt:3 Vaults:5 Pan)
  17 sun demons (Abyss:1 Pan)
  4 iron trolls (Depths:2 Depths:4)
  4 skeletal warriors (Crypt:3)
  13 deep trolls (Depths:2 Depths:4 Vaults:5)
  5 sixfirhies (Pan)
  An anaconda zombie (Crypt:3)
  A flayed ghost (Crypt:3)
  3 cherubim (Pan)
  3 ironbound convokers (Vaults:5)
  2 glowing orange brains (Depths:3 Slime:3)
  A spriggan simulacrum (Coc:5)
  An orc knight (Vaults:5)
  A necromancer (Depths:3)
  4 phantasmal warriors (Vaults:5 Abyss:2)
  6 shining eyes (Slime:1 Slime:2 Slime:5 Slime:4)
  8 ugly things (Depths:1 Depths:2 Depths:3 Abyss:2)
  2 will-o-the-wisps (Abyss:2 Abyss:3)
  5 worldbinders (Abyss:2)
  A shining eye (shapeshifter) (Depths:3)
  5 rust devils (Abyss:1 Abyss:2 Pan)
  7 moths of wrath (Zot:1 Zot:4 Zot:2 Zot:5)
  An orc zombie (Abyss:2)
  3 toenail golems (Abyss:2 Pan)
  A vault sentinel (Vaults:5)
  2 stone giant skeletons (Abyss:2)
  2 apocalypse crabs (Abyss:2)
  An eye of devastation (shapeshifter) (Vaults:5)
  3 eyes of devastation (Slime:1 Slime:3 Slime:4)
  32 smoke demons (Abyss:1 Abyss:2 Pan)
  A dire elephant skeleton (Pan)
  A centaur skeleton (Pan)
  10 orange demons (Abyss:1 Pan)
  3 freezing wraiths (Abyss:2)
  A kobold demonologist (Abyss:1)
  An efreet (Abyss:2)
  3 guardian mummies (Tomb:1)
  An anaconda simulacrum (Coc:3)
  3 ice devils (Abyss:2 Abyss:3 Pan)
  A tormentor (Tar:6)
  A harpy zombie (Abyss:2)
  3 red devils (Abyss:1 Pan)
  6 ancient zymes (Abyss:2 Abyss:3)
  5 hellwings (Abyss:1 Pan)
  A spectral harpy (Tar:1)
  A meliai (shapeshifter) (Depths:4)
  A harpy skeleton (Abyss:2)
  A hornet (Depths:2)
  2 blink frogs (Abyss:2)
  7 raiju (Abyss:2)
  A stone giant simulacrum (Crypt:3)
  16 flying skulls (Crypt:3 Abyss:1 Abyss:2)
  40 slime creatures (Slime:1 Slime:2 Slime:3 Slime:4 Slime:5)
  A spriggan (Depths:2)
  13 ynoxinuls (Abyss:1 Abyss:2 Pan)
  A wraith (Abyss:2)
  An ice dragon skeleton (Abyss:2)
  2 water elementals (Depths:1 Depths:2)
  28 chaos spawn (Abyss:1 Abyss:2 Abyss:3 Pan)
  6 fire bats (Abyss:2 Abyss:3 Pan)
  A human (D:13)
  4 neqoxecs (Abyss:1 Abyss:2)
  A spatial vortex (Abyss:2)
  61 large abominations (Abyss:1 Abyss:2 Abyss:3 Pan)
  4 hell hounds (Abyss:2 Abyss:3)
  2 naga skeletons (Pan)
  A hydra simulacrum (Coc:3)
  4 orc warriors (Vaults:5)
  48 small abominations (Abyss:1 Abyss:2 Abyss:3)
  An earth elemental (Abyss:1)
  3 wights (Abyss:2)
  4 crimson imps (Abyss:2)
  9 quasits (Abyss:1 Abyss:2)
  3 iron imps (Abyss:2 Abyss:3)
  4 mummies (Tomb:1)
  A shadow imp (Abyss:2)
  3 white imps (Abyss:2)
  5 ufetubi (Abyss:2 Abyss:3)
  4 fulminant prisms (Slime:2)
  A lurking horror (Abyss:2)
  A starspawn tentacle (Abyss:2)
754 creatures vanquished.

Vanquished Creatures (others)
  A death cob (Zot:2)
  A deep elf elementalist (Elf:3)
  2 red draconians (Zot:2)
  A lorocyproca (Pan)
  A merfolk impaler (Depths:3)
  An ettin (Depths:3)
  A centaur warrior (Vaults:3)
  A sixfirhy (Pan)
  2 spectral anacondas (Snake:2)
  A wizard (Abyss:2)
  A rust devil (Pan)
  6 smoke demons (Abyss:1 Pan)
  A tormentor (Pan)
  A hellwing (Pan)
  3 slime creatures (Slime:1 Slime:5)
  A harpy simulacrum (Coc:7)
  A white imp (Abyss:2)
  2 fire vortices (Pan Geh:6)
  22 foxfires (D:1 D:12 Vaults:1 Abyss:2 Abyss:3)
  2468 fulminant prisms (D:5 D:6 D:7 D:8 D:9)
  4 lurking horrors (Abyss:2)
  77 starspawn tentacles (Abyss:1 Abyss:2 Abyss:3)
  21 tentacles (Shoals:1 Shoals:4 Abyss:2 Tar:7)
2620 creatures vanquished.

Grand Total: 9625 creatures vanquished

Table legend: (Time is in decaauts)
 A = Elapsed time spent in this place.
 B = Non-inter-level travel time spent in this place.
 C = Inter-level travel time spent in this place.
 D = Time resting spent in this place.
 E = Time spent auto-exploring this place.
 F = Levels seen in this place.
 G = Mean time per level.
                   A        B        C        D        E       F      G
               +--------+--------+--------+--------+--------+-----+--------+
         Total | 142962 | 118057 |  24905 |  14628 |  45192 | 155 |  922.3 |
       Dungeon |  25255 |  16745 |   8510 |   3180 |   9598 |  15 | 1683.7 |
        Temple |      1 |      0 |      1 |      0 |      0 |   1 |    1.0 |
          Lair |   7283 |   4735 |   2548 |    269 |   3347 |   5 | 1456.6 |
        Shoals |   4033 |   3637 |    396 |    235 |   2132 |   4 | 1008.2 |
     Snake Pit |   4828 |   4237 |    591 |    256 |   2894 |   4 | 1207.0 |
    Slime Pits |   3806 |   3232 |    574 |    139 |    818 |   5 |  761.2 |
  Orcish Mines |   2128 |   1340 |    788 |     67 |    804 |   2 | 1064.0 |
   Elven Halls |   4636 |   3547 |   1089 |    243 |   1921 |   3 | 1545.3 |
        Vaults |  10741 |   7844 |   2897 |   1367 |   4129 |   5 | 2148.2 |
         Crypt |   4358 |   3263 |   1095 |    630 |   1002 |   3 | 1452.7 |
          Tomb |   3920 |   2638 |   1282 |    156 |    742 |   3 | 1306.7 |
        Depths |   8851 |   6149 |   2702 |   1462 |   2700 |   4 | 2212.8 |
          Hell |    729 |    604 |    125 |      0 |    360 |   1 |  729.0 |
           Dis |   3404 |   3082 |    322 |    880 |    488 |   6 |  567.3 |
       Gehenna |   3925 |   3540 |    385 |    572 |   1029 |   7 |  560.7 |
       Cocytus |   2214 |   2126 |     88 |    111 |    599 |   7 |  316.3 |
      Tartarus |   4231 |   3789 |    442 |    434 |    546 |   7 |  604.4 |
           Zot |   8252 |   7187 |   1065 |   1693 |   2723 |   5 | 1650.4 |
         Abyss |  10823 |  10823 |      0 |     38 |   2620 |  16 |  676.4 |
   Pandemonium |  23274 |  23274 |      0 |   2368 |   4607 |  19 | 1224.9 |
      Ziggurat |   3958 |   3958 |      0 |    223 |   1496 |  27 |  146.6 |
        Bazaar |    173 |    173 |      0 |      0 |    171 |   1 |  173.0 |
       Ossuary |    472 |    472 |      0 |    140 |    175 |   1 |  472.0 |
      Ice Cave |    152 |    152 |      0 |      0 |      0 |   1 |  152.0 |
       Volcano |    454 |    454 |      0 |     21 |    103 |   1 |  454.0 |
        Wizlab |    518 |    518 |      0 |     15 |     32 |   1 |  518.0 |
      Gauntlet |    531 |    531 |      0 |    127 |    156 |   1 |  531.0 |
               +--------+--------+--------+--------+--------+-----+--------+

Top non-repeatable levels by time:
 Abyss:2: 7330 daAuts
    D:10: 4892 daAuts
  Tomb:1: 2854 daAuts
   Dis:7: 2800 daAuts
    D:11: 2667 daAuts
   Tar:7: 2633 daAuts
 Abyss:1: 2543 daAuts
Vaults:2: 2520 daAuts
Depths:3: 2485 daAuts
Vaults:1: 2431 daAuts
    D:12: 2256 daAuts
   Zot:5: 2210 daAuts
 Crypt:3: 2178 daAuts
Depths:2: 2157 daAuts
     D:8: 2118 daAuts

Table legend:
 A = Non-vault XP
 B = Vault XP
 C = Vault XP percentage of total XP
 D = Non-vault monster count
 E = Vault monster count
 F = Vault count percentage of total count
                 A         B        C        D         E       F
            +---------+---------+-------+---------+---------+-------
      Total | 3298590 | 1854144 |  36.0 |    4848 |    2049 |  29.7
            +---------+---------+-------+---------+---------+-------
        D:1 |      28 |       5 |  15.2 |      19 |       3 |  13.6
        D:2 |      41 |      38 |  48.1 |      15 |      13 |  46.4
        D:3 |      85 |      43 |  33.6 |      19 |       3 |  13.6
        D:4 |     107 |       0 |   0.0 |      12 |       0 |   0.0
        D:5 |    1322 |     366 |  21.7 |      13 |       9 |  40.9
        D:6 |     951 |       0 |   0.0 |      21 |       0 |   0.0
        D:7 |     792 |    3852 |  82.9 |      20 |      16 |  44.4
        D:8 |    1669 |       0 |   0.0 |      26 |       0 |   0.0
        D:9 |    2024 |       0 |   0.0 |      27 |       0 |   0.0
       D:10 |    1549 |     379 |  19.7 |      15 |       1 |   6.2
       D:11 |    3273 |   15868 |  82.9 |      14 |      43 |  75.4
       D:12 |    5600 |   15540 |  73.5 |      22 |      71 |  76.3
       D:13 |    7147 |    3915 |  35.4 |      13 |       7 |  35.0
       D:14 |   16017 |    2257 |  12.4 |      38 |       2 |   5.0
       D:15 |   15651 |    7809 |  33.3 |      26 |       9 |  25.7
     Lair:1 |    3136 |    1679 |  34.9 |      16 |       7 |  30.4
     Lair:2 |    8238 |   12414 |  60.1 |      41 |      37 |  47.4
     Lair:3 |    4327 |    1959 |  31.2 |      15 |       7 |  31.8
     Lair:4 |    3725 |     411 |   9.9 |      11 |       1 |   8.3
     Lair:5 |    7541 |   10948 |  59.2 |      25 |      38 |  60.3
   Shoals:1 |   17351 |    3989 |  18.7 |      31 |       7 |  18.4
   Shoals:2 |    8863 |    8565 |  49.1 |      18 |       7 |  28.0
   Shoals:3 |   18576 |       0 |   0.0 |      40 |       0 |   0.0
   Shoals:4 |   14156 |   23553 |  62.5 |      29 |      39 |  57.4
    Snake:1 |   22372 |    6291 |  21.9 |      41 |      12 |  22.6
    Snake:2 |   16514 |   13790 |  45.5 |      29 |      23 |  44.2
    Snake:3 |   22852 |    4924 |  17.7 |      44 |       8 |  15.4
    Snake:4 |   37155 |   22568 |  37.8 |      83 |      32 |  27.8
    Slime:1 |   22012 |       0 |   0.0 |      49 |       0 |   0.0
    Slime:2 |   13558 |       0 |   0.0 |      23 |       0 |   0.0
    Slime:3 |   10498 |       0 |   0.0 |      19 |       0 |   0.0
    Slime:4 |   13658 |       0 |   0.0 |      27 |       0 |   0.0
    Slime:5 |   18188 |   32422 |  64.1 |      38 |      25 |  39.7
      Orc:1 |    1704 |    1791 |  51.2 |      33 |       2 |   5.7
      Orc:2 |    4227 |    8770 |  67.5 |      44 |      55 |  55.6
      Elf:1 |   18787 |   13202 |  41.3 |      32 |      20 |  38.5
      Elf:2 |   26610 |   23389 |  46.8 |      42 |      30 |  41.7
      Elf:3 |   22017 |   38691 |  63.7 |      34 |      35 |  50.7
   Vaults:1 |   30350 |    7574 |  20.0 |      48 |      10 |  17.2
   Vaults:2 |   23392 |   11232 |  32.4 |      27 |      16 |  37.2
   Vaults:3 |   48930 |   30150 |  38.1 |      71 |      39 |  35.5
   Vaults:4 |   31181 |   26734 |  46.2 |      44 |      27 |  38.0
   Vaults:5 |   18726 |  103717 |  84.7 |      27 |      90 |  76.9
    Crypt:1 |   22643 |    5103 |  18.4 |      42 |       2 |   4.5
    Crypt:2 |   17539 |   10276 |  36.9 |      31 |      16 |  34.0
    Crypt:3 |       0 |   67755 | 100.0 |       0 |     127 | 100.0
     Tomb:1 |   12708 |   92619 |  87.9 |      29 |      48 |  62.3
     Tomb:2 |   16173 |   45677 |  73.9 |      33 |      68 |  67.3
     Tomb:3 |    9486 |   54581 |  85.2 |      24 |      59 |  71.1
   Depths:1 |   28734 |   16740 |  36.8 |      32 |      20 |  38.5
   Depths:2 |   37099 |    8574 |  18.8 |      49 |      11 |  18.3
   Depths:3 |   25096 |   15574 |  38.3 |      32 |      11 |  25.6
   Depths:4 |   46966 |   21156 |  31.1 |      52 |      17 |  24.6
       Hell |   15240 |   28969 |  65.5 |      18 |      33 |  64.7
      Dis:1 |   17777 |       0 |   0.0 |      10 |       0 |   0.0
      Dis:2 |   19661 |       0 |   0.0 |      14 |       0 |   0.0
      Dis:3 |    9715 |       0 |   0.0 |       8 |       0 |   0.0
      Dis:6 |   15548 |    7828 |  33.5 |       9 |       4 |  30.8
      Dis:7 |   14880 |  121131 |  89.1 |      12 |      71 |  85.5
      Geh:1 |   19502 |       0 |   0.0 |      20 |       0 |   0.0
      Geh:2 |   13136 |       0 |   0.0 |      12 |       0 |   0.0
      Geh:3 |   12218 |       0 |   0.0 |      11 |       0 |   0.0
      Geh:4 |   11655 |       0 |   0.0 |      12 |       0 |   0.0
      Geh:5 |    7555 |    3136 |  29.3 |       8 |       4 |  33.3
      Geh:6 |   12175 |   23952 |  66.3 |       9 |      16 |  64.0
      Geh:7 |   13303 |   50434 |  79.1 |       9 |      43 |  82.7
      Coc:1 |    4784 |       0 |   0.0 |      11 |       0 |   0.0
      Coc:2 |   12062 |       0 |   0.0 |      16 |       0 |   0.0
      Coc:3 |   14607 |       0 |   0.0 |      18 |       0 |   0.0
      Coc:4 |   25252 |    4644 |  15.5 |      32 |       4 |  11.1
      Coc:5 |   45873 |       0 |   0.0 |      37 |       0 |   0.0
      Coc:6 |   42922 |       0 |   0.0 |      39 |       0 |   0.0
      Coc:7 |   35071 |   74465 |  68.0 |      34 |      47 |  58.0
      Tar:1 |   17341 |       0 |   0.0 |      17 |       0 |   0.0
      Tar:2 |   10137 |       0 |   0.0 |       8 |       0 |   0.0
      Tar:3 |   10115 |       0 |   0.0 |       9 |       0 |   0.0
      Tar:4 |   15347 |       0 |   0.0 |      10 |       0 |   0.0
      Tar:5 |    5925 |       0 |   0.0 |       4 |       0 |   0.0
      Tar:6 |   23396 |    8256 |  26.1 |      17 |      10 |  37.0
      Tar:7 |   28723 |  115730 |  80.1 |      16 |      73 |  82.0
      Zot:1 |   45711 |   10100 |  18.1 |      43 |       8 |  15.7
      Zot:2 |   15115 |   33130 |  68.7 |      11 |      25 |  69.4
      Zot:3 |   29052 |    6091 |  17.3 |      25 |       3 |  10.7
      Zot:4 |   18966 |   17771 |  48.4 |      20 |      12 |  37.5
      Zot:5 |   29061 |  106008 |  78.5 |      26 |      42 |  61.8
    Abyss:1 |   83731 |   13603 |  14.0 |     182 |      17 |   8.5
    Abyss:2 |  386496 |    9289 |   2.3 |     763 |      14 |   1.8
    Abyss:3 |   60347 |   14540 |  19.4 |     121 |      20 |  14.2
        Pan |  599195 |  364838 |  37.8 |     768 |     369 |  32.5
      Zig:1 |    1280 |       0 |   0.0 |       1 |       0 |   0.0
      Zig:2 |    2481 |       0 |   0.0 |       2 |       0 |   0.0
      Zig:3 |    3313 |       0 |   0.0 |       3 |       0 |   0.0
      Zig:4 |    6145 |       0 |   0.0 |       4 |       0 |   0.0
      Zig:5 |    5640 |       0 |   0.0 |       5 |       0 |   0.0
      Zig:6 |    9406 |       0 |   0.0 |       6 |       0 |   0.0
      Zig:7 |    7978 |       0 |   0.0 |       7 |       0 |   0.0
      Zig:8 |    9244 |       0 |   0.0 |      13 |       0 |   0.0
      Zig:9 |   11444 |    7691 |  40.2 |      10 |       4 |  28.6
     Zig:10 |   19237 |       0 |   0.0 |      11 |       0 |   0.0
     Zig:11 |   15077 |       0 |   0.0 |      31 |       0 |   0.0
     Zig:12 |   22433 |       0 |   0.0 |      16 |       0 |   0.0
     Zig:13 |   21075 |       0 |   0.0 |      25 |       0 |   0.0
     Zig:14 |   19665 |       0 |   0.0 |      30 |       0 |   0.0
     Zig:15 |   33432 |       0 |   0.0 |      23 |       0 |   0.0
     Zig:16 |   25791 |     131 |   0.5 |      37 |       4 |   9.8
     Zig:17 |   28070 |       0 |   0.0 |      30 |       0 |   0.0
     Zig:18 |   37117 |       0 |   0.0 |      46 |       0 |   0.0
     Zig:19 |   50592 |       0 |   0.0 |      61 |       0 |   0.0
     Zig:20 |   38046 |       0 |   0.0 |      34 |       0 |   0.0
     Zig:21 |   44552 |       0 |   0.0 |      55 |       0 |   0.0
     Zig:22 |   63619 |       0 |   0.0 |      45 |       0 |   0.0
     Zig:23 |   56102 |       0 |   0.0 |      63 |       0 |   0.0
     Zig:24 |   72879 |       0 |   0.0 |      71 |       0 |   0.0
     Zig:25 |   60968 |       0 |   0.0 |      81 |       0 |   0.0
     Zig:26 |   63854 |       0 |   0.0 |      85 |       0 |   0.0
     Zig:27 |   66212 |       0 |   0.0 |      69 |       0 |   0.0
    Ossuary |       0 |     156 | 100.0 |       0 |      16 | 100.0
      IceCv |       0 |    9331 | 100.0 |       0 |      24 | 100.0
    Volcano |       0 |    4273 | 100.0 |       0 |      13 | 100.0
     WizLab |       0 |   16903 | 100.0 |       0 |      32 | 100.0
   Gauntlet |       0 |    4854 | 100.0 |       0 |      18 | 100.0
            +---------+---------+-------+---------+---------+-------
